Workbook
Name brokerfilter: Dashboard!$J$7
Name brokerheaderlist: Calc!$Z$4:$Z$9
Name brokerlist: OFFSET(Calc!$E$5,0,0,Calc!$E$2,1)
Name brokerlistdashboard: OFFSET(Calc!$E$4,0,0,Calc!$E$2+1,1)
Name comissionchartlabel: OFFSET(Calc!$EO$50,0,0,Calc!$EP$48,1)
Name comissionchartsource: OFFSET(Calc!$EP$50,0,0,Calc!$EP$48,1)
Name currency: Menu!$J$21
Name expensecategorylist: OFFSET(Calc!$H$5,0,0,Calc!$H$2,1)
Name headerwarning: BrokerTargetTracking!$P$6
Name monthfilter: Dashboard!$G$7
Name monthlist: Calc!$V$5:$V$16
Name monthlistdashboard: Calc!$V$4:$V$16
Name propertyidnamelist: OFFSET(Calc!$CA$4,0,0,Calc!$CA$2,1)
Name propertytypelist: OFFSET(Calc!$K$5,0,0,Calc!$K$2,1)
Name ratelist: Calc!$X$4:$X$103
Name saleschartlabel: OFFSET(Calc!$EO$27,0,0,Calc!$EP$25,1)
Name saleschartsource: OFFSET(Calc!$EP$27,0,0,Calc!$EP$25,1)
Name servicetypelist: OFFSET(Calc!$Q$5,0,0,Calc!$Q$2,1)
Name statuschartlabel: OFFSET(Calc!$EK$15,0,0,Calc!$EL$13,1)
Name statuschartsource: OFFSET(Calc!$EL$15,0,0,Calc!$EL$13,1)
Name statuslist: OFFSET(Calc!$N$5,0,0,Calc!$N$2,1)
Name yearfilter: Dashboard!$D$7
Name yearlist: Calc!$S$5:$S$15
Name yearlistdashboard: Calc!$S$4:$S$15

Sheet Menu
C2: REAL ESTATE AGENCY TEMPLATE
C3: MENU
C8: BROKER NAME | D8: CONTACT INFO | F8: EXPENSE CATEGORY | H8: PROPERTY TYPE | J8: STATUS
C9: Caleb Mullins | D9: 1-824-434-6871 | F9: Advertising | H9: Tiny Home | J9: Paid
C10: Laura Hartman | D10: 1-771-531-6786 | F10: Cleaning & Maintenance | H10: Flat | J10: Property Inspection
C11: Dustin Santana | D11: (803) 712-9679 | F11: Commissions | H11: Townhome | J11: Financing
C12: Aidan Yates | D12: (463) 249-6131 | F12: Insurance | H12: Office | J12: Agreement
C13: Deanna Holcomb | D13: (686) 470-4277 | F13: Management Fees | H13: Apartment | J13: Cancelled
C14: Gage Boyd | D14: (676) 613-1898 | F14: Repairs
C15: Nash Goodwin | D15: 1-691-744-0296 | F15: Supplies
C16: Hayley Leblanc | D16: (183) 563-1344 | F16: Taxes
C17: Barbara Nash | D17: 1-534-246-2842 | F17: Utilities
C18: Leroy Gates | D18: 1-592-654-1367 | F18: Bills
C19: Ray Hampton | D19: 1-956-113-0518
C20: Benjamin White | D20: 1-321-262-7833 | H20: SERVICE TYPE | J20: Currency
H21: Sale | J21: USD
H22: Rent

Sheet BrokerTargetTracking
B2: REAL ESTATE AGENCY TEMPLATE
B3: BROKER TARGET TRACKING
B6: TOTAL SALES TARGET (USD) | P6: =IFERROR(IF(ISNUMBER(MATCH($B$6,brokerheaderlist,0)),"","!"),"")
B7: BROKER | C7: YEAR | D7: JANUARY | E7: FEBRUARY | F7: MARCH | G7: APRIL | H7: MAY | I7: JUNE | J7: JULY | K7: AUGUST | L7: SEPTEMBER | M7: OCTOBER | N7: NOVEMBER | O7: DECEMBER
B8: Caleb Mullins | C8: 2022 | D8: 150000 | E8: 150000 | F8: 150000 | G8: 150000 | H8: 150000 | I8: 150000 | J8: 175000 | K8: 175000 | L8: 175000 | M8: 175000 | N8: 175000 | O8: 175000
B9: Laura Hartman | C9: 2022 | D9: 150000 | E9: 150000 | F9: 150000 | G9: 150000 | H9: 150000 | I9: 150000 | J9: 175000 | K9: 175000 | L9: 175000 | M9: 175000 | N9: 175000 | O9: 175000
B10: Dustin Santana | C10: 2022 | D10: 150000 | E10: 150000 | F10: 150000 | G10: 150000 | H10: 150000 | I10: 150000 | J10: 175000 | K10: 175000 | L10: 175000 | M10: 175000 | N10: 175000 | O10: 175000
B11: Aidan Yates | C11: 2022 | D11: 200000 | E11: 200000 | F11: 200000 | G11: 200000 | H11: 200000 | I11: 200000 | J11: 250000 | K11: 250000 | L11: 250000 | M11: 250000 | N11: 250000 | O11: 250000
B12: Deanna Holcomb | C12: 2022 | D12: 200000 | E12: 200000 | F12: 200000 | G12: 200000 | H12: 200000 | I12: 200000 | J12: 250000 | K12: 250000 | L12: 250000 | M12: 250000 | N12: 250000 | O12: 250000
B13: Gage Boyd | C13: 2022 | D13: 200000 | E13: 200000 | F13: 200000 | G13: 200000 | H13: 200000 | I13: 200000 | J13: 250000 | K13: 250000 | L13: 250000 | M13: 250000 | N13: 250000 | O13: 250000
B409: =Calc!$AA$12 -> TOTAL SALES ACTUAL (USD)
B410: BROKER | C410: YEAR | D410: JANUARY | E410: FEBRUARY | F410: MARCH | G410: APRIL | H410: MAY | I410: JUNE | J410: JULY | K410: AUGUST | L410: SEPTEMBER | M410: OCTOBER | N410: NOVEMBER | O410: DECEMBER
B411: =IFERROR(INDEX(Calc!$AV$4:$AV$403,Calc!$AC4,1),"") -> Caleb Mullins | C411: =IFERROR(INDEX(Calc!$AW$4:$AW$403,Calc!$AC4,1),"") -> 2022 | D411: 180000 | E411: 170000 | F411: 95000 | G411: 150000 | H411: 140000 | I411: 180000 | J411: 185000 | K411: 150000 | L411: 170000 | M411: 130000 | N411: 145000 | O411: 145000
B412: =IFERROR(INDEX(Calc!$AV$4:$AV$403,Calc!$AC5,1),"") -> Laura Hartman | C412: =IFERROR(INDEX(Calc!$AW$4:$AW$403,Calc!$AC5,1),"") -> 2022 | D412: 135000 | E412: 145000 | F412: 175000 | G412: 140000 | H412: 200000 | I412: 185000 | J412: 145000 | K412: 110000 | L412: 95000 | M412: 195000 | N412: 170000 | O412: 95000
B413: =IFERROR(INDEX(Calc!$AV$4:$AV$403,Calc!$AC6,1),"") -> Dustin Santana | C413: =IFERROR(INDEX(Calc!$AW$4:$AW$403,Calc!$AC6,1),"") -> 2022 | D413: 135000 | E413: 185000 | F413: 150000 | G413: 120000 | H413: 125000 | I413: 135000 | J413: 180000 | K413: 95000 | L413: 145000 | M413: 160000 | N413: 120000 | O413: 15000
B414: =IFERROR(INDEX(Calc!$AV$4:$AV$403,Calc!$AC7,1),"") -> Aidan Yates | C414: =IFERROR(INDEX(Calc!$AW$4:$AW$403,Calc!$AC7,1),"") -> 2022 | D414: 115000 | E414: 125000 | F414: 95000 | G414: 160000 | H414: 95000 | I414: 190000 | J414: 125000 | K414: 185000 | L414: 185000 | M414: 100000 | N414: 130000 | O414: 95000
B415: =IFERROR(INDEX(Calc!$AV$4:$AV$403,Calc!$AC8,1),"") -> Deanna Holcomb | C415: =IFERROR(INDEX(Calc!$AW$4:$AW$403,Calc!$AC8,1),"") -> 2022 | D415: 150000 | E415: 170000 | F415: 190000 | G415: 140000 | H415: 135000 | I415: 125000 | J415: 140000 | K415: 120000 | L415: 95000 | M415: 100000 | N415: 95000 | O415: 195000
B416: =IFERROR(INDEX(Calc!$AV$4:$AV$403,Calc!$AC9,1),"") -> Gage Boyd | C416: =IFERROR(INDEX(Calc!$AW$4:$AW$403,Calc!$AC9,1),"") -> 2022 | D416: 135000 | E416: 160000 | F416: 100000 | G416: 100000 | H416: 185000 | I416: 170000 | J416: 95000 | K416: 160000 | L416: 120000 | M416: 130000 | N416: 190000 | O416: 170000
B417: =IFERROR(INDEX(Calc!$AV$4:$AV$403,Calc!$AC10,1),"") | C417: =IFERROR(INDEX(Calc!$AW$4:$AW$403,Calc!$AC10,1),"")
B418: =IFERROR(INDEX(Calc!$AV$4:$AV$403,Calc!$AC11,1),"") | C418: =IFERROR(INDEX(Calc!$AW$4:$AW$403,Calc!$AC11,1),"")
B419: =IFERROR(INDEX(Calc!$AV$4:$AV$403,Calc!$AC12,1),"") | C419: =IFERROR(INDEX(Calc!$AW$4:$AW$403,Calc!$AC12,1),"")
B420: =IFERROR(INDEX(Calc!$AV$4:$AV$403,Calc!$AC13,1),"") | C420: =IFERROR(INDEX(Calc!$AW$4:$AW$403,Calc!$AC13,1),"")

Sheet PropertyDatabase
B2: REAL ESTATE AGENCY TEMPLATE
B3: PROPERTY DATABASE
B5: PROPERTY ID | C5: PROPERTY NAME | D5: OWNER NAME | E5: OWNER CONTACT INFO | F5: PROPERTY TYPE | G5: PROPERTY ADDRESS (Optional) | H5: =IF(LEN(currency)=0,"RENT PRICE","RENT PRICE "&"("&currency&")") -> RENT PRICE (USD) | I5: =IF(LEN(currency)=0,"SELLING PRICE","SELLING PRICE "&"("&currency&")") -> SELLING PRICE (USD)
B6: 101 | C6: Property 1 | D6: Jemima Begum | E6: jemima@mail.com | F6: Tiny Home | G6: 8724 Smith Drive Buffalo 14221 | H6: 500 | I6: 125000
B7: 102 | C7: Property 2 | D7: Mercedes Banks | E7: mercedes@mail.com | F7: Flat | G7: 320 Wentworth Lane Hempstead 11550 | H7: 1500 | I7: 375000
B8: 103 | C8: Property 3 | D8: Macauley Peck | E8: macauley@mail.com | F8: Townhome | G8: 369 Cambridge St. Ridgewood 1138 | H8: 1250 | I8: 500000
B9: 104 | C9: Property 4 | D9: Hannah Shaw | E9: hannah@mail.com | F9: Flat | G9: 975 Edgewood St. Brooklyn 11214 | H9: 750 | I9: 450000
B10: 105 | C10: Property 5 | D10: Carmel Beltran | E10: carmel@mail.com | F10: Townhome | G10: 74 Trusel Rd. Troy 12180
B11: 106 | C11: Property 6 | D11: Sarah-Jayne Morrison | E11: sarah-jayne@mail.com | F11: Flat | G11: 56 La Sierra Dr. Bronx10467
B12: 107 | C12: Property 7 | D12: Alyce Milner | E12: alyce@mail.com | F12: Townhome | G12: 75 Windsor Dr. Brooklyn 11219
B13: 108 | C13: Property 8 | D13: Aviana Kenny | E13: 202-555-8915 | F13: Office | G13: 151 Euclid Dr. Bronx 10472
B14: 109 | C14: Property 9 | D14: Harris Montes | E14: 202-555-3086 | F14: Townhome | G14: 60 rue Nationale 75003
B15: 110 | C15: Property 10 | D15: Doris Power | E15: 202-555-3023 | F15: Flat | G15: 216 Pine Street Auburn 13021
B16: 111 | C16: Property 11 | D16: Isobelle Hurley | E16: 202-555-4252 | F16: Townhome | G16: 147 Silver Spear Ave. Suite 454 10034
B17: 112 | C17: Property 12 | D17: Donell Merrill | E17: 202-555-3642 | F17: Office | G17: 79 Shadow Brook Drive Brooklyn 11228
B18: 113 | C18: Property 13 | D18: Jane Best | E18: 202-555-5342 | F18: Townhome | G18: 1 South Devonshire Ave. Forest Hills 11375
B19: 114 | C19: Property 14 | D19: Kristofer Dyer | E19: 202-555-6367 | F19: Office | G19: 7823 Wild Rose Court Poughkeepsie 12601
B20: 115 | C20: Property 15 | D20: Dominykas Xiong | E20: 202-555-7532 | F20: Townhome | G20: 8205 Sherman St. Brooklyn 11223

Sheet TaskDatabase
C2: REAL ESTATE AGENCY TEMPLATE
C3: TASK DATABASE
B5: TASK ID | C5: BROKER | D5: STARTING DATE | E5: PROPERTY ID - NAME | F5: PROPERTY TYPE | G5: PROPERTY ADDRESS | H5: =IF(LEN(currency)=0,"RENT PRICE","RENT PRICE "&"("&currency&")") -> RENT PRICE (USD) | I5: =IF(LEN(currency)=0,"SELLING PRICE","SELLING PRICE "&"("&currency&")") -> SELLING PRICE (USD) | J5: OWNER NAME | K5: OWNER CONTACT INFO | L5: CUSTOMER NAME | M5: CUSTOMER CONTACT INFO | N5: SERVICE TYPE | O5: =IF(LEN(currency)=0,"TOTAL PRICE","TOTAL PRICE "&"("&currency&")") -> TOTAL PRICE (USD) | P5: COMMISSON RATE (%) | Q5: =IF(LEN(currency)=0,"TOTAL COMMISSION","TOTAL COMMISSION "&"("&currency&")") -> TOTAL COMMISSION (USD) | R5: BROKERAGE COMMISSION RATE (%) | S5: =IF(LEN(currency)=0,"BROKERAGE COMMISSION","BROKERAGE COMMISSION "&"("&currency&")") -> BROKERAGE COMMISSION (USD) | T5: =IF(LEN(currency)=0,"COMMISSION ADJUSTMENT","COMMISSION ADJUSTMENT "&"("&currency&")") -> COMMISSION ADJUSTMENT (USD) | U5: =IF(LEN(currency)=0,"NET COMMISSION","NET COMMISSION "&"("&currency&")") -> NET COMMISSION (USD) | V5: =IF(LEN(currency)=0,"COMMISSION (Manual)","COMMISSION (Manual) "&"("&currency&")") -> COMMISSION (Manual) (USD) | W5: TASK STATUS | X5: CURRENT STAGE DATE
B6: 1001 | C6: Caleb Mullins | D6: 44927 | E6: 101 - Property 1 | F6: =IFERROR(IF(LEN($E6)=0,"",INDEX(Calc!$BS$4:$BS$1003,MATCH($E6,Calc!$BX$4:$BX$1003,0),1)),"-") -> Tiny Home | G6: =IFERROR(IF(LEN($E6)=0,"",INDEX(Calc!$BT$4:$BT$1003,MATCH($E6,Calc!$BX$4:$BX$1003,0),1)),"-") -> 8724 Smith Drive Buffalo 14221 | H6: =IFERROR(IF(LEN($E6)=0,"",INDEX(Calc!$BU$4:$BU$1003,MATCH($E6,Calc!$BX$4:$BX$1003,0),1)),"-") -> 500 | I6: =IFERROR(IF(LEN($E6)=0,"",INDEX(Calc!$BV$4:$BV$1003,MATCH($E6,Calc!$BX$4:$BX$1003,0),1)),"-") -> 125000 | J6: =IFERROR(IF(LEN($E6)=0,"",INDEX(Calc!$BQ$4:$BQ$1003,MATCH($E6,Calc!$BX$4:$BX$1003,0),1)),"-") -> Jemima Begum | K6: =IFERROR(IF(LEN($E6)=0,"",INDEX(Calc!$BR$4:$BR$1003,MATCH($E6,Calc!$BX$4:$BX$1003,0),1)),"-") -> jemima@mail.com | L6: Stephen Ruvituso | M6: 347-840-4245 | N6: Sale | O6: 175000 | P6: 0.05 | Q6: =IFERROR(IF(LEN($E6)=0,"",$O6*$P6),"") -> 8750 | R6: 0.1 | S6: =IFERROR(IF(LEN($E6)=0,"",$Q6*$R6),"") -> 875 | T6: 250 | U6: =IFERROR(IF(LEN($E6)=0,"",$Q6-$S6-$T6),"") -> 7625 | V6: 7250 | W6: Property Inspection | X6: 44941
B7: 1002 | C7: Laura Hartman | D7: 44941 | E7: 103 - Property 3 | F7: =IFERROR(IF(LEN($E7)=0,"",INDEX(Calc!$BS$4:$BS$1003,MATCH($E7,Calc!$BX$4:$BX$1003,0),1)),"-") -> Townhome | G7: =IFERROR(IF(LEN($E7)=0,"",INDEX(Calc!$BT$4:$BT$1003,MATCH($E7,Calc!$BX$4:$BX$1003,0),1)),"-") -> 369 Cambridge St. Ridgewood 1138 | H7: =IFERROR(IF(LEN($E7)=0,"",INDEX(Calc!$BU$4:$BU$1003,MATCH($E7,Calc!$BX$4:$BX$1003,0),1)),"-") -> 1250 | I7: =IFERROR(IF(LEN($E7)=0,"",INDEX(Calc!$BV$4:$BV$1003,MATCH($E7,Calc!$BX$4:$BX$1003,0),1)),"-") -> 500000 | J7: =IFERROR(IF(LEN($E7)=0,"",INDEX(Calc!$BQ$4:$BQ$1003,MATCH($E7,Calc!$BX$4:$BX$1003,0),1)),"-") -> Macauley Peck | K7: =IFERROR(IF(LEN($E7)=0,"",INDEX(Calc!$BR$4:$BR$1003,MATCH($E7,Calc!$BX$4:$BX$1003,0),1)),"-") -> macauley@mail.com | L7: Rich Abrams | M7: 646-427-2065 | N7: Sale | O7: 155000 | P7: 0.03 | Q7: =IFERROR(IF(LEN($E7)=0,"",$O7*$P7),"") -> 4650 | R7: 0.15 | S7: =IFERROR(IF(LEN($E7)=0,"",$Q7*$R7),"") -> 697.5 | U7: =IFERROR(IF(LEN($E7)=0,"",$Q7-$S7-$T7),"") -> 3952.5 | W7: Financing | X7: 44950
B8: 1003 | C8: Dustin Santana | D8: 44982 | E8: 107 - Property 7 | F8: =IFERROR(IF(LEN($E8)=0,"",INDEX(Calc!$BS$4:$BS$1003,MATCH($E8,Calc!$BX$4:$BX$1003,0),1)),"-") -> Townhome | G8: =IFERROR(IF(LEN($E8)=0,"",INDEX(Calc!$BT$4:$BT$1003,MATCH($E8,Calc!$BX$4:$BX$1003,0),1)),"-") -> 75 Windsor Dr. Brooklyn 11219 | H8: =IFERROR(IF(LEN($E8)=0,"",INDEX(Calc!$BU$4:$BU$1003,MATCH($E8,Calc!$BX$4:$BX$1003,0),1)),"-") -> - | I8: =IFERROR(IF(LEN($E8)=0,"",INDEX(Calc!$BV$4:$BV$1003,MATCH($E8,Calc!$BX$4:$BX$1003,0),1)),"-") -> - | J8: =IFERROR(IF(LEN($E8)=0,"",INDEX(Calc!$BQ$4:$BQ$1003,MATCH($E8,Calc!$BX$4:$BX$1003,0),1)),"-") -> Alyce Milner | K8: =IFERROR(IF(LEN($E8)=0,"",INDEX(Calc!$BR$4:$BR$1003,MATCH($E8,Calc!$BX$4:$BX$1003,0),1)),"-") -> alyce@mail.com | L8: Corby May | M8: 212-486-7090 | N8: Rent | O8: 1500 | P8: 1 | Q8: =IFERROR(IF(LEN($E8)=0,"",$O8*$P8),"") -> 1500 | R8: 0.12 | S8: =IFERROR(IF(LEN($E8)=0,"",$Q8*$R8),"") -> 180 | U8: =IFERROR(IF(LEN($E8)=0,"",$Q8-$S8-$T8),"") -> 1320 | W8: Agreement | X8: 45000
B9: 1004 | C9: Aidan Yates | D9: 44997 | E9: 105 - Property 5 | F9: =IFERROR(IF(LEN($E9)=0,"",INDEX(Calc!$BS$4:$BS$1003,MATCH($E9,Calc!$BX$4:$BX$1003,0),1)),"-") -> Townhome | G9: =IFERROR(IF(LEN($E9)=0,"",INDEX(Calc!$BT$4:$BT$1003,MATCH($E9,Calc!$BX$4:$BX$1003,0),1)),"-") -> 74 Trusel Rd. Troy 12180 | H9: =IFERROR(IF(LEN($E9)=0,"",INDEX(Calc!$BU$4:$BU$1003,MATCH($E9,Calc!$BX$4:$BX$1003,0),1)),"-") -> - | I9: =IFERROR(IF(LEN($E9)=0,"",INDEX(Calc!$BV$4:$BV$1003,MATCH($E9,Calc!$BX$4:$BX$1003,0),1)),"-") -> - | J9: =IFERROR(IF(LEN($E9)=0,"",INDEX(Calc!$BQ$4:$BQ$1003,MATCH($E9,Calc!$BX$4:$BX$1003,0),1)),"-") -> Carmel Beltran | K9: =IFERROR(IF(LEN($E9)=0,"",INDEX(Calc!$BR$4:$BR$1003,MATCH($E9,Calc!$BX$4:$BX$1003,0),1)),"-") -> carmel@mail.com | L9: Nicole Andres | M9: 646-233-6736 | N9: Rent | O9: 2000 | P9: 1 | Q9: =IFERROR(IF(LEN($E9)=0,"",$O9*$P9),"") -> 2000 | R9: 0.15 | S9: =IFERROR(IF(LEN($E9)=0,"",$Q9*$R9),"") -> 300 | T9: 500 | U9: =IFERROR(IF(LEN($E9)=0,"",$Q9-$S9-$T9),"") -> 1200 | W9: Cancelled | X9: 45012
B10: 1005 | C10: Deanna Holcomb | D10: 45030 | E10: 110 - Property 10 | F10: =IFERROR(IF(LEN($E10)=0,"",INDEX(Calc!$BS$4:$BS$1003,MATCH($E10,Calc!$BX$4:$BX$1003,0),1)),"-") -> Flat | G10: =IFERROR(IF(LEN($E10)=0,"",INDEX(Calc!$BT$4:$BT$1003,MATCH($E10,Calc!$BX$4:$BX$1003,0),1)),"-") -> 216 Pine Street Auburn 13021 | H10: =IFERROR(IF(LEN($E10)=0,"",INDEX(Calc!$BU$4:$BU$1003,MATCH($E10,Calc!$BX$4:$BX$1003,0),1)),"-") -> - | I10: =IFERROR(IF(LEN($E10)=0,"",INDEX(Calc!$BV$4:$BV$1003,MATCH($E10,Calc!$BX$4:$BX$1003,0),1)),"-") -> - | J10: =IFERROR(IF(LEN($E10)=0,"",INDEX(Calc!$BQ$4:$BQ$1003,MATCH($E10,Calc!$BX$4:$BX$1003,0),1)),"-") -> Doris Power | K10: =IFERROR(IF(LEN($E10)=0,"",INDEX(Calc!$BR$4:$BR$1003,MATCH($E10,Calc!$BX$4:$BX$1003,0),1)),"-") -> 202-555-3023 | L10: Leonard Boccia | M10: 917-668-2222 | N10: Rent | O10: 1750 | P10: 1 | Q10: =IFERROR(IF(LEN($E10)=0,"",$O10*$P10),"") -> 1750 | R10: 0.1 | S10: =IFERROR(IF(LEN($E10)=0,"",$Q10*$R10),"") -> 175 | U10: =IFERROR(IF(LEN($E10)=0,"",$Q10-$S10-$T10),"") -> 1575 | W10: Paid | X10: 45103
B11: 1006 | C11: Gage Boyd | D11: 45064 | E11: 107 - Property 7 | F11: =IFERROR(IF(LEN($E11)=0,"",INDEX(Calc!$BS$4:$BS$1003,MATCH($E11,Calc!$BX$4:$BX$1003,0),1)),"-") -> Townhome | G11: =IFERROR(IF(LEN($E11)=0,"",INDEX(Calc!$BT$4:$BT$1003,MATCH($E11,Calc!$BX$4:$BX$1003,0),1)),"-") -> 75 Windsor Dr. Brooklyn 11219 | H11: =IFERROR(IF(LEN($E11)=0,"",INDEX(Calc!$BU$4:$BU$1003,MATCH($E11,Calc!$BX$4:$BX$1003,0),1)),"-") -> - | I11: =IFERROR(IF(LEN($E11)=0,"",INDEX(Calc!$BV$4:$BV$1003,MATCH($E11,Calc!$BX$4:$BX$1003,0),1)),"-") -> - | J11: =IFERROR(IF(LEN($E11)=0,"",INDEX(Calc!$BQ$4:$BQ$1003,MATCH($E11,Calc!$BX$4:$BX$1003,0),1)),"-") -> Alyce Milner | K11: =IFERROR(IF(LEN($E11)=0,"",INDEX(Calc!$BR$4:$BR$1003,MATCH($E11,Calc!$BX$4:$BX$1003,0),1)),"-") -> alyce@mail.com | L11: William Einstein | M11: 347-308-9002 | N11: Sale | O11: 190000 | P11: 0.04 | Q11: =IFERROR(IF(LEN($E11)=0,"",$O11*$P11),"") -> 7600 | R11: 0.15 | S11: =IFERROR(IF(LEN($E11)=0,"",$Q11*$R11),"") -> 1140 | U11: =IFERROR(IF(LEN($E11)=0,"",$Q11-$S11-$T11),"") -> 6460 | W11: Paid | X11: 45096
B12: 1007 | C12: Nash Goodwin | D12: 45093 | E12: 112 - Property 12 | F12: =IFERROR(IF(LEN($E12)=0,"",INDEX(Calc!$BS$4:$BS$1003,MATCH($E12,Calc!$BX$4:$BX$1003,0),1)),"-") -> Office | G12: =IFERROR(IF(LEN($E12)=0,"",INDEX(Calc!$BT$4:$BT$1003,MATCH($E12,Calc!$BX$4:$BX$1003,0),1)),"-") -> 79 Shadow Brook Drive Brooklyn 11228 | H12: =IFERROR(IF(LEN($E12)=0,"",INDEX(Calc!$BU$4:$BU$1003,MATCH($E12,Calc!$BX$4:$BX$1003,0),1)),"-") -> - | I12: =IFERROR(IF(LEN($E12)=0,"",INDEX(Calc!$BV$4:$BV$1003,MATCH($E12,Calc!$BX$4:$BX$1003,0),1)),"-") -> - | J12: =IFERROR(IF(LEN($E12)=0,"",INDEX(Calc!$BQ$4:$BQ$1003,MATCH($E12,Calc!$BX$4:$BX$1003,0),1)),"-") -> Donell Merrill | K12: =IFERROR(IF(LEN($E12)=0,"",INDEX(Calc!$BR$4:$BR$1003,MATCH($E12,Calc!$BX$4:$BX$1003,0),1)),"-") -> 202-555-3642 | L12: Craig Pastolove | M12: 646-218-9857 | N12: Sale | O12: 210000 | P12: 0.05 | Q12: =IFERROR(IF(LEN($E12)=0,"",$O12*$P12),"") -> 10500 | R12: 0.1 | S12: =IFERROR(IF(LEN($E12)=0,"",$Q12*$R12),"") -> 1050 | T12: 750 | U12: =IFERROR(IF(LEN($E12)=0,"",$Q12-$S12-$T12),"") -> 8700 | W12: Paid | X12: 45131
B13: 1008 | C13: Hayley Leblanc | D13: 45157 | E13: 106 - Property 6 | F13: =IFERROR(IF(LEN($E13)=0,"",INDEX(Calc!$BS$4:$BS$1003,MATCH($E13,Calc!$BX$4:$BX$1003,0),1)),"-") -> Flat | G13: =IFERROR(IF(LEN($E13)=0,"",INDEX(Calc!$BT$4:$BT$1003,MATCH($E13,Calc!$BX$4:$BX$1003,0),1)),"-") -> 56 La Sierra Dr. Bronx10467 | H13: =IFERROR(IF(LEN($E13)=0,"",INDEX(Calc!$BU$4:$BU$1003,MATCH($E13,Calc!$BX$4:$BX$1003,0),1)),"-") -> - | I13: =IFERROR(IF(LEN($E13)=0,"",INDEX(Calc!$BV$4:$BV$1003,MATCH($E13,Calc!$BX$4:$BX$1003,0),1)),"-") -> - | J13: =IFERROR(IF(LEN($E13)=0,"",INDEX(Calc!$BQ$4:$BQ$1003,MATCH($E13,Calc!$BX$4:$BX$1003,0),1)),"-") -> Sarah-Jayne Morrison | K13: =IFERROR(IF(LEN($E13)=0,"",INDEX(Calc!$BR$4:$BR$1003,MATCH($E13,Calc!$BX$4:$BX$1003,0),1)),"-") -> sarah-jayne@mail.com | L13: Geri Pell | M13: 212-686-5566 | N13: Sale | O13: 240000 | P13: 0.03 | Q13: =IFERROR(IF(LEN($E13)=0,"",$O13*$P13),"") -> 7200 | R13: 0.15 | S13: =IFERROR(IF(LEN($E13)=0,"",$Q13*$R13),"") -> 1080 | U13: =IFERROR(IF(LEN($E13)=0,"",$Q13-$S13-$T13),"") -> 6120 | W13: Financing | X13: 45165
F14: =IFERROR(IF(LEN($E14)=0,"",INDEX(Calc!$BS$4:$BS$1003,MATCH($E14,Calc!$BX$4:$BX$1003,0),1)),"-") | G14: =IFERROR(IF(LEN($E14)=0,"",INDEX(Calc!$BT$4:$BT$1003,MATCH($E14,Calc!$BX$4:$BX$1003,0),1)),"-") | H14: =IFERROR(IF(LEN($E14)=0,"",INDEX(Calc!$BU$4:$BU$1003,MATCH($E14,Calc!$BX$4:$BX$1003,0),1)),"-") | I14: =IFERROR(IF(LEN($E14)=0,"",INDEX(Calc!$BV$4:$BV$1003,MATCH($E14,Calc!$BX$4:$BX$1003,0),1)),"-") | J14: =IFERROR(IF(LEN($E14)=0,"",INDEX(Calc!$BQ$4:$BQ$1003,MATCH($E14,Calc!$BX$4:$BX$1003,0),1)),"-") | K14: =IFERROR(IF(LEN($E14)=0,"",INDEX(Calc!$BR$4:$BR$1003,MATCH($E14,Calc!$BX$4:$BX$1003,0),1)),"-") | Q14: =IFERROR(IF(LEN($E14)=0,"",$O14*$P14),"") | S14: =IFERROR(IF(LEN($E14)=0,"",$Q14*$R14),"") | U14: =IFERROR(IF(LEN($E14)=0,"",$Q14-$S14-$T14),"")
F15: =IFERROR(IF(LEN($E15)=0,"",INDEX(Calc!$BS$4:$BS$1003,MATCH($E15,Calc!$BX$4:$BX$1003,0),1)),"-") | G15: =IFERROR(IF(LEN($E15)=0,"",INDEX(Calc!$BT$4:$BT$1003,MATCH($E15,Calc!$BX$4:$BX$1003,0),1)),"-") | H15: =IFERROR(IF(LEN($E15)=0,"",INDEX(Calc!$BU$4:$BU$1003,MATCH($E15,Calc!$BX$4:$BX$1003,0),1)),"-") | I15: =IFERROR(IF(LEN($E15)=0,"",INDEX(Calc!$BV$4:$BV$1003,MATCH($E15,Calc!$BX$4:$BX$1003,0),1)),"-") | J15: =IFERROR(IF(LEN($E15)=0,"",INDEX(Calc!$BQ$4:$BQ$1003,MATCH($E15,Calc!$BX$4:$BX$1003,0),1)),"-") | K15: =IFERROR(IF(LEN($E15)=0,"",INDEX(Calc!$BR$4:$BR$1003,MATCH($E15,Calc!$BX$4:$BX$1003,0),1)),"-") | Q15: =IFERROR(IF(LEN($E15)=0,"",$O15*$P15),"") | S15: =IFERROR(IF(LEN($E15)=0,"",$Q15*$R15),"") | U15: =IFERROR(IF(LEN($E15)=0,"",$Q15-$S15-$T15),"")
F16: =IFERROR(IF(LEN($E16)=0,"",INDEX(Calc!$BS$4:$BS$1003,MATCH($E16,Calc!$BX$4:$BX$1003,0),1)),"-") | G16: =IFERROR(IF(LEN($E16)=0,"",INDEX(Calc!$BT$4:$BT$1003,MATCH($E16,Calc!$BX$4:$BX$1003,0),1)),"-") | H16: =IFERROR(IF(LEN($E16)=0,"",INDEX(Calc!$BU$4:$BU$1003,MATCH($E16,Calc!$BX$4:$BX$1003,0),1)),"-") | I16: =IFERROR(IF(LEN($E16)=0,"",INDEX(Calc!$BV$4:$BV$1003,MATCH($E16,Calc!$BX$4:$BX$1003,0),1)),"-") | J16: =IFERROR(IF(LEN($E16)=0,"",INDEX(Calc!$BQ$4:$BQ$1003,MATCH($E16,Calc!$BX$4:$BX$1003,0),1)),"-") | K16: =IFERROR(IF(LEN($E16)=0,"",INDEX(Calc!$BR$4:$BR$1003,MATCH($E16,Calc!$BX$4:$BX$1003,0),1)),"-") | Q16: =IFERROR(IF(LEN($E16)=0,"",$O16*$P16),"") | S16: =IFERROR(IF(LEN($E16)=0,"",$Q16*$R16),"") | U16: =IFERROR(IF(LEN($E16)=0,"",$Q16-$S16-$T16),"")
F17: =IFERROR(IF(LEN($E17)=0,"",INDEX(Calc!$BS$4:$BS$1003,MATCH($E17,Calc!$BX$4:$BX$1003,0),1)),"-") | G17: =IFERROR(IF(LEN($E17)=0,"",INDEX(Calc!$BT$4:$BT$1003,MATCH($E17,Calc!$BX$4:$BX$1003,0),1)),"-") | H17: =IFERROR(IF(LEN($E17)=0,"",INDEX(Calc!$BU$4:$BU$1003,MATCH($E17,Calc!$BX$4:$BX$1003,0),1)),"-") | I17: =IFERROR(IF(LEN($E17)=0,"",INDEX(Calc!$BV$4:$BV$1003,MATCH($E17,Calc!$BX$4:$BX$1003,0),1)),"-") | J17: =IFERROR(IF(LEN($E17)=0,"",INDEX(Calc!$BQ$4:$BQ$1003,MATCH($E17,Calc!$BX$4:$BX$1003,0),1)),"-") | K17: =IFERROR(IF(LEN($E17)=0,"",INDEX(Calc!$BR$4:$BR$1003,MATCH($E17,Calc!$BX$4:$BX$1003,0),1)),"-") | Q17: =IFERROR(IF(LEN($E17)=0,"",$O17*$P17),"") | S17: =IFERROR(IF(LEN($E17)=0,"",$Q17*$R17),"") | U17: =IFERROR(IF(LEN($E17)=0,"",$Q17-$S17-$T17),"")
F18: =IFERROR(IF(LEN($E18)=0,"",INDEX(Calc!$BS$4:$BS$1003,MATCH($E18,Calc!$BX$4:$BX$1003,0),1)),"-") | G18: =IFERROR(IF(LEN($E18)=0,"",INDEX(Calc!$BT$4:$BT$1003,MATCH($E18,Calc!$BX$4:$BX$1003,0),1)),"-") | H18: =IFERROR(IF(LEN($E18)=0,"",INDEX(Calc!$BU$4:$BU$1003,MATCH($E18,Calc!$BX$4:$BX$1003,0),1)),"-") | I18: =IFERROR(IF(LEN($E18)=0,"",INDEX(Calc!$BV$4:$BV$1003,MATCH($E18,Calc!$BX$4:$BX$1003,0),1)),"-") | J18: =IFERROR(IF(LEN($E18)=0,"",INDEX(Calc!$BQ$4:$BQ$1003,MATCH($E18,Calc!$BX$4:$BX$1003,0),1)),"-") | K18: =IFERROR(IF(LEN($E18)=0,"",INDEX(Calc!$BR$4:$BR$1003,MATCH($E18,Calc!$BX$4:$BX$1003,0),1)),"-") | Q18: =IFERROR(IF(LEN($E18)=0,"",$O18*$P18),"") | S18: =IFERROR(IF(LEN($E18)=0,"",$Q18*$R18),"") | U18: =IFERROR(IF(LEN($E18)=0,"",$Q18-$S18-$T18),"")
F19: =IFERROR(IF(LEN($E19)=0,"",INDEX(Calc!$BS$4:$BS$1003,MATCH($E19,Calc!$BX$4:$BX$1003,0),1)),"-") | G19: =IFERROR(IF(LEN($E19)=0,"",INDEX(Calc!$BT$4:$BT$1003,MATCH($E19,Calc!$BX$4:$BX$1003,0),1)),"-") | H19: =IFERROR(IF(LEN($E19)=0,"",INDEX(Calc!$BU$4:$BU$1003,MATCH($E19,Calc!$BX$4:$BX$1003,0),1)),"-") | I19: =IFERROR(IF(LEN($E19)=0,"",INDEX(Calc!$BV$4:$BV$1003,MATCH($E19,Calc!$BX$4:$BX$1003,0),1)),"-") | J19: =IFERROR(IF(LEN($E19)=0,"",INDEX(Calc!$BQ$4:$BQ$1003,MATCH($E19,Calc!$BX$4:$BX$1003,0),1)),"-") | K19: =IFERROR(IF(LEN($E19)=0,"",INDEX(Calc!$BR$4:$BR$1003,MATCH($E19,Calc!$BX$4:$BX$1003,0),1)),"-") | Q19: =IFERROR(IF(LEN($E19)=0,"",$O19*$P19),"") | S19: =IFERROR(IF(LEN($E19)=0,"",$Q19*$R19),"") | U19: =IFERROR(IF(LEN($E19)=0,"",$Q19-$S19-$T19),"")
F20: =IFERROR(IF(LEN($E20)=0,"",INDEX(Calc!$BS$4:$BS$1003,MATCH($E20,Calc!$BX$4:$BX$1003,0),1)),"-") | G20: =IFERROR(IF(LEN($E20)=0,"",INDEX(Calc!$BT$4:$BT$1003,MATCH($E20,Calc!$BX$4:$BX$1003,0),1)),"-") | H20: =IFERROR(IF(LEN($E20)=0,"",INDEX(Calc!$BU$4:$BU$1003,MATCH($E20,Calc!$BX$4:$BX$1003,0),1)),"-") | I20: =IFERROR(IF(LEN($E20)=0,"",INDEX(Calc!$BV$4:$BV$1003,MATCH($E20,Calc!$BX$4:$BX$1003,0),1)),"-") | J20: =IFERROR(IF(LEN($E20)=0,"",INDEX(Calc!$BQ$4:$BQ$1003,MATCH($E20,Calc!$BX$4:$BX$1003,0),1)),"-") | K20: =IFERROR(IF(LEN($E20)=0,"",INDEX(Calc!$BR$4:$BR$1003,MATCH($E20,Calc!$BX$4:$BX$1003,0),1)),"-") | Q20: =IFERROR(IF(LEN($E20)=0,"",$O20*$P20),"") | S20: =IFERROR(IF(LEN($E20)=0,"",$Q20*$R20),"") | U20: =IFERROR(IF(LEN($E20)=0,"",$Q20-$S20-$T20),"")
F21: =IFERROR(IF(LEN($E21)=0,"",INDEX(Calc!$BS$4:$BS$1003,MATCH($E21,Calc!$BX$4:$BX$1003,0),1)),"-") | G21: =IFERROR(IF(LEN($E21)=0,"",INDEX(Calc!$BT$4:$BT$1003,MATCH($E21,Calc!$BX$4:$BX$1003,0),1)),"-") | H21: =IFERROR(IF(LEN($E21)=0,"",INDEX(Calc!$BU$4:$BU$1003,MATCH($E21,Calc!$BX$4:$BX$1003,0),1)),"-") | I21: =IFERROR(IF(LEN($E21)=0,"",INDEX(Calc!$BV$4:$BV$1003,MATCH($E21,Calc!$BX$4:$BX$1003,0),1)),"-") | J21: =IFERROR(IF(LEN($E21)=0,"",INDEX(Calc!$BQ$4:$BQ$1003,MATCH($E21,Calc!$BX$4:$BX$1003,0),1)),"-") | K21: =IFERROR(IF(LEN($E21)=0,"",INDEX(Calc!$BR$4:$BR$1003,MATCH($E21,Calc!$BX$4:$BX$1003,0),1)),"-") | Q21: =IFERROR(IF(LEN($E21)=0,"",$O21*$P21),"") | S21: =IFERROR(IF(LEN($E21)=0,"",$Q21*$R21),"") | U21: =IFERROR(IF(LEN($E21)=0,"",$Q21-$S21-$T21),"")
F22: =IFERROR(IF(LEN($E22)=0,"",INDEX(Calc!$BS$4:$BS$1003,MATCH($E22,Calc!$BX$4:$BX$1003,0),1)),"-") | G22: =IFERROR(IF(LEN($E22)=0,"",INDEX(Calc!$BT$4:$BT$1003,MATCH($E22,Calc!$BX$4:$BX$1003,0),1)),"-") | H22: =IFERROR(IF(LEN($E22)=0,"",INDEX(Calc!$BU$4:$BU$1003,MATCH($E22,Calc!$BX$4:$BX$1003,0),1)),"-") | I22: =IFERROR(IF(LEN($E22)=0,"",INDEX(Calc!$BV$4:$BV$1003,MATCH($E22,Calc!$BX$4:$BX$1003,0),1)),"-") | J22: =IFERROR(IF(LEN($E22)=0,"",INDEX(Calc!$BQ$4:$BQ$1003,MATCH($E22,Calc!$BX$4:$BX$1003,0),1)),"-") | K22: =IFERROR(IF(LEN($E22)=0,"",INDEX(Calc!$BR$4:$BR$1003,MATCH($E22,Calc!$BX$4:$BX$1003,0),1)),"-") | Q22: =IFERROR(IF(LEN($E22)=0,"",$O22*$P22),"") | S22: =IFERROR(IF(LEN($E22)=0,"",$Q22*$R22),"") | U22: =IFERROR(IF(LEN($E22)=0,"",$Q22-$S22-$T22),"")
F23: =IFERROR(IF(LEN($E23)=0,"",INDEX(Calc!$BS$4:$BS$1003,MATCH($E23,Calc!$BX$4:$BX$1003,0),1)),"-") | G23: =IFERROR(IF(LEN($E23)=0,"",INDEX(Calc!$BT$4:$BT$1003,MATCH($E23,Calc!$BX$4:$BX$1003,0),1)),"-") | H23: =IFERROR(IF(LEN($E23)=0,"",INDEX(Calc!$BU$4:$BU$1003,MATCH($E23,Calc!$BX$4:$BX$1003,0),1)),"-") | I23: =IFERROR(IF(LEN($E23)=0,"",INDEX(Calc!$BV$4:$BV$1003,MATCH($E23,Calc!$BX$4:$BX$1003,0),1)),"-") | J23: =IFERROR(IF(LEN($E23)=0,"",INDEX(Calc!$BQ$4:$BQ$1003,MATCH($E23,Calc!$BX$4:$BX$1003,0),1)),"-") | K23: =IFERROR(IF(LEN($E23)=0,"",INDEX(Calc!$BR$4:$BR$1003,MATCH($E23,Calc!$BX$4:$BX$1003,0),1)),"-") | Q23: =IFERROR(IF(LEN($E23)=0,"",$O23*$P23),"") | S23: =IFERROR(IF(LEN($E23)=0,"",$Q23*$R23),"") | U23: =IFERROR(IF(LEN($E23)=0,"",$Q23-$S23-$T23),"")
F24: =IFERROR(IF(LEN($E24)=0,"",INDEX(Calc!$BS$4:$BS$1003,MATCH($E24,Calc!$BX$4:$BX$1003,0),1)),"-") | G24: =IFERROR(IF(LEN($E24)=0,"",INDEX(Calc!$BT$4:$BT$1003,MATCH($E24,Calc!$BX$4:$BX$1003,0),1)),"-") | H24: =IFERROR(IF(LEN($E24)=0,"",INDEX(Calc!$BU$4:$BU$1003,MATCH($E24,Calc!$BX$4:$BX$1003,0),1)),"-") | I24: =IFERROR(IF(LEN($E24)=0,"",INDEX(Calc!$BV$4:$BV$1003,MATCH($E24,Calc!$BX$4:$BX$1003,0),1)),"-") | J24: =IFERROR(IF(LEN($E24)=0,"",INDEX(Calc!$BQ$4:$BQ$1003,MATCH($E24,Calc!$BX$4:$BX$1003,0),1)),"-") | K24: =IFERROR(IF(LEN($E24)=0,"",INDEX(Calc!$BR$4:$BR$1003,MATCH($E24,Calc!$BX$4:$BX$1003,0),1)),"-") | Q24: =IFERROR(IF(LEN($E24)=0,"",$O24*$P24),"") | S24: =IFERROR(IF(LEN($E24)=0,"",$Q24*$R24),"") | U24: =IFERROR(IF(LEN($E24)=0,"",$Q24-$S24-$T24),"")
F25: =IFERROR(IF(LEN($E25)=0,"",INDEX(Calc!$BS$4:$BS$1003,MATCH($E25,Calc!$BX$4:$BX$1003,0),1)),"-") | G25: =IFERROR(IF(LEN($E25)=0,"",INDEX(Calc!$BT$4:$BT$1003,MATCH($E25,Calc!$BX$4:$BX$1003,0),1)),"-") | H25: =IFERROR(IF(LEN($E25)=0,"",INDEX(Calc!$BU$4:$BU$1003,MATCH($E25,Calc!$BX$4:$BX$1003,0),1)),"-") | I25: =IFERROR(IF(LEN($E25)=0,"",INDEX(Calc!$BV$4:$BV$1003,MATCH($E25,Calc!$BX$4:$BX$1003,0),1)),"-") | J25: =IFERROR(IF(LEN($E25)=0,"",INDEX(Calc!$BQ$4:$BQ$1003,MATCH($E25,Calc!$BX$4:$BX$1003,0),1)),"-") | K25: =IFERROR(IF(LEN($E25)=0,"",INDEX(Calc!$BR$4:$BR$1003,MATCH($E25,Calc!$BX$4:$BX$1003,0),1)),"-") | Q25: =IFERROR(IF(LEN($E25)=0,"",$O25*$P25),"") | S25: =IFERROR(IF(LEN($E25)=0,"",$Q25*$R25),"") | U25: =IFERROR(IF(LEN($E25)=0,"",$Q25-$S25-$T25),"")

Sheet Expenses
B2: REAL ESTATE AGENCY TEMPLATE
B3: EXPENSES
B5: EXPENSE CATEGORY | C5: YEAR | D5: JANUARY | E5: FEBRUARY | F5: MARCH | G5: APRIL | H5: MAY | I5: JUNE | J5: JULY | K5: AUGUST | L5: SEPTEMBER | M5: OCTOBER | N5: NOVEMBER | O5: DECEMBER
B6: Insurance | C6: 2023 | D6: 500
B7: Management Fees | C7: 2023 | D7: 250 | E7: 250 | F7: 250 | G7: 250 | H7: 250 | I7: 250 | J7: 250 | K7: 250 | L7: 250 | M7: 250 | N7: 250 | O7: 250
B8: Repairs | C8: 2023 | F8: 500
B9: Taxes | C9: 2023 | J9: 750
B10: Salaries | C10: 2023 | D10: 15000 | E10: 15000 | F10: 15000 | G10: 15000
B11: Cleaning & Maintenance | C11: 2023 | D11: 750 | E11: 750 | F11: 750 | G11: 750 | H11: 750 | I11: 750 | J11: 750 | K11: 750

Sheet Invoice
C2: REAL ESTATE AGENCY TEMPLATE
C3: INVOICE
C7: Company Name | D7: D.P.M Estates
C8: Agent | D8: Caleb Mullins
C9: Street Address | D9: 64 Glasnevin Hill, Glasnevin
C10: City | D10: Orlando
C11: Zip Code | D11: -
C12: Tel | D12: +353 1 831 8311
C13: Email | D13: camllins@mail.com
C15: REAL ESTATE COMMISSION INVOICE
C17: Billed To | F17: Invoice No | G17: 1000012
C18: Name | D18: Johnny Craven | F18: Invoice Date | G18: 44947
C19: Company | D19: Dublin Property Management
C20: Street Address | D20: 8 Malahide Rd, Fairview
C21: City | D21: New Mexico
C22: Zip Code | D22: -
C23: Tel | D23: +353 1 849-1155
C24: Email | D24: johnnycra@mail.com
C26: Description | E26: Commission Rate | F26: =IF(LEN(currency)=0,"Total Price","Total Price "&"("&currency&")") -> Total Price (USD) | G26: =IF(LEN(currency)=0,"Subtotal","Subtotal "&"("&currency&")") -> Subtotal (USD)
C27: Property 1 | E27: 0.02 | F27: 1000000 | G27: =IFERROR(IF(LEN($F27)=0,"",$F27*$E27),"") -> 20000
C28: Property 2 | E28: 0.02 | F28: 1250000 | G28: =IFERROR(IF(LEN($F28)=0,"",$F28*$E28),"") -> 25000
G29: =IFERROR(IF(LEN($F29)=0,"",$F29*$E29),"")
G30: =IFERROR(IF(LEN($F30)=0,"",$F30*$E30),"")
G31: =IFERROR(IF(LEN($F31)=0,"",$F31*$E31),"")
G32: =IFERROR(IF(LEN($F32)=0,"",$F32*$E32),"")
G33: =IFERROR(IF(LEN($F33)=0,"",$F33*$E33),"")
G34: =IFERROR(IF(LEN($F34)=0,"",$F34*$E34),"")
G35: =IFERROR(IF(LEN($F35)=0,"",$F35*$E35),"")
G36: =IFERROR(IF(LEN($F36)=0,"",$F36*$E36),"")
G37: =IFERROR(IF(LEN($F37)=0,"",$F37*$E37),"")
G38: =IFERROR(IF(LEN($F38)=0,"",$F38*$E38),"")
G39: =IFERROR(IF(LEN($F39)=0,"",$F39*$E39),"")
G40: =IFERROR(IF(LEN($F40)=0,"",$F40*$E40),"")
... G46: =IFERROR(IF(LEN($F46)=0,"",$F46*$E46),"")
F47: =IF(LEN(currency)=0,"SUBTOTAL","SUBTOTAL "&"("&currency&")") -> SUBTOTAL (USD) | G47: =IFERROR(SUM($G$27:$G$46),"") -> 45000
C48: NOTES : | F48: DISCOUNT (%) | G48: 0.1
F49: OTHER FEES | G49: 2500
F50: VAT (%) | G50: 0.05
F51: =IF(LEN(currency)=0,"TOTAL","TOTAL "&"("&currency&")") -> TOTAL (USD) | G51: =IFERROR(IF(LEN($G$50)>0,(1+$G$50)*$G$47*(1-$G$48)+SUM($G$49:$G$49),$G$47*(1-$G$48)+SUM($G$49:$G$49)),"") -> 45025

Sheet Dashboard
C2: REAL ESTATE AGENCY TEMPLATE
C3: DASHBOARD
C7: YEAR | D7: ALL | F7: MONTH | G7: ALL | I7: BROKER | J7: ALL

Sheet Calc
E2: =MAX(COUNTA($E$5:$E$24)-COUNTBLANK($E$5:$E$24),1) -> 12 | H2: =MAX(COUNTA($H$5:$H$24)-COUNTBLANK($H$5:$H$24),1) -> 10 | K2: =MAX(COUNTA($K$5:$K$14)-COUNTBLANK($K$5:$K$14),1) -> 5 | N2: =MAX(COUNTA($N$5:$N$14)-COUNTBLANK($N$5:$N$14),1) -> 5 | Q2: =MAX(COUNTA($Q$5:$Q$12)-COUNTBLANK($Q$5:$Q$12),1) -> 2 | AG2: =$Z$12 -> TOTAL SALES TARGET (USD) | AV2: =$AA$12 -> TOTAL SALES ACTUAL (USD) | CA2: =COUNTA($CA$4:$CA$23)-COUNTBLANK($CA$4:$CA$23) -> 15
B3: INDEX | D3: BROKER LIST | E3: BROKER LIST w/o DUPLICATES | G3: EXPENSE CATEGORY | H3: EXPENSE CATEGORY w/o DUPLICATES | J3: PROPERTY TYPE | K3: PROPERTY TYPE w/o DUPLICATES | M3: STATUS | N3: STATUS w/o DUPLICATES | P3: SERVICE TYPE | Q3: SERVICE TYPE w/o DUPLICATES | S3: YEAR LIST | U3: MONTH CODE | V3: MONTH NAME | X3: DISCOUNT RATE | Z3: Broker Target Header Option | AA3: Broker Actual Header Option | AC3: INDEX | AE3: ACTIVE / PASSIVE | AG3: BROKER | AH3: YEAR | AI3: JANUARY | AJ3: FEBRUARY | AK3: MARCH | AL3: APRIL | AM3: MAY | AN3: JUNE | AO3: JULY | AP3: AUGUST | AQ3: SEPTEMBER | AR3: OCTOBER | AS3: NOVEMBER | AT3: DECEMBER | AV3: BROKER | AW3: YEAR | AX3: JANUARY | AY3: FEBRUARY | AZ3: MARCH | BA3: APRIL | BB3: MAY | BC3: JUNE | BD3: JULY | BE3: AUGUST | BF3: SEPTEMBER | BG3: OCTOBER | BH3: NOVEMBER | BI3: DECEMBER | BK3: INDEX | BM3: ACTIVE / PASSIVE | BO3: Property ID | BP3: Property Name | BQ3: Owner Name | BR3: Owner Contact Info | BS3: Property Type | BT3: Property Address | BU3: Rent Price | BV3: Selling Price | BX3: Property ID - Name | BY3: Filter Index | BZ3: Index w/o Blanks | CA3: Property ID - Name List | CC3: INDEX | CE3: ACTIVE / PASSIVE | CG3: Task ID | CH3: Broker | CI3: Starting Date | CJ3: Property ID - Name | CK3: Customer Name | CL3: Customer Contact Info | CM3: Service Type | CN3: Sales / Rent Price | CO3: Commission Rate (%) | CP3: Total Commission | CQ3: Brokerage Commission Rate (%) | CR3: Brokerage Commission | CS3: Commission Adjustment | CT3: Net Commission | CU3: Commission Manual | CV3: Commission (Included) | CW3: Status | CX3: Current Stage Date | CY3: Closing Month | CZ3: Closing Year | DB3: INDEX | DD3: ACTIVE / PASSIVE | DF3: Expense Item | DG3: Year | DH3: JANUARY | DI3: FEBRUARY | DJ3: MARCH | DK3: APRIL | DL3: MAY | DM3: JUNE | DN3: JULY | DO3: AUGUST | DP3: SEPTEMBER | DQ3: OCTOBER | DR3: NOVEMBER | DS3: DECEMBER
B4: - | D4: ALL | E4: ALL | G4: ALL | H4: ALL | J4: ALL | K4: ALL | M4: ALL | N4: ALL | P4: ALL | Q4: ALL | S4: ALL | U4: - | V4: ALL | X4: 0.01 | Z4: =IF(LEN(currency)=0,"TOTAL SALES TARGET","TOTAL SALES TARGET "&"("&currency&")") -> TOTAL SALES TARGET (USD) | AA4: =IF(LEN(currency)=0,"TOTAL SALES ACTUAL","TOTAL SALES ACTUAL "&"("&currency&")") -> TOTAL SALES ACTUAL (USD) | AC4: 1 | AE4: =IFERROR(IF(LEN(INDEX(BrokerTargetTracking!B$8:B$17,$AC4,1))=0,"Passive","Active"),"") -> Active | AG4: =IFERROR(IF($AE4="Passive","",INDEX(BrokerTargetTracking!B$8:B$407,$AC4,1)),"") -> Caleb Mullins | AH4: =IFERROR(IF($AE4="Passive","",IF(LEN(INDEX(BrokerTargetTracking!C$8:C$17,$AC4,1))=0,"-",INDEX(BrokerTargetTracking!C$8:C$17,$AC4,1))),"") -> 2022 | AI4: =IFERROR(IF($AE4="Passive","",INDEX(BrokerTargetTracking!D$8:D$17,$AC4,1)),"") -> 150000 | AJ4: =IFERROR(IF($AE4="Passive","",INDEX(BrokerTargetTracking!E$8:E$17,$AC4,1)),"") -> 150000 | AK4: =IFERROR(IF($AE4="Passive","",INDEX(BrokerTargetTracking!F$8:F$17,$AC4,1)),"") -> 150000 | AL4: =IFERROR(IF($AE4="Passive","",INDEX(BrokerTargetTracking!G$8:G$17,$AC4,1)),"") -> 150000 | AM4: =IFERROR(IF($AE4="Passive","",INDEX(BrokerTargetTracking!H$8:H$17,$AC4,1)),"") -> 150000 | AN4: =IFERROR(IF($AE4="Passive","",INDEX(BrokerTargetTracking!I$8:I$17,$AC4,1)),"") -> 150000 | AO4: =IFERROR(IF($AE4="Passive","",INDEX(BrokerTargetTracking!J$8:J$17,$AC4,1)),"") -> 175000 | AP4: =IFERROR(IF($AE4="Passive","",INDEX(BrokerTargetTracking!K$8:K$17,$AC4,1)),"") -> 175000 | ... AT4: =IFERROR(IF($AE4="Passive","",INDEX(BrokerTargetTracking!O$8:O$17,$AC4,1)),"") -> 175000 | AV4: =IFERROR(IF($AE4="Passive","",$AG4),"") -> Caleb Mullins | AW4: =IFERROR(IF($AE4="Passive","",$AH4),"") -> 2022 | AX4: =IFERROR(IF($AE4="Passive","",INDEX(BrokerTargetTracking!D$411:D$420,$AC4,1)),"") -> 180000 | AY4: =IFERROR(IF($AE4="Passive","",INDEX(BrokerTargetTracking!E$411:E$420,$AC4,1)),"") -> 170000 | AZ4: =IFERROR(IF($AE4="Passive","",INDEX(BrokerTargetTracking!F$411:F$420,$AC4,1)),"") -> 95000 | BA4: =IFERROR(IF($AE4="Passive","",INDEX(BrokerTargetTracking!G$411:G$420,$AC4,1)),"") -> 150000 | BB4: =IFERROR(IF($AE4="Passive","",INDEX(BrokerTargetTracking!H$411:H$420,$AC4,1)),"") -> 140000 | BC4: =IFERROR(IF($AE4="Passive","",INDEX(BrokerTargetTracking!I$411:I$420,$AC4,1)),"") -> 180000 | BD4: =IFERROR(IF($AE4="Passive","",INDEX(BrokerTargetTracking!J$411:J$420,$AC4,1)),"") -> 185000 | BE4: =IFERROR(IF($AE4="Passive","",INDEX(BrokerTargetTracking!K$411:K$420,$AC4,1)),"") -> 150000 | ... BI4: =IFERROR(IF($AE4="Passive","",INDEX(BrokerTargetTracking!O$411:O$420,$AC4,1)),"") -> 145000 | BK4: 1 | BM4: =IFERROR(IF(OR(LEN(INDEX(PropertyDatabase!B$6:B$25,$BK4,1))=0,LEN(INDEX(PropertyDatabase!C$6:C$25,$BK4,1))=0),"Passive","Active"),"") -> Active | BO4: =IFERROR(IF($BM4="Passive","",INDEX(PropertyDatabase!B$6:B$25,$BK4,1)),"") -> 101 | BP4: =IFERROR(IF($BM4="Passive","",INDEX(PropertyDatabase!C$6:C$25,$BK4,1)),"") -> Property 1 | BQ4: =IFERROR(IF($BM4="Passive","",INDEX(PropertyDatabase!D$6:D$25,$BK4,1)),"") -> Jemima Begum | BR4: =IFERROR(IF($BM4="Passive","",INDEX(PropertyDatabase!E$6:E$25,$BK4,1)),"") -> jemima@mail.com | BS4: =IFERROR(IF($BM4="Passive","",INDEX(PropertyDatabase!F$6:F$25,$BK4,1)),"") -> Tiny Home | BT4: =IFERROR(IF($BM4="Passive","",INDEX(PropertyDatabase!G$6:G$25,$BK4,1)),"") -> 8724 Smith Drive Buffalo 14221 | BU4: =IFERROR(IF($BM4="Passive","",IF(LEN(INDEX(PropertyDatabase!H$6:H$25,$BK4,1))=0,"-",INDEX(PropertyDatabase!H$6:H$25,$BK4,1))),"") -> 500 | BV4: =IFERROR(IF($BM4="Passive","",IF(LEN(INDEX(PropertyDatabase!I$6:I$25,$BK4,1))=0,"-",INDEX(PropertyDatabase!I$6:I$25,$BK4,1))),"") -> 125000 | BX4: =IFERROR(IF($BM4="Passive","",$BO4&" - "&$BP4),"") -> 101 - Property 1 | BY4: =IFERROR(IF($BM4="Passive","",$BK4),"") -> 1 | BZ4: =IFERROR(SMALL($BY$4:$BY$23,ROW($BZ4)-ROW($BZ$3)),"") -> 1 | CA4: =IFERROR(INDEX($BX$4:$BX$23,$BZ4,1),"") -> 101 - Property 1 | CC4: 1 | CE4: =IFERROR(IF(OR(LEN(INDEX(TaskDatabase!B$6:B$25,$CC4,1))=0,LEN(INDEX(TaskDatabase!C$6:C$25,$CC4,1))=0),"Passive","Active"),"") -> Active | CG4: =IFERROR(IF($CE4="Passive","",INDEX(TaskDatabase!B$6:B$25,$CC4,1)),"") -> 1001 | CH4: =IFERROR(IF($CE4="Passive","",INDEX(TaskDatabase!C$6:C$25,$CC4,1)),"") -> Caleb Mullins | CI4: =IFERROR(IF($CE4="Passive","",INDEX(TaskDatabase!D$6:D$25,$CC4,1)),"") -> 44927 | CJ4: =IFERROR(IF($CE4="Passive","",INDEX(TaskDatabase!E$6:E$25,$CC4,1)),"") -> 101 - Property 1 | CK4: =IFERROR(IF($CE4="Passive","",INDEX(TaskDatabase!L$6:L$25,$CC4,1)),"") -> Stephen Ruvituso | CL4: =IFERROR(IF($CE4="Passive","",INDEX(TaskDatabase!M$6:M$25,$CC4,1)),"") -> 347-840-4245 | CM4: =IFERROR(IF($CE4="Passive","",INDEX(TaskDatabase!N$6:N$25,$CC4,1)),"") -> Sale | CN4: =IFERROR(IF($CE4="Passive","",INDEX(TaskDatabase!O$6:O$25,$CC4,1)),"") -> 175000 | CO4: =IFERROR(IF($CE4="Passive","",INDEX(TaskDatabase!P$6:P$25,$CC4,1)),"") -> 0.05 | CP4: =IFERROR(IF($CE4="Passive","",INDEX(TaskDatabase!Q$6:Q$25,$CC4,1)),"") -> 8750 | CQ4: =IFERROR(IF($CE4="Passive","",INDEX(TaskDatabase!R$6:R$25,$CC4,1)),"") -> 0.1 | CR4: =IFERROR(IF($CE4="Passive","",INDEX(TaskDatabase!S$6:S$25,$CC4,1)),"") -> 875 | ... CU4: =IFERROR(IF($CE4="Passive","",INDEX(TaskDatabase!V$6:V$25,$CC4,1)),"") -> 7250 | CV4: =IFERROR(IF($CE4="Passive","",IF($CU4>0,$CU4,$CT4)),"") -> 7250 | CW4: =IFERROR(IF($CE4="Passive","",INDEX(TaskDatabase!W$6:W$25,$CC4,1)),"") -> Property Inspection | CX4: =IFERROR(IF($CE4="Passive","",INDEX(TaskDatabase!X$6:X$25,$CC4,1)),"") -> 44941 | CY4: =IFERROR(IF($CE4="Passive","",MONTH($CX4)),"") -> 1 | CZ4: =IFERROR(IF($CE4="Passive","",YEAR($CX4)),"") -> 2023 | DB4: 1 | DD4: =IFERROR(IF(OR(LEN(INDEX(Expenses!B$6:B$25,$DB4,1))=0,LEN(INDEX(Expenses!C$6:C$25,$DB4,1))=0),"Passive","Active"),"") -> Active | DF4: =IFERROR(IF($DD4="Passive","",INDEX(Expenses!B$6:B$25,$DB4,1)),"") -> Insurance | DG4: =IFERROR(IF($DD4="Passive","",INDEX(Expenses!C$6:C$25,$DB4,1)),"") -> 2023 | DH4: =IFERROR(IF($DD4="Passive","",INDEX(Expenses!D$6:D$25,$DB4,1)),"") -> 500 | DI4: =IFERROR(IF($DD4="Passive","",INDEX(Expenses!E$6:E$25,$DB4,1)),"") -> 0 | DJ4: =IFERROR(IF($DD4="Passive","",INDEX(Expenses!F$6:F$25,$DB4,1)),"") -> 0 | DK4: =IFERROR(IF($DD4="Passive","",INDEX(Expenses!G$6:G$25,$DB4,1)),"") -> 0 | DL4: =IFERROR(IF($DD4="Passive","",INDEX(Expenses!H$6:H$25,$DB4,1)),"") -> 0 | DM4: =IFERROR(IF($DD4="Passive","",INDEX(Expenses!I$6:I$25,$DB4,1)),"") -> 0 | ... DS4: =IFERROR(IF($DD4="Passive","",INDEX(Expenses!O$6:O$25,$DB4,1)),"") -> 0
B5: 1 | D5: =IFERROR(IF(LEN(INDEX(Menu!$C$9:$C$28,$B5,1))=0,"",INDEX(Menu!$C$9:$C$28,$B5,1)),"") -> Caleb Mullins | E5: =IFERROR(INDEX($D$5:$D$24, MATCH(0,INDEX((LEN($D$5:$D$24)=0)+COUNTIF($E$4:$E4,$D$5:$D$24),0),0)),"") -> Caleb Mullins | G5: =IFERROR(IF(LEN(INDEX(Menu!$F$9:$F$28,$B5,1))=0,"",INDEX(Menu!$F$9:$F$28,$B5,1)),"") -> Advertising | H5: =IFERROR(INDEX($G$5:$G$24,MATCH(0,INDEX((LEN($G$5:$G$24)=0)+COUNTIF($H$4:$H4,$G$5:$G$24),0),0)),"") -> Advertising | J5: =IFERROR(IF(LEN(INDEX(Menu!$H$9:$H$28,$B5,1))=0,"",INDEX(Menu!$H$9:$H$28,$B5,1)),"") -> Tiny Home | K5: =IFERROR(INDEX($J$5:$J$14, MATCH(0,INDEX((LEN($J$5:$J$14)=0)+COUNTIF($K$4:$K4,$J$5:$J$14),0),0)),"") -> Tiny Home | M5: =IFERROR(IF(LEN(INDEX(Menu!$J$9:$J$28,$B5,1))=0,"",INDEX(Menu!$J$9:$J$28,$B5,1)),"") -> Paid | N5: =IFERROR(INDEX($M$5:$M$14, MATCH(0,INDEX((LEN($M$5:$M$14)=0)+COUNTIF($N$4:$N4,$M$5:$M$14),0),0)),"") -> Paid | P5: =IFERROR(IF(LEN(INDEX(Menu!$H$21:$H$28,$B5,1))=0,"",INDEX(Menu!$H$21:$H$28,$B5,1)),"") -> Sale | Q5: =IFERROR(INDEX($P$5:$P$12, MATCH(0,INDEX((LEN($P$5:$P$12)=0)+COUNTIF($Q$4:$Q4,$P$5:$P$12),0),0)),"") -> Sale | S5: 2020 | U5: 1 | V5: JANUARY | X5: 0.02 | Z5: =IF(LEN(currency)=0,"TOTAL COMISSION TARGET","TOTAL COMISSION TARGET "&"("&currency&")") -> TOTAL COMISSION TARGET (USD) | AA5: =IF(LEN(currency)=0,"TOTAL COMISSION ACTUAL","TOTAL COMISSION ACTUAL "&"("&currency&")") -> TOTAL COMISSION ACTUAL (USD) | AC5: 2 | AE5: =IFERROR(IF(LEN(INDEX(BrokerTargetTracking!B$8:B$17,$AC5,1))=0,"Passive","Active"),"") -> Active | AG5: =IFERROR(IF($AE5="Passive","",INDEX(BrokerTargetTracking!B$8:B$407,$AC5,1)),"") -> Laura Hartman | AH5: =IFERROR(IF($AE5="Passive","",IF(LEN(INDEX(BrokerTargetTracking!C$8:C$17,$AC5,1))=0,"-",INDEX(BrokerTargetTracking!C$8:C$17,$AC5,1))),"") -> 2022 | AI5: =IFERROR(IF($AE5="Passive","",INDEX(BrokerTargetTracking!D$8:D$17,$AC5,1)),"") -> 150000 | AJ5: =IFERROR(IF($AE5="Passive","",INDEX(BrokerTargetTracking!E$8:E$17,$AC5,1)),"") -> 150000 | AK5: =IFERROR(IF($AE5="Passive","",INDEX(BrokerTargetTracking!F$8:F$17,$AC5,1)),"") -> 150000 | AL5: =IFERROR(IF($AE5="Passive","",INDEX(BrokerTargetTracking!G$8:G$17,$AC5,1)),"") -> 150000 | AM5: =IFERROR(IF($AE5="Passive","",INDEX(BrokerTargetTracking!H$8:H$17,$AC5,1)),"") -> 150000 | AN5: =IFERROR(IF($AE5="Passive","",INDEX(BrokerTargetTracking!I$8:I$17,$AC5,1)),"") -> 150000 | AO5: =IFERROR(IF($AE5="Passive","",INDEX(BrokerTargetTracking!J$8:J$17,$AC5,1)),"") -> 175000 | AP5: =IFERROR(IF($AE5="Passive","",INDEX(BrokerTargetTracking!K$8:K$17,$AC5,1)),"") -> 175000 | ... AT5: =IFERROR(IF($AE5="Passive","",INDEX(BrokerTargetTracking!O$8:O$17,$AC5,1)),"") -> 175000 | AV5: =IFERROR(IF($AE5="Passive","",$AG5),"") -> Laura Hartman | AW5: =IFERROR(IF($AE5="Passive","",$AH5),"") -> 2022 | AX5: =IFERROR(IF($AE5="Passive","",INDEX(BrokerTargetTracking!D$411:D$420,$AC5,1)),"") -> 135000 | AY5: =IFERROR(IF($AE5="Passive","",INDEX(BrokerTargetTracking!E$411:E$420,$AC5,1)),"") -> 145000 | AZ5: =IFERROR(IF($AE5="Passive","",INDEX(BrokerTargetTracking!F$411:F$420,$AC5,1)),"") -> 175000 | BA5: =IFERROR(IF($AE5="Passive","",INDEX(BrokerTargetTracking!G$411:G$420,$AC5,1)),"") -> 140000 | BB5: =IFERROR(IF($AE5="Passive","",INDEX(BrokerTargetTracking!H$411:H$420,$AC5,1)),"") -> 200000 | BC5: =IFERROR(IF($AE5="Passive","",INDEX(BrokerTargetTracking!I$411:I$420,$AC5,1)),"") -> 185000 | BD5: =IFERROR(IF($AE5="Passive","",INDEX(BrokerTargetTracking!J$411:J$420,$AC5,1)),"") -> 145000 | BE5: =IFERROR(IF($AE5="Passive","",INDEX(BrokerTargetTracking!K$411:K$420,$AC5,1)),"") -> 110000 | ... BI5: =IFERROR(IF($AE5="Passive","",INDEX(BrokerTargetTracking!O$411:O$420,$AC5,1)),"") -> 95000 | BK5: 2 | BM5: =IFERROR(IF(OR(LEN(INDEX(PropertyDatabase!B$6:B$25,$BK5,1))=0,LEN(INDEX(PropertyDatabase!C$6:C$25,$BK5,1))=0),"Passive","Active"),"") -> Active | BO5: =IFERROR(IF($BM5="Passive","",INDEX(PropertyDatabase!B$6:B$25,$BK5,1)),"") -> 102 | BP5: =IFERROR(IF($BM5="Passive","",INDEX(PropertyDatabase!C$6:C$25,$BK5,1)),"") -> Property 2 | BQ5: =IFERROR(IF($BM5="Passive","",INDEX(PropertyDatabase!D$6:D$25,$BK5,1)),"") -> Mercedes Banks | BR5: =IFERROR(IF($BM5="Passive","",INDEX(PropertyDatabase!E$6:E$25,$BK5,1)),"") -> mercedes@mail.com | BS5: =IFERROR(IF($BM5="Passive","",INDEX(PropertyDatabase!F$6:F$25,$BK5,1)),"") -> Flat | BT5: =IFERROR(IF($BM5="Passive","",INDEX(PropertyDatabase!G$6:G$25,$BK5,1)),"") -> 320 Wentworth Lane Hempstead 11550 | BU5: =IFERROR(IF($BM5="Passive","",IF(LEN(INDEX(PropertyDatabase!H$6:H$25,$BK5,1))=0,"-",INDEX(PropertyDatabase!H$6:H$25,$BK5,1))),"") -> 1500 | BV5: =IFERROR(IF($BM5="Passive","",IF(LEN(INDEX(PropertyDatabase!I$6:I$25,$BK5,1))=0,"-",INDEX(PropertyDatabase!I$6:I$25,$BK5,1))),"") -> 375000 | BX5: =IFERROR(IF($BM5="Passive","",$BO5&" - "&$BP5),"") -> 102 - Property 2 | BY5: =IFERROR(IF($BM5="Passive","",$BK5),"") -> 2 | BZ5: =IFERROR(SMALL($BY$4:$BY$23,ROW($BZ5)-ROW($BZ$3)),"") -> 2 | CA5: =IFERROR(INDEX($BX$4:$BX$23,$BZ5,1),"") -> 102 - Property 2 | CC5: 2 | CE5: =IFERROR(IF(OR(LEN(INDEX(TaskDatabase!B$6:B$25,$CC5,1))=0,LEN(INDEX(TaskDatabase!C$6:C$25,$CC5,1))=0),"Passive","Active"),"") -> Active | CG5: =IFERROR(IF($CE5="Passive","",INDEX(TaskDatabase!B$6:B$25,$CC5,1)),"") -> 1002 | CH5: =IFERROR(IF($CE5="Passive","",INDEX(TaskDatabase!C$6:C$25,$CC5,1)),"") -> Laura Hartman | CI5: =IFERROR(IF($CE5="Passive","",INDEX(TaskDatabase!D$6:D$25,$CC5,1)),"") -> 44941 | CJ5: =IFERROR(IF($CE5="Passive","",INDEX(TaskDatabase!E$6:E$25,$CC5,1)),"") -> 103 - Property 3 | CK5: =IFERROR(IF($CE5="Passive","",INDEX(TaskDatabase!L$6:L$25,$CC5,1)),"") -> Rich Abrams | CL5: =IFERROR(IF($CE5="Passive","",INDEX(TaskDatabase!M$6:M$25,$CC5,1)),"") -> 646-427-2065 | CM5: =IFERROR(IF($CE5="Passive","",INDEX(TaskDatabase!N$6:N$25,$CC5,1)),"") -> Sale | CN5: =IFERROR(IF($CE5="Passive","",INDEX(TaskDatabase!O$6:O$25,$CC5,1)),"") -> 155000 | CO5: =IFERROR(IF($CE5="Passive","",INDEX(TaskDatabase!P$6:P$25,$CC5,1)),"") -> 0.03 | CP5: =IFERROR(IF($CE5="Passive","",INDEX(TaskDatabase!Q$6:Q$25,$CC5,1)),"") -> 4650 | CQ5: =IFERROR(IF($CE5="Passive","",INDEX(TaskDatabase!R$6:R$25,$CC5,1)),"") -> 0.15 | CR5: =IFERROR(IF($CE5="Passive","",INDEX(TaskDatabase!S$6:S$25,$CC5,1)),"") -> 697.5 | ... CU5: =IFERROR(IF($CE5="Passive","",INDEX(TaskDatabase!V$6:V$25,$CC5,1)),"") -> 0 | CV5: =IFERROR(IF($CE5="Passive","",IF($CU5>0,$CU5,$CT5)),"") -> 3952.5 | CW5: =IFERROR(IF($CE5="Passive","",INDEX(TaskDatabase!W$6:W$25,$CC5,1)),"") -> Financing | CX5: =IFERROR(IF($CE5="Passive","",INDEX(TaskDatabase!X$6:X$25,$CC5,1)),"") -> 44950 | CY5: =IFERROR(IF($CE5="Passive","",MONTH($CX5)),"") -> 1 | CZ5: =IFERROR(IF($CE5="Passive","",YEAR($CX5)),"") -> 2023 | DB5: 2 | DD5: =IFERROR(IF(OR(LEN(INDEX(Expenses!B$6:B$25,$DB5,1))=0,LEN(INDEX(Expenses!C$6:C$25,$DB5,1))=0),"Passive","Active"),"") -> Active | DF5: =IFERROR(IF($DD5="Passive","",INDEX(Expenses!B$6:B$25,$DB5,1)),"") -> Management Fees | DG5: =IFERROR(IF($DD5="Passive","",INDEX(Expenses!C$6:C$25,$DB5,1)),"") -> 2023 | DH5: =IFERROR(IF($DD5="Passive","",INDEX(Expenses!D$6:D$25,$DB5,1)),"") -> 250 | DI5: =IFERROR(IF($DD5="Passive","",INDEX(Expenses!E$6:E$25,$DB5,1)),"") -> 250 | DJ5: =IFERROR(IF($DD5="Passive","",INDEX(Expenses!F$6:F$25,$DB5,1)),"") -> 250 | DK5: =IFERROR(IF($DD5="Passive","",INDEX(Expenses!G$6:G$25,$DB5,1)),"") -> 250 | DL5: =IFERROR(IF($DD5="Passive","",INDEX(Expenses!H$6:H$25,$DB5,1)),"") -> 250 | DM5: =IFERROR(IF($DD5="Passive","",INDEX(Expenses!I$6:I$25,$DB5,1)),"") -> 250 | ... DS5: =IFERROR(IF($DD5="Passive","",INDEX(Expenses!O$6:O$25,$DB5,1)),"") -> 250 | DU5: YEAR FILTER | DX5: 1 | DY5: 2 | DZ5: 3 | EA5: 4 | EB5: 5 | EC5: 6 | ED5: 7 | EE5: 8 | EF5: 9 | EG5: 10 | EH5: 11 | EI5: 12 | EK5: TOTAL SALES & COMMISSIONS by BROKERS | EL5: BROKER | EM5: JANUARY | EN5: FEBRUARY | EO5: MARCH | EP5: APRIL | EQ5: MAY | ER5: JUNE | ES5: JULY | ET5: AUGUST | EU5: SEPTEMBER | EV5: OCTOBER | EW5: NOVEMBER | EX5: DECEMBER
B6: 2 | D6: =IFERROR(IF(LEN(INDEX(Menu!$C$9:$C$28,$B6,1))=0,"",INDEX(Menu!$C$9:$C$28,$B6,1)),"") -> Laura Hartman | E6: =IFERROR(INDEX($D$5:$D$24, MATCH(0,INDEX((LEN($D$5:$D$24)=0)+COUNTIF($E$4:$E5,$D$5:$D$24),0),0)),"") -> Laura Hartman | G6: =IFERROR(IF(LEN(INDEX(Menu!$F$9:$F$28,$B6,1))=0,"",INDEX(Menu!$F$9:$F$28,$B6,1)),"") -> Cleaning & Maintenance | H6: =IFERROR(INDEX($G$5:$G$24,MATCH(0,INDEX((LEN($G$5:$G$24)=0)+COUNTIF($H$4:$H5,$G$5:$G$24),0),0)),"") -> Cleaning & Maintenance | J6: =IFERROR(IF(LEN(INDEX(Menu!$H$9:$H$28,$B6,1))=0,"",INDEX(Menu!$H$9:$H$28,$B6,1)),"") -> Flat | K6: =IFERROR(INDEX($J$5:$J$14, MATCH(0,INDEX((LEN($J$5:$J$14)=0)+COUNTIF($K$4:$K5,$J$5:$J$14),0),0)),"") -> Flat | M6: =IFERROR(IF(LEN(INDEX(Menu!$J$9:$J$28,$B6,1))=0,"",INDEX(Menu!$J$9:$J$28,$B6,1)),"") -> Property Inspection | N6: =IFERROR(INDEX($M$5:$M$14, MATCH(0,INDEX((LEN($M$5:$M$14)=0)+COUNTIF($N$4:$N5,$M$5:$M$14),0),0)),"") -> Property Inspection | P6: =IFERROR(IF(LEN(INDEX(Menu!$H$21:$H$28,$B6,1))=0,"",INDEX(Menu!$H$21:$H$28,$B6,1)),"") -> Rent | Q6: =IFERROR(INDEX($P$5:$P$12, MATCH(0,INDEX((LEN($P$5:$P$12)=0)+COUNTIF($Q$4:$Q5,$P$5:$P$12),0),0)),"") -> Rent | S6: 2021 | U6: 2 | V6: FEBRUARY | X6: 0.03 | Z6: =IF(LEN(currency)=0,"TOTAL NET COMISSION TARGET","TOTAL NET COMISSION TARGET "&"("&currency&")") -> TOTAL NET COMISSION TARGET (USD) | AA6: =IF(LEN(currency)=0,"TOTAL NET COMISSION ACTUAL","TOTAL NET COMISSION ACTUAL "&"("&currency&")") -> TOTAL NET COMISSION ACTUAL (USD) | AC6: 3 | AE6: =IFERROR(IF(LEN(INDEX(BrokerTargetTracking!B$8:B$17,$AC6,1))=0,"Passive","Active"),"") -> Active | AG6: =IFERROR(IF($AE6="Passive","",INDEX(BrokerTargetTracking!B$8:B$407,$AC6,1)),"") -> Dustin Santana | AH6: =IFERROR(IF($AE6="Passive","",IF(LEN(INDEX(BrokerTargetTracking!C$8:C$17,$AC6,1))=0,"-",INDEX(BrokerTargetTracking!C$8:C$17,$AC6,1))),"") -> 2022 | AI6: =IFERROR(IF($AE6="Passive","",INDEX(BrokerTargetTracking!D$8:D$17,$AC6,1)),"") -> 150000 | AJ6: =IFERROR(IF($AE6="Passive","",INDEX(BrokerTargetTracking!E$8:E$17,$AC6,1)),"") -> 150000 | AK6: =IFERROR(IF($AE6="Passive","",INDEX(BrokerTargetTracking!F$8:F$17,$AC6,1)),"") -> 150000 | AL6: =IFERROR(IF($AE6="Passive","",INDEX(BrokerTargetTracking!G$8:G$17,$AC6,1)),"") -> 150000 | AM6: =IFERROR(IF($AE6="Passive","",INDEX(BrokerTargetTracking!H$8:H$17,$AC6,1)),"") -> 150000 | AN6: =IFERROR(IF($AE6="Passive","",INDEX(BrokerTargetTracking!I$8:I$17,$AC6,1)),"") -> 150000 | AO6: =IFERROR(IF($AE6="Passive","",INDEX(BrokerTargetTracking!J$8:J$17,$AC6,1)),"") -> 175000 | AP6: =IFERROR(IF($AE6="Passive","",INDEX(BrokerTargetTracking!K$8:K$17,$AC6,1)),"") -> 175000 | ... AT6: =IFERROR(IF($AE6="Passive","",INDEX(BrokerTargetTracking!O$8:O$17,$AC6,1)),"") -> 175000 | AV6: =IFERROR(IF($AE6="Passive","",$AG6),"") -> Dustin Santana | AW6: =IFERROR(IF($AE6="Passive","",$AH6),"") -> 2022 | AX6: =IFERROR(IF($AE6="Passive","",INDEX(BrokerTargetTracking!D$411:D$420,$AC6,1)),"") -> 135000 | AY6: =IFERROR(IF($AE6="Passive","",INDEX(BrokerTargetTracking!E$411:E$420,$AC6,1)),"") -> 185000 | AZ6: =IFERROR(IF($AE6="Passive","",INDEX(BrokerTargetTracking!F$411:F$420,$AC6,1)),"") -> 150000 | BA6: =IFERROR(IF($AE6="Passive","",INDEX(BrokerTargetTracking!G$411:G$420,$AC6,1)),"") -> 120000 | BB6: =IFERROR(IF($AE6="Passive","",INDEX(BrokerTargetTracking!H$411:H$420,$AC6,1)),"") -> 125000 | BC6: =IFERROR(IF($AE6="Passive","",INDEX(BrokerTargetTracking!I$411:I$420,$AC6,1)),"") -> 135000 | BD6: =IFERROR(IF($AE6="Passive","",INDEX(BrokerTargetTracking!J$411:J$420,$AC6,1)),"") -> 180000 | BE6: =IFERROR(IF($AE6="Passive","",INDEX(BrokerTargetTracking!K$411:K$420,$AC6,1)),"") -> 95000 | ... BI6: =IFERROR(IF($AE6="Passive","",INDEX(BrokerTargetTracking!O$411:O$420,$AC6,1)),"") -> 15000 | BK6: 3 | BM6: =IFERROR(IF(OR(LEN(INDEX(PropertyDatabase!B$6:B$25,$BK6,1))=0,LEN(INDEX(PropertyDatabase!C$6:C$25,$BK6,1))=0),"Passive","Active"),"") -> Active | BO6: =IFERROR(IF($BM6="Passive","",INDEX(PropertyDatabase!B$6:B$25,$BK6,1)),"") -> 103 | BP6: =IFERROR(IF($BM6="Passive","",INDEX(PropertyDatabase!C$6:C$25,$BK6,1)),"") -> Property 3 | BQ6: =IFERROR(IF($BM6="Passive","",INDEX(PropertyDatabase!D$6:D$25,$BK6,1)),"") -> Macauley Peck | BR6: =IFERROR(IF($BM6="Passive","",INDEX(PropertyDatabase!E$6:E$25,$BK6,1)),"") -> macauley@mail.com | BS6: =IFERROR(IF($BM6="Passive","",INDEX(PropertyDatabase!F$6:F$25,$BK6,1)),"") -> Townhome | BT6: =IFERROR(IF($BM6="Passive","",INDEX(PropertyDatabase!G$6:G$25,$BK6,1)),"") -> 369 Cambridge St. Ridgewood 1138 | BU6: =IFERROR(IF($BM6="Passive","",IF(LEN(INDEX(PropertyDatabase!H$6:H$25,$BK6,1))=0,"-",INDEX(PropertyDatabase!H$6:H$25,$BK6,1))),"") -> 1250 | BV6: =IFERROR(IF($BM6="Passive","",IF(LEN(INDEX(PropertyDatabase!I$6:I$25,$BK6,1))=0,"-",INDEX(PropertyDatabase!I$6:I$25,$BK6,1))),"") -> 500000 | BX6: =IFERROR(IF($BM6="Passive","",$BO6&" - "&$BP6),"") -> 103 - Property 3 | BY6: =IFERROR(IF($BM6="Passive","",$BK6),"") -> 3 | BZ6: =IFERROR(SMALL($BY$4:$BY$23,ROW($BZ6)-ROW($BZ$3)),"") -> 3 | CA6: =IFERROR(INDEX($BX$4:$BX$23,$BZ6,1),"") -> 103 - Property 3 | CC6: 3 | CE6: =IFERROR(IF(OR(LEN(INDEX(TaskDatabase!B$6:B$25,$CC6,1))=0,LEN(INDEX(TaskDatabase!C$6:C$25,$CC6,1))=0),"Passive","Active"),"") -> Active | CG6: =IFERROR(IF($CE6="Passive","",INDEX(TaskDatabase!B$6:B$25,$CC6,1)),"") -> 1003 | CH6: =IFERROR(IF($CE6="Passive","",INDEX(TaskDatabase!C$6:C$25,$CC6,1)),"") -> Dustin Santana | CI6: =IFERROR(IF($CE6="Passive","",INDEX(TaskDatabase!D$6:D$25,$CC6,1)),"") -> 44982 | CJ6: =IFERROR(IF($CE6="Passive","",INDEX(TaskDatabase!E$6:E$25,$CC6,1)),"") -> 107 - Property 7 | CK6: =IFERROR(IF($CE6="Passive","",INDEX(TaskDatabase!L$6:L$25,$CC6,1)),"") -> Corby May | CL6: =IFERROR(IF($CE6="Passive","",INDEX(TaskDatabase!M$6:M$25,$CC6,1)),"") -> 212-486-7090 | CM6: =IFERROR(IF($CE6="Passive","",INDEX(TaskDatabase!N$6:N$25,$CC6,1)),"") -> Rent | CN6: =IFERROR(IF($CE6="Passive","",INDEX(TaskDatabase!O$6:O$25,$CC6,1)),"") -> 1500 | CO6: =IFERROR(IF($CE6="Passive","",INDEX(TaskDatabase!P$6:P$25,$CC6,1)),"") -> 1 | CP6: =IFERROR(IF($CE6="Passive","",INDEX(TaskDatabase!Q$6:Q$25,$CC6,1)),"") -> 1500 | CQ6: =IFERROR(IF($CE6="Passive","",INDEX(TaskDatabase!R$6:R$25,$CC6,1)),"") -> 0.12 | CR6: =IFERROR(IF($CE6="Passive","",INDEX(TaskDatabase!S$6:S$25,$CC6,1)),"") -> 180 | ... CU6: =IFERROR(IF($CE6="Passive","",INDEX(TaskDatabase!V$6:V$25,$CC6,1)),"") -> 0 | CV6: =IFERROR(IF($CE6="Passive","",IF($CU6>0,$CU6,$CT6)),"") -> 1320 | CW6: =IFERROR(IF($CE6="Passive","",INDEX(TaskDatabase!W$6:W$25,$CC6,1)),"") -> Agreement | CX6: =IFERROR(IF($CE6="Passive","",INDEX(TaskDatabase!X$6:X$25,$CC6,1)),"") -> 45000 | CY6: =IFERROR(IF($CE6="Passive","",MONTH($CX6)),"") -> 3 | CZ6: =IFERROR(IF($CE6="Passive","",YEAR($CX6)),"") -> 2023 | DB6: 3 | DD6: =IFERROR(IF(OR(LEN(INDEX(Expenses!B$6:B$25,$DB6,1))=0,LEN(INDEX(Expenses!C$6:C$25,$DB6,1))=0),"Passive","Active"),"") -> Active | DF6: =IFERROR(IF($DD6="Passive","",INDEX(Expenses!B$6:B$25,$DB6,1)),"") -> Repairs | DG6: =IFERROR(IF($DD6="Passive","",INDEX(Expenses!C$6:C$25,$DB6,1)),"") -> 2023 | DH6: =IFERROR(IF($DD6="Passive","",INDEX(Expenses!D$6:D$25,$DB6,1)),"") -> 0 | DI6: =IFERROR(IF($DD6="Passive","",INDEX(Expenses!E$6:E$25,$DB6,1)),"") -> 0 | DJ6: =IFERROR(IF($DD6="Passive","",INDEX(Expenses!F$6:F$25,$DB6,1)),"") -> 500 | DK6: =IFERROR(IF($DD6="Passive","",INDEX(Expenses!G$6:G$25,$DB6,1)),"") -> 0 | DL6: =IFERROR(IF($DD6="Passive","",INDEX(Expenses!H$6:H$25,$DB6,1)),"") -> 0 | DM6: =IFERROR(IF($DD6="Passive","",INDEX(Expenses!I$6:I$25,$DB6,1)),"") -> 0 | ... DS6: =IFERROR(IF($DD6="Passive","",INDEX(Expenses!O$6:O$25,$DB6,1)),"") -> 0 | DU6: =IFERROR(IF(LEN(yearfilter)=0,"ALL",yearfilter),"") -> ALL | DX6: JANUARY | DY6: FEBRUARY | DZ6: MARCH | EA6: APRIL | EB6: MAY | EC6: JUNE | ED6: JULY | EE6: AUGUST | EF6: SEPTEMBER | EG6: OCTOBER | EH6: NOVEMBER | EI6: DECEMBER | EK6: SALES | EL6: =IF($DU$12="ALL","TOTAL",$DU$12) -> TOTAL | EM6: =IFERROR(INDEX(DX$12:DX$33,MATCH($EL$6,$DW$12:$DW$33,0),1),"") -> 0 | EN6: =IFERROR(INDEX(DY$12:DY$33,MATCH($EL$6,$DW$12:$DW$33,0),1),"") -> 0 | EO6: =IFERROR(INDEX(DZ$12:DZ$33,MATCH($EL$6,$DW$12:$DW$33,0),1),"") -> 0 | EP6: =IFERROR(INDEX(EA$12:EA$33,MATCH($EL$6,$DW$12:$DW$33,0),1),"") -> 0 | EQ6: =IFERROR(INDEX(EB$12:EB$33,MATCH($EL$6,$DW$12:$DW$33,0),1),"") -> 0 | ER6: =IFERROR(INDEX(EC$12:EC$33,MATCH($EL$6,$DW$12:$DW$33,0),1),"") -> 191750 | ES6: =IFERROR(INDEX(ED$12:ED$33,MATCH($EL$6,$DW$12:$DW$33,0),1),"") -> 210000 | ET6: =IFERROR(INDEX(EE$12:EE$33,MATCH($EL$6,$DW$12:$DW$33,0),1),"") -> 0 | ... EX6: =IFERROR(INDEX(EI$12:EI$33,MATCH($EL$6,$DW$12:$DW$33,0),1),"") -> 0
B7: 3 | D7: =IFERROR(IF(LEN(INDEX(Menu!$C$9:$C$28,$B7,1))=0,"",INDEX(Menu!$C$9:$C$28,$B7,1)),"") -> Dustin Santana | E7: =IFERROR(INDEX($D$5:$D$24, MATCH(0,INDEX((LEN($D$5:$D$24)=0)+COUNTIF($E$4:$E6,$D$5:$D$24),0),0)),"") -> Dustin Santana | G7: =IFERROR(IF(LEN(INDEX(Menu!$F$9:$F$28,$B7,1))=0,"",INDEX(Menu!$F$9:$F$28,$B7,1)),"") -> Commissions | H7: =IFERROR(INDEX($G$5:$G$24,MATCH(0,INDEX((LEN($G$5:$G$24)=0)+COUNTIF($H$4:$H6,$G$5:$G$24),0),0)),"") -> Commissions | J7: =IFERROR(IF(LEN(INDEX(Menu!$H$9:$H$28,$B7,1))=0,"",INDEX(Menu!$H$9:$H$28,$B7,1)),"") -> Townhome | K7: =IFERROR(INDEX($J$5:$J$14, MATCH(0,INDEX((LEN($J$5:$J$14)=0)+COUNTIF($K$4:$K6,$J$5:$J$14),0),0)),"") -> Townhome | M7: =IFERROR(IF(LEN(INDEX(Menu!$J$9:$J$28,$B7,1))=0,"",INDEX(Menu!$J$9:$J$28,$B7,1)),"") -> Financing | N7: =IFERROR(INDEX($M$5:$M$14, MATCH(0,INDEX((LEN($M$5:$M$14)=0)+COUNTIF($N$4:$N6,$M$5:$M$14),0),0)),"") -> Financing | P7: =IFERROR(IF(LEN(INDEX(Menu!$H$21:$H$28,$B7,1))=0,"",INDEX(Menu!$H$21:$H$28,$B7,1)),"") | Q7: =IFERROR(INDEX($P$5:$P$12, MATCH(0,INDEX((LEN($P$5:$P$12)=0)+COUNTIF($Q$4:$Q6,$P$5:$P$12),0),0)),"") | S7: 2022 | U7: 3 | V7: MARCH | X7: 0.04 | Z7: NUMBER OF SALES TARGET (#) | AA7: NUMBER OF SALES ACTUAL (#) | AC7: 4 | AE7: =IFERROR(IF(LEN(INDEX(BrokerTargetTracking!B$8:B$17,$AC7,1))=0,"Passive","Active"),"") -> Active | AG7: =IFERROR(IF($AE7="Passive","",INDEX(BrokerTargetTracking!B$8:B$407,$AC7,1)),"") -> Aidan Yates | AH7: =IFERROR(IF($AE7="Passive","",IF(LEN(INDEX(BrokerTargetTracking!C$8:C$17,$AC7,1))=0,"-",INDEX(BrokerTargetTracking!C$8:C$17,$AC7,1))),"") -> 2022 | AI7: =IFERROR(IF($AE7="Passive","",INDEX(BrokerTargetTracking!D$8:D$17,$AC7,1)),"") -> 200000 | AJ7: =IFERROR(IF($AE7="Passive","",INDEX(BrokerTargetTracking!E$8:E$17,$AC7,1)),"") -> 200000 | AK7: =IFERROR(IF($AE7="Passive","",INDEX(BrokerTargetTracking!F$8:F$17,$AC7,1)),"") -> 200000 | AL7: =IFERROR(IF($AE7="Passive","",INDEX(BrokerTargetTracking!G$8:G$17,$AC7,1)),"") -> 200000 | AM7: =IFERROR(IF($AE7="Passive","",INDEX(BrokerTargetTracking!H$8:H$17,$AC7,1)),"") -> 200000 | AN7: =IFERROR(IF($AE7="Passive","",INDEX(BrokerTargetTracking!I$8:I$17,$AC7,1)),"") -> 200000 | AO7: =IFERROR(IF($AE7="Passive","",INDEX(BrokerTargetTracking!J$8:J$17,$AC7,1)),"") -> 250000 | AP7: =IFERROR(IF($AE7="Passive","",INDEX(BrokerTargetTracking!K$8:K$17,$AC7,1)),"") -> 250000 | ... AT7: =IFERROR(IF($AE7="Passive","",INDEX(BrokerTargetTracking!O$8:O$17,$AC7,1)),"") -> 250000 | AV7: =IFERROR(IF($AE7="Passive","",$AG7),"") -> Aidan Yates | AW7: =IFERROR(IF($AE7="Passive","",$AH7),"") -> 2022 | AX7: =IFERROR(IF($AE7="Passive","",INDEX(BrokerTargetTracking!D$411:D$420,$AC7,1)),"") -> 115000 | AY7: =IFERROR(IF($AE7="Passive","",INDEX(BrokerTargetTracking!E$411:E$420,$AC7,1)),"") -> 125000 | AZ7: =IFERROR(IF($AE7="Passive","",INDEX(BrokerTargetTracking!F$411:F$420,$AC7,1)),"") -> 95000 | BA7: =IFERROR(IF($AE7="Passive","",INDEX(BrokerTargetTracking!G$411:G$420,$AC7,1)),"") -> 160000 | BB7: =IFERROR(IF($AE7="Passive","",INDEX(BrokerTargetTracking!H$411:H$420,$AC7,1)),"") -> 95000 | BC7: =IFERROR(IF($AE7="Passive","",INDEX(BrokerTargetTracking!I$411:I$420,$AC7,1)),"") -> 190000 | BD7: =IFERROR(IF($AE7="Passive","",INDEX(BrokerTargetTracking!J$411:J$420,$AC7,1)),"") -> 125000 | BE7: =IFERROR(IF($AE7="Passive","",INDEX(BrokerTargetTracking!K$411:K$420,$AC7,1)),"") -> 185000 | ... BI7: =IFERROR(IF($AE7="Passive","",INDEX(BrokerTargetTracking!O$411:O$420,$AC7,1)),"") -> 95000 | BK7: 4 | BM7: =IFERROR(IF(OR(LEN(INDEX(PropertyDatabase!B$6:B$25,$BK7,1))=0,LEN(INDEX(PropertyDatabase!C$6:C$25,$BK7,1))=0),"Passive","Active"),"") -> Active | BO7: =IFERROR(IF($BM7="Passive","",INDEX(PropertyDatabase!B$6:B$25,$BK7,1)),"") -> 104 | BP7: =IFERROR(IF($BM7="Passive","",INDEX(PropertyDatabase!C$6:C$25,$BK7,1)),"") -> Property 4 | BQ7: =IFERROR(IF($BM7="Passive","",INDEX(PropertyDatabase!D$6:D$25,$BK7,1)),"") -> Hannah Shaw | BR7: =IFERROR(IF($BM7="Passive","",INDEX(PropertyDatabase!E$6:E$25,$BK7,1)),"") -> hannah@mail.com | BS7: =IFERROR(IF($BM7="Passive","",INDEX(PropertyDatabase!F$6:F$25,$BK7,1)),"") -> Flat | BT7: =IFERROR(IF($BM7="Passive","",INDEX(PropertyDatabase!G$6:G$25,$BK7,1)),"") -> 975 Edgewood St. Brooklyn 11214 | BU7: =IFERROR(IF($BM7="Passive","",IF(LEN(INDEX(PropertyDatabase!H$6:H$25,$BK7,1))=0,"-",INDEX(PropertyDatabase!H$6:H$25,$BK7,1))),"") -> 750 | BV7: =IFERROR(IF($BM7="Passive","",IF(LEN(INDEX(PropertyDatabase!I$6:I$25,$BK7,1))=0,"-",INDEX(PropertyDatabase!I$6:I$25,$BK7,1))),"") -> 450000 | BX7: =IFERROR(IF($BM7="Passive","",$BO7&" - "&$BP7),"") -> 104 - Property 4 | BY7: =IFERROR(IF($BM7="Passive","",$BK7),"") -> 4 | BZ7: =IFERROR(SMALL($BY$4:$BY$23,ROW($BZ7)-ROW($BZ$3)),"") -> 4 | CA7: =IFERROR(INDEX($BX$4:$BX$23,$BZ7,1),"") -> 104 - Property 4 | CC7: 4 | CE7: =IFERROR(IF(OR(LEN(INDEX(TaskDatabase!B$6:B$25,$CC7,1))=0,LEN(INDEX(TaskDatabase!C$6:C$25,$CC7,1))=0),"Passive","Active"),"") -> Active | CG7: =IFERROR(IF($CE7="Passive","",INDEX(TaskDatabase!B$6:B$25,$CC7,1)),"") -> 1004 | CH7: =IFERROR(IF($CE7="Passive","",INDEX(TaskDatabase!C$6:C$25,$CC7,1)),"") -> Aidan Yates | CI7: =IFERROR(IF($CE7="Passive","",INDEX(TaskDatabase!D$6:D$25,$CC7,1)),"") -> 44997 | CJ7: =IFERROR(IF($CE7="Passive","",INDEX(TaskDatabase!E$6:E$25,$CC7,1)),"") -> 105 - Property 5 | CK7: =IFERROR(IF($CE7="Passive","",INDEX(TaskDatabase!L$6:L$25,$CC7,1)),"") -> Nicole Andres | CL7: =IFERROR(IF($CE7="Passive","",INDEX(TaskDatabase!M$6:M$25,$CC7,1)),"") -> 646-233-6736 | CM7: =IFERROR(IF($CE7="Passive","",INDEX(TaskDatabase!N$6:N$25,$CC7,1)),"") -> Rent | CN7: =IFERROR(IF($CE7="Passive","",INDEX(TaskDatabase!O$6:O$25,$CC7,1)),"") -> 2000 | CO7: =IFERROR(IF($CE7="Passive","",INDEX(TaskDatabase!P$6:P$25,$CC7,1)),"") -> 1 | CP7: =IFERROR(IF($CE7="Passive","",INDEX(TaskDatabase!Q$6:Q$25,$CC7,1)),"") -> 2000 | CQ7: =IFERROR(IF($CE7="Passive","",INDEX(TaskDatabase!R$6:R$25,$CC7,1)),"") -> 0.15 | CR7: =IFERROR(IF($CE7="Passive","",INDEX(TaskDatabase!S$6:S$25,$CC7,1)),"") -> 300 | ... CU7: =IFERROR(IF($CE7="Passive","",INDEX(TaskDatabase!V$6:V$25,$CC7,1)),"") -> 0 | CV7: =IFERROR(IF($CE7="Passive","",IF($CU7>0,$CU7,$CT7)),"") -> 1200 | CW7: =IFERROR(IF($CE7="Passive","",INDEX(TaskDatabase!W$6:W$25,$CC7,1)),"") -> Cancelled | CX7: =IFERROR(IF($CE7="Passive","",INDEX(TaskDatabase!X$6:X$25,$CC7,1)),"") -> 45012 | CY7: =IFERROR(IF($CE7="Passive","",MONTH($CX7)),"") -> 3 | CZ7: =IFERROR(IF($CE7="Passive","",YEAR($CX7)),"") -> 2023 | DB7: 4 | DD7: =IFERROR(IF(OR(LEN(INDEX(Expenses!B$6:B$25,$DB7,1))=0,LEN(INDEX(Expenses!C$6:C$25,$DB7,1))=0),"Passive","Active"),"") -> Active | DF7: =IFERROR(IF($DD7="Passive","",INDEX(Expenses!B$6:B$25,$DB7,1)),"") -> Taxes | DG7: =IFERROR(IF($DD7="Passive","",INDEX(Expenses!C$6:C$25,$DB7,1)),"") -> 2023 | DH7: =IFERROR(IF($DD7="Passive","",INDEX(Expenses!D$6:D$25,$DB7,1)),"") -> 0 | DI7: =IFERROR(IF($DD7="Passive","",INDEX(Expenses!E$6:E$25,$DB7,1)),"") -> 0 | DJ7: =IFERROR(IF($DD7="Passive","",INDEX(Expenses!F$6:F$25,$DB7,1)),"") -> 0 | DK7: =IFERROR(IF($DD7="Passive","",INDEX(Expenses!G$6:G$25,$DB7,1)),"") -> 0 | DL7: =IFERROR(IF($DD7="Passive","",INDEX(Expenses!H$6:H$25,$DB7,1)),"") -> 0 | DM7: =IFERROR(IF($DD7="Passive","",INDEX(Expenses!I$6:I$25,$DB7,1)),"") -> 0 | ... DS7: =IFERROR(IF($DD7="Passive","",INDEX(Expenses!O$6:O$25,$DB7,1)),"") -> 0 | DW7: INCOME | DX7: =IFERROR(IF($DU$6="ALL",SUMIFS($CV$4:$CV$23,$CE$4:$CE$23,"Active",$CY$4:$CY$23,DX$5), IF($DU$6<>"ALL",SUMIFS($CV$4:$CV$23,$CE$4:$CE$23,"Active",$CY$4:$CY$23,DX$5,$CZ$4:$CZ$23,$DU$6))),"") -> 11202.5 | DY7: =IFERROR(IF($DU$6="ALL",SUMIFS($CV$4:$CV$23,$CE$4:$CE$23,"Active",$CY$4:$CY$23,DY$5), IF($DU$6<>"ALL",SUMIFS($CV$4:$CV$23,$CE$4:$CE$23,"Active",$CY$4:$CY$23,DY$5,$CZ$4:$CZ$23,$DU$6))),"") -> 0 | DZ7: =IFERROR(IF($DU$6="ALL",SUMIFS($CV$4:$CV$23,$CE$4:$CE$23,"Active",$CY$4:$CY$23,DZ$5), IF($DU$6<>"ALL",SUMIFS($CV$4:$CV$23,$CE$4:$CE$23,"Active",$CY$4:$CY$23,DZ$5,$CZ$4:$CZ$23,$DU$6))),"") -> 2520 | EA7: =IFERROR(IF($DU$6="ALL",SUMIFS($CV$4:$CV$23,$CE$4:$CE$23,"Active",$CY$4:$CY$23,EA$5), IF($DU$6<>"ALL",SUMIFS($CV$4:$CV$23,$CE$4:$CE$23,"Active",$CY$4:$CY$23,EA$5,$CZ$4:$CZ$23,$DU$6))),"") -> 0 | EB7: =IFERROR(IF($DU$6="ALL",SUMIFS($CV$4:$CV$23,$CE$4:$CE$23,"Active",$CY$4:$CY$23,EB$5), IF($DU$6<>"ALL",SUMIFS($CV$4:$CV$23,$CE$4:$CE$23,"Active",$CY$4:$CY$23,EB$5,$CZ$4:$CZ$23,$DU$6))),"") -> 0 | EC7: =IFERROR(IF($DU$6="ALL",SUMIFS($CV$4:$CV$23,$CE$4:$CE$23,"Active",$CY$4:$CY$23,EC$5), IF($DU$6<>"ALL",SUMIFS($CV$4:$CV$23,$CE$4:$CE$23,"Active",$CY$4:$CY$23,EC$5,$CZ$4:$CZ$23,$DU$6))),"") -> 8035 | ED7: =IFERROR(IF($DU$6="ALL",SUMIFS($CV$4:$CV$23,$CE$4:$CE$23,"Active",$CY$4:$CY$23,ED$5), IF($DU$6<>"ALL",SUMIFS($CV$4:$CV$23,$CE$4:$CE$23,"Active",$CY$4:$CY$23,ED$5,$CZ$4:$CZ$23,$DU$6))),"") -> 8700 | EE7: =IFERROR(IF($DU$6="ALL",SUMIFS($CV$4:$CV$23,$CE$4:$CE$23,"Active",$CY$4:$CY$23,EE$5), IF($DU$6<>"ALL",SUMIFS($CV$4:$CV$23,$CE$4:$CE$23,"Active",$CY$4:$CY$23,EE$5,$CZ$4:$CZ$23,$DU$6))),"") -> 6120 | ... EI7: =IFERROR(IF($DU$6="ALL",SUMIFS($CV$4:$CV$23,$CE$4:$CE$23,"Active",$CY$4:$CY$23,EI$5), IF($DU$6<>"ALL",SUMIFS($CV$4:$CV$23,$CE$4:$CE$23,"Active",$CY$4:$CY$23,EI$5,$CZ$4:$CZ$23,$DU$6))),"") -> 0 | EK7: COMISSIONS | EL7: =IF($DU$12="ALL","TOTAL",$DU$12) -> TOTAL | EM7: =IFERROR(INDEX(DX$36:DX$115,MATCH($EL$7,$DW$36:$DW$115,0),1),"") -> 0 | EN7: =IFERROR(INDEX(DY$36:DY$115,MATCH($EL$7,$DW$36:$DW$115,0),1),"") -> 0 | EO7: =IFERROR(INDEX(DZ$36:DZ$115,MATCH($EL$7,$DW$36:$DW$115,0),1),"") -> 0 | EP7: =IFERROR(INDEX(EA$36:EA$115,MATCH($EL$7,$DW$36:$DW$115,0),1),"") -> 0 | EQ7: =IFERROR(INDEX(EB$36:EB$115,MATCH($EL$7,$DW$36:$DW$115,0),1),"") -> 0 | ER7: =IFERROR(INDEX(EC$36:EC$115,MATCH($EL$7,$DW$36:$DW$115,0),1),"") -> 9350 | ES7: =IFERROR(INDEX(ED$36:ED$115,MATCH($EL$7,$DW$36:$DW$115,0),1),"") -> 10500 | ET7: =IFERROR(INDEX(EE$36:EE$115,MATCH($EL$7,$DW$36:$DW$115,0),1),"") -> 0 | ... EX7: =IFERROR(INDEX(EI$36:EI$115,MATCH($EL$7,$DW$36:$DW$115,0),1),"") -> 0
B8: 4 | D8: =IFERROR(IF(LEN(INDEX(Menu!$C$9:$C$28,$B8,1))=0,"",INDEX(Menu!$C$9:$C$28,$B8,1)),"") -> Aidan Yates | E8: =IFERROR(INDEX($D$5:$D$24, MATCH(0,INDEX((LEN($D$5:$D$24)=0)+COUNTIF($E$4:$E7,$D$5:$D$24),0),0)),"") -> Aidan Yates | G8: =IFERROR(IF(LEN(INDEX(Menu!$F$9:$F$28,$B8,1))=0,"",INDEX(Menu!$F$9:$F$28,$B8,1)),"") -> Insurance | H8: =IFERROR(INDEX($G$5:$G$24,MATCH(0,INDEX((LEN($G$5:$G$24)=0)+COUNTIF($H$4:$H7,$G$5:$G$24),0),0)),"") -> Insurance | J8: =IFERROR(IF(LEN(INDEX(Menu!$H$9:$H$28,$B8,1))=0,"",INDEX(Menu!$H$9:$H$28,$B8,1)),"") -> Office | K8: =IFERROR(INDEX($J$5:$J$14, MATCH(0,INDEX((LEN($J$5:$J$14)=0)+COUNTIF($K$4:$K7,$J$5:$J$14),0),0)),"") -> Office | M8: =IFERROR(IF(LEN(INDEX(Menu!$J$9:$J$28,$B8,1))=0,"",INDEX(Menu!$J$9:$J$28,$B8,1)),"") -> Agreement | N8: =IFERROR(INDEX($M$5:$M$14, MATCH(0,INDEX((LEN($M$5:$M$14)=0)+COUNTIF($N$4:$N7,$M$5:$M$14),0),0)),"") -> Agreement | P8: =IFERROR(IF(LEN(INDEX(Menu!$H$21:$H$28,$B8,1))=0,"",INDEX(Menu!$H$21:$H$28,$B8,1)),"") | Q8: =IFERROR(INDEX($P$5:$P$12, MATCH(0,INDEX((LEN($P$5:$P$12)=0)+COUNTIF($Q$4:$Q7,$P$5:$P$12),0),0)),"") | S8: 2023 | U8: 4 | V8: APRIL | X8: 0.05 | Z8: NUMBER OF CUSTOMER TARGET (#) | AA8: NUMBER OF CUSTOMER ACTUAL (#) | AC8: 5 | AE8: =IFERROR(IF(LEN(INDEX(BrokerTargetTracking!B$8:B$17,$AC8,1))=0,"Passive","Active"),"") -> Active | AG8: =IFERROR(IF($AE8="Passive","",INDEX(BrokerTargetTracking!B$8:B$407,$AC8,1)),"") -> Deanna Holcomb | AH8: =IFERROR(IF($AE8="Passive","",IF(LEN(INDEX(BrokerTargetTracking!C$8:C$17,$AC8,1))=0,"-",INDEX(BrokerTargetTracking!C$8:C$17,$AC8,1))),"") -> 2022 | AI8: =IFERROR(IF($AE8="Passive","",INDEX(BrokerTargetTracking!D$8:D$17,$AC8,1)),"") -> 200000 | AJ8: =IFERROR(IF($AE8="Passive","",INDEX(BrokerTargetTracking!E$8:E$17,$AC8,1)),"") -> 200000 | AK8: =IFERROR(IF($AE8="Passive","",INDEX(BrokerTargetTracking!F$8:F$17,$AC8,1)),"") -> 200000 | AL8: =IFERROR(IF($AE8="Passive","",INDEX(BrokerTargetTracking!G$8:G$17,$AC8,1)),"") -> 200000 | AM8: =IFERROR(IF($AE8="Passive","",INDEX(BrokerTargetTracking!H$8:H$17,$AC8,1)),"") -> 200000 | AN8: =IFERROR(IF($AE8="Passive","",INDEX(BrokerTargetTracking!I$8:I$17,$AC8,1)),"") -> 200000 | AO8: =IFERROR(IF($AE8="Passive","",INDEX(BrokerTargetTracking!J$8:J$17,$AC8,1)),"") -> 250000 | AP8: =IFERROR(IF($AE8="Passive","",INDEX(BrokerTargetTracking!K$8:K$17,$AC8,1)),"") -> 250000 | ... AT8: =IFERROR(IF($AE8="Passive","",INDEX(BrokerTargetTracking!O$8:O$17,$AC8,1)),"") -> 250000 | AV8: =IFERROR(IF($AE8="Passive","",$AG8),"") -> Deanna Holcomb | AW8: =IFERROR(IF($AE8="Passive","",$AH8),"") -> 2022 | AX8: =IFERROR(IF($AE8="Passive","",INDEX(BrokerTargetTracking!D$411:D$420,$AC8,1)),"") -> 150000 | AY8: =IFERROR(IF($AE8="Passive","",INDEX(BrokerTargetTracking!E$411:E$420,$AC8,1)),"") -> 170000 | AZ8: =IFERROR(IF($AE8="Passive","",INDEX(BrokerTargetTracking!F$411:F$420,$AC8,1)),"") -> 190000 | BA8: =IFERROR(IF($AE8="Passive","",INDEX(BrokerTargetTracking!G$411:G$420,$AC8,1)),"") -> 140000 | BB8: =IFERROR(IF($AE8="Passive","",INDEX(BrokerTargetTracking!H$411:H$420,$AC8,1)),"") -> 135000 | BC8: =IFERROR(IF($AE8="Passive","",INDEX(BrokerTargetTracking!I$411:I$420,$AC8,1)),"") -> 125000 | BD8: =IFERROR(IF($AE8="Passive","",INDEX(BrokerTargetTracking!J$411:J$420,$AC8,1)),"") -> 140000 | BE8: =IFERROR(IF($AE8="Passive","",INDEX(BrokerTargetTracking!K$411:K$420,$AC8,1)),"") -> 120000 | ... BI8: =IFERROR(IF($AE8="Passive","",INDEX(BrokerTargetTracking!O$411:O$420,$AC8,1)),"") -> 195000 | BK8: 5 | BM8: =IFERROR(IF(OR(LEN(INDEX(PropertyDatabase!B$6:B$25,$BK8,1))=0,LEN(INDEX(PropertyDatabase!C$6:C$25,$BK8,1))=0),"Passive","Active"),"") -> Active | BO8: =IFERROR(IF($BM8="Passive","",INDEX(PropertyDatabase!B$6:B$25,$BK8,1)),"") -> 105 | BP8: =IFERROR(IF($BM8="Passive","",INDEX(PropertyDatabase!C$6:C$25,$BK8,1)),"") -> Property 5 | BQ8: =IFERROR(IF($BM8="Passive","",INDEX(PropertyDatabase!D$6:D$25,$BK8,1)),"") -> Carmel Beltran | BR8: =IFERROR(IF($BM8="Passive","",INDEX(PropertyDatabase!E$6:E$25,$BK8,1)),"") -> carmel@mail.com | BS8: =IFERROR(IF($BM8="Passive","",INDEX(PropertyDatabase!F$6:F$25,$BK8,1)),"") -> Townhome | BT8: =IFERROR(IF($BM8="Passive","",INDEX(PropertyDatabase!G$6:G$25,$BK8,1)),"") -> 74 Trusel Rd. Troy 12180 | BU8: =IFERROR(IF($BM8="Passive","",IF(LEN(INDEX(PropertyDatabase!H$6:H$25,$BK8,1))=0,"-",INDEX(PropertyDatabase!H$6:H$25,$BK8,1))),"") -> - | BV8: =IFERROR(IF($BM8="Passive","",IF(LEN(INDEX(PropertyDatabase!I$6:I$25,$BK8,1))=0,"-",INDEX(PropertyDatabase!I$6:I$25,$BK8,1))),"") -> - | BX8: =IFERROR(IF($BM8="Passive","",$BO8&" - "&$BP8),"") -> 105 - Property 5 | BY8: =IFERROR(IF($BM8="Passive","",$BK8),"") -> 5 | BZ8: =IFERROR(SMALL($BY$4:$BY$23,ROW($BZ8)-ROW($BZ$3)),"") -> 5 | CA8: =IFERROR(INDEX($BX$4:$BX$23,$BZ8,1),"") -> 105 - Property 5 | CC8: 5 | CE8: =IFERROR(IF(OR(LEN(INDEX(TaskDatabase!B$6:B$25,$CC8,1))=0,LEN(INDEX(TaskDatabase!C$6:C$25,$CC8,1))=0),"Passive","Active"),"") -> Active | CG8: =IFERROR(IF($CE8="Passive","",INDEX(TaskDatabase!B$6:B$25,$CC8,1)),"") -> 1005 | CH8: =IFERROR(IF($CE8="Passive","",INDEX(TaskDatabase!C$6:C$25,$CC8,1)),"") -> Deanna Holcomb | CI8: =IFERROR(IF($CE8="Passive","",INDEX(TaskDatabase!D$6:D$25,$CC8,1)),"") -> 45030 | CJ8: =IFERROR(IF($CE8="Passive","",INDEX(TaskDatabase!E$6:E$25,$CC8,1)),"") -> 110 - Property 10 | CK8: =IFERROR(IF($CE8="Passive","",INDEX(TaskDatabase!L$6:L$25,$CC8,1)),"") -> Leonard Boccia | CL8: =IFERROR(IF($CE8="Passive","",INDEX(TaskDatabase!M$6:M$25,$CC8,1)),"") -> 917-668-2222 | CM8: =IFERROR(IF($CE8="Passive","",INDEX(TaskDatabase!N$6:N$25,$CC8,1)),"") -> Rent | CN8: =IFERROR(IF($CE8="Passive","",INDEX(TaskDatabase!O$6:O$25,$CC8,1)),"") -> 1750 | CO8: =IFERROR(IF($CE8="Passive","",INDEX(TaskDatabase!P$6:P$25,$CC8,1)),"") -> 1 | CP8: =IFERROR(IF($CE8="Passive","",INDEX(TaskDatabase!Q$6:Q$25,$CC8,1)),"") -> 1750 | CQ8: =IFERROR(IF($CE8="Passive","",INDEX(TaskDatabase!R$6:R$25,$CC8,1)),"") -> 0.1 | CR8: =IFERROR(IF($CE8="Passive","",INDEX(TaskDatabase!S$6:S$25,$CC8,1)),"") -> 175 | ... CU8: =IFERROR(IF($CE8="Passive","",INDEX(TaskDatabase!V$6:V$25,$CC8,1)),"") -> 0 | CV8: =IFERROR(IF($CE8="Passive","",IF($CU8>0,$CU8,$CT8)),"") -> 1575 | CW8: =IFERROR(IF($CE8="Passive","",INDEX(TaskDatabase!W$6:W$25,$CC8,1)),"") -> Paid | CX8: =IFERROR(IF($CE8="Passive","",INDEX(TaskDatabase!X$6:X$25,$CC8,1)),"") -> 45103 | CY8: =IFERROR(IF($CE8="Passive","",MONTH($CX8)),"") -> 6 | CZ8: =IFERROR(IF($CE8="Passive","",YEAR($CX8)),"") -> 2023 | DB8: 5 | DD8: =IFERROR(IF(OR(LEN(INDEX(Expenses!B$6:B$25,$DB8,1))=0,LEN(INDEX(Expenses!C$6:C$25,$DB8,1))=0),"Passive","Active"),"") -> Active | DF8: =IFERROR(IF($DD8="Passive","",INDEX(Expenses!B$6:B$25,$DB8,1)),"") -> Salaries | DG8: =IFERROR(IF($DD8="Passive","",INDEX(Expenses!C$6:C$25,$DB8,1)),"") -> 2023 | DH8: =IFERROR(IF($DD8="Passive","",INDEX(Expenses!D$6:D$25,$DB8,1)),"") -> 15000 | DI8: =IFERROR(IF($DD8="Passive","",INDEX(Expenses!E$6:E$25,$DB8,1)),"") -> 15000 | DJ8: =IFERROR(IF($DD8="Passive","",INDEX(Expenses!F$6:F$25,$DB8,1)),"") -> 15000 | DK8: =IFERROR(IF($DD8="Passive","",INDEX(Expenses!G$6:G$25,$DB8,1)),"") -> 15000 | DL8: =IFERROR(IF($DD8="Passive","",INDEX(Expenses!H$6:H$25,$DB8,1)),"") -> 0 | DM8: =IFERROR(IF($DD8="Passive","",INDEX(Expenses!I$6:I$25,$DB8,1)),"") -> 0 | ... DS8: =IFERROR(IF($DD8="Passive","",INDEX(Expenses!O$6:O$25,$DB8,1)),"") -> 0 | DU8: MONTH FILTER | DW8: EXPENSES | DX8: =IFERROR(IF($DU$6="ALL",SUMIFS(DH$4:DH$23,$DD$4:$DD$23,"Active"), IF($DU$6<>"ALL",SUMIFS(DH$4:DH$23,$DD$4:$DD$23,"Active",$DG$4:$DG$23,$DU$6))),"") -> 16500 | DY8: =IFERROR(IF($DU$6="ALL",SUMIFS(DI$4:DI$23,$DD$4:$DD$23,"Active"), IF($DU$6<>"ALL",SUMIFS(DI$4:DI$23,$DD$4:$DD$23,"Active",$DG$4:$DG$23,$DU$6))),"") -> 16000 | DZ8: =IFERROR(IF($DU$6="ALL",SUMIFS(DJ$4:DJ$23,$DD$4:$DD$23,"Active"), IF($DU$6<>"ALL",SUMIFS(DJ$4:DJ$23,$DD$4:$DD$23,"Active",$DG$4:$DG$23,$DU$6))),"") -> 16500 | EA8: =IFERROR(IF($DU$6="ALL",SUMIFS(DK$4:DK$23,$DD$4:$DD$23,"Active"), IF($DU$6<>"ALL",SUMIFS(DK$4:DK$23,$DD$4:$DD$23,"Active",$DG$4:$DG$23,$DU$6))),"") -> 16000 | EB8: =IFERROR(IF($DU$6="ALL",SUMIFS(DL$4:DL$23,$DD$4:$DD$23,"Active"), IF($DU$6<>"ALL",SUMIFS(DL$4:DL$23,$DD$4:$DD$23,"Active",$DG$4:$DG$23,$DU$6))),"") -> 1000 | EC8: =IFERROR(IF($DU$6="ALL",SUMIFS(DM$4:DM$23,$DD$4:$DD$23,"Active"), IF($DU$6<>"ALL",SUMIFS(DM$4:DM$23,$DD$4:$DD$23,"Active",$DG$4:$DG$23,$DU$6))),"") -> 1000 | ED8: =IFERROR(IF($DU$6="ALL",SUMIFS(DN$4:DN$23,$DD$4:$DD$23,"Active"), IF($DU$6<>"ALL",SUMIFS(DN$4:DN$23,$DD$4:$DD$23,"Active",$DG$4:$DG$23,$DU$6))),"") -> 1750 | EE8: =IFERROR(IF($DU$6="ALL",SUMIFS(DO$4:DO$23,$DD$4:$DD$23,"Active"), IF($DU$6<>"ALL",SUMIFS(DO$4:DO$23,$DD$4:$DD$23,"Active",$DG$4:$DG$23,$DU$6))),"") -> 1000 | ... EI8: =IFERROR(IF($DU$6="ALL",SUMIFS(DS$4:DS$23,$DD$4:$DD$23,"Active"), IF($DU$6<>"ALL",SUMIFS(DS$4:DS$23,$DD$4:$DD$23,"Active",$DG$4:$DG$23,$DU$6))),"") -> 250
B9: 5 | D9: =IFERROR(IF(LEN(INDEX(Menu!$C$9:$C$28,$B9,1))=0,"",INDEX(Menu!$C$9:$C$28,$B9,1)),"") -> Deanna Holcomb | E9: =IFERROR(INDEX($D$5:$D$24, MATCH(0,INDEX((LEN($D$5:$D$24)=0)+COUNTIF($E$4:$E8,$D$5:$D$24),0),0)),"") -> Deanna Holcomb | G9: =IFERROR(IF(LEN(INDEX(Menu!$F$9:$F$28,$B9,1))=0,"",INDEX(Menu!$F$9:$F$28,$B9,1)),"") -> Management Fees | H9: =IFERROR(INDEX($G$5:$G$24,MATCH(0,INDEX((LEN($G$5:$G$24)=0)+COUNTIF($H$4:$H8,$G$5:$G$24),0),0)),"") -> Management Fees | J9: =IFERROR(IF(LEN(INDEX(Menu!$H$9:$H$28,$B9,1))=0,"",INDEX(Menu!$H$9:$H$28,$B9,1)),"") -> Apartment | K9: =IFERROR(INDEX($J$5:$J$14, MATCH(0,INDEX((LEN($J$5:$J$14)=0)+COUNTIF($K$4:$K8,$J$5:$J$14),0),0)),"") -> Apartment | M9: =IFERROR(IF(LEN(INDEX(Menu!$J$9:$J$28,$B9,1))=0,"",INDEX(Menu!$J$9:$J$28,$B9,1)),"") -> Cancelled | N9: =IFERROR(INDEX($M$5:$M$14, MATCH(0,INDEX((LEN($M$5:$M$14)=0)+COUNTIF($N$4:$N8,$M$5:$M$14),0),0)),"") -> Cancelled | P9: =IFERROR(IF(LEN(INDEX(Menu!$H$21:$H$28,$B9,1))=0,"",INDEX(Menu!$H$21:$H$28,$B9,1)),"") | Q9: =IFERROR(INDEX($P$5:$P$12, MATCH(0,INDEX((LEN($P$5:$P$12)=0)+COUNTIF($Q$4:$Q8,$P$5:$P$12),0),0)),"") | S9: 2024 | U9: 5 | V9: MAY | X9: 0.06 | Z9: NUMBER OF PORTFOLIO TARGET (#) | AA9: NUMBER OF PORTFOLIO ACTUAL (#) | AC9: 6 | AE9: =IFERROR(IF(LEN(INDEX(BrokerTargetTracking!B$8:B$17,$AC9,1))=0,"Passive","Active"),"") -> Active | AG9: =IFERROR(IF($AE9="Passive","",INDEX(BrokerTargetTracking!B$8:B$407,$AC9,1)),"") -> Gage Boyd | AH9: =IFERROR(IF($AE9="Passive","",IF(LEN(INDEX(BrokerTargetTracking!C$8:C$17,$AC9,1))=0,"-",INDEX(BrokerTargetTracking!C$8:C$17,$AC9,1))),"") -> 2022 | AI9: =IFERROR(IF($AE9="Passive","",INDEX(BrokerTargetTracking!D$8:D$17,$AC9,1)),"") -> 200000 | AJ9: =IFERROR(IF($AE9="Passive","",INDEX(BrokerTargetTracking!E$8:E$17,$AC9,1)),"") -> 200000 | AK9: =IFERROR(IF($AE9="Passive","",INDEX(BrokerTargetTracking!F$8:F$17,$AC9,1)),"") -> 200000 | AL9: =IFERROR(IF($AE9="Passive","",INDEX(BrokerTargetTracking!G$8:G$17,$AC9,1)),"") -> 200000 | AM9: =IFERROR(IF($AE9="Passive","",INDEX(BrokerTargetTracking!H$8:H$17,$AC9,1)),"") -> 200000 | AN9: =IFERROR(IF($AE9="Passive","",INDEX(BrokerTargetTracking!I$8:I$17,$AC9,1)),"") -> 200000 | AO9: =IFERROR(IF($AE9="Passive","",INDEX(BrokerTargetTracking!J$8:J$17,$AC9,1)),"") -> 250000 | AP9: =IFERROR(IF($AE9="Passive","",INDEX(BrokerTargetTracking!K$8:K$17,$AC9,1)),"") -> 250000 | ... AT9: =IFERROR(IF($AE9="Passive","",INDEX(BrokerTargetTracking!O$8:O$17,$AC9,1)),"") -> 250000 | AV9: =IFERROR(IF($AE9="Passive","",$AG9),"") -> Gage Boyd | AW9: =IFERROR(IF($AE9="Passive","",$AH9),"") -> 2022 | AX9: =IFERROR(IF($AE9="Passive","",INDEX(BrokerTargetTracking!D$411:D$420,$AC9,1)),"") -> 135000 | AY9: =IFERROR(IF($AE9="Passive","",INDEX(BrokerTargetTracking!E$411:E$420,$AC9,1)),"") -> 160000 | AZ9: =IFERROR(IF($AE9="Passive","",INDEX(BrokerTargetTracking!F$411:F$420,$AC9,1)),"") -> 100000 | BA9: =IFERROR(IF($AE9="Passive","",INDEX(BrokerTargetTracking!G$411:G$420,$AC9,1)),"") -> 100000 | BB9: =IFERROR(IF($AE9="Passive","",INDEX(BrokerTargetTracking!H$411:H$420,$AC9,1)),"") -> 185000 | BC9: =IFERROR(IF($AE9="Passive","",INDEX(BrokerTargetTracking!I$411:I$420,$AC9,1)),"") -> 170000 | BD9: =IFERROR(IF($AE9="Passive","",INDEX(BrokerTargetTracking!J$411:J$420,$AC9,1)),"") -> 95000 | BE9: =IFERROR(IF($AE9="Passive","",INDEX(BrokerTargetTracking!K$411:K$420,$AC9,1)),"") -> 160000 | ... BI9: =IFERROR(IF($AE9="Passive","",INDEX(BrokerTargetTracking!O$411:O$420,$AC9,1)),"") -> 170000 | BK9: 6 | BM9: =IFERROR(IF(OR(LEN(INDEX(PropertyDatabase!B$6:B$25,$BK9,1))=0,LEN(INDEX(PropertyDatabase!C$6:C$25,$BK9,1))=0),"Passive","Active"),"") -> Active | BO9: =IFERROR(IF($BM9="Passive","",INDEX(PropertyDatabase!B$6:B$25,$BK9,1)),"") -> 106 | BP9: =IFERROR(IF($BM9="Passive","",INDEX(PropertyDatabase!C$6:C$25,$BK9,1)),"") -> Property 6 | BQ9: =IFERROR(IF($BM9="Passive","",INDEX(PropertyDatabase!D$6:D$25,$BK9,1)),"") -> Sarah-Jayne Morrison | BR9: =IFERROR(IF($BM9="Passive","",INDEX(PropertyDatabase!E$6:E$25,$BK9,1)),"") -> sarah-jayne@mail.com | BS9: =IFERROR(IF($BM9="Passive","",INDEX(PropertyDatabase!F$6:F$25,$BK9,1)),"") -> Flat | BT9: =IFERROR(IF($BM9="Passive","",INDEX(PropertyDatabase!G$6:G$25,$BK9,1)),"") -> 56 La Sierra Dr. Bronx10467 | BU9: =IFERROR(IF($BM9="Passive","",IF(LEN(INDEX(PropertyDatabase!H$6:H$25,$BK9,1))=0,"-",INDEX(PropertyDatabase!H$6:H$25,$BK9,1))),"") -> - | BV9: =IFERROR(IF($BM9="Passive","",IF(LEN(INDEX(PropertyDatabase!I$6:I$25,$BK9,1))=0,"-",INDEX(PropertyDatabase!I$6:I$25,$BK9,1))),"") -> - | BX9: =IFERROR(IF($BM9="Passive","",$BO9&" - "&$BP9),"") -> 106 - Property 6 | BY9: =IFERROR(IF($BM9="Passive","",$BK9),"") -> 6 | BZ9: =IFERROR(SMALL($BY$4:$BY$23,ROW($BZ9)-ROW($BZ$3)),"") -> 6 | CA9: =IFERROR(INDEX($BX$4:$BX$23,$BZ9,1),"") -> 106 - Property 6 | CC9: 6 | CE9: =IFERROR(IF(OR(LEN(INDEX(TaskDatabase!B$6:B$25,$CC9,1))=0,LEN(INDEX(TaskDatabase!C$6:C$25,$CC9,1))=0),"Passive","Active"),"") -> Active | CG9: =IFERROR(IF($CE9="Passive","",INDEX(TaskDatabase!B$6:B$25,$CC9,1)),"") -> 1006 | CH9: =IFERROR(IF($CE9="Passive","",INDEX(TaskDatabase!C$6:C$25,$CC9,1)),"") -> Gage Boyd | CI9: =IFERROR(IF($CE9="Passive","",INDEX(TaskDatabase!D$6:D$25,$CC9,1)),"") -> 45064 | CJ9: =IFERROR(IF($CE9="Passive","",INDEX(TaskDatabase!E$6:E$25,$CC9,1)),"") -> 107 - Property 7 | CK9: =IFERROR(IF($CE9="Passive","",INDEX(TaskDatabase!L$6:L$25,$CC9,1)),"") -> William Einstein | CL9: =IFERROR(IF($CE9="Passive","",INDEX(TaskDatabase!M$6:M$25,$CC9,1)),"") -> 347-308-9002 | CM9: =IFERROR(IF($CE9="Passive","",INDEX(TaskDatabase!N$6:N$25,$CC9,1)),"") -> Sale | CN9: =IFERROR(IF($CE9="Passive","",INDEX(TaskDatabase!O$6:O$25,$CC9,1)),"") -> 190000 | CO9: =IFERROR(IF($CE9="Passive","",INDEX(TaskDatabase!P$6:P$25,$CC9,1)),"") -> 0.04 | CP9: =IFERROR(IF($CE9="Passive","",INDEX(TaskDatabase!Q$6:Q$25,$CC9,1)),"") -> 7600 | CQ9: =IFERROR(IF($CE9="Passive","",INDEX(TaskDatabase!R$6:R$25,$CC9,1)),"") -> 0.15 | CR9: =IFERROR(IF($CE9="Passive","",INDEX(TaskDatabase!S$6:S$25,$CC9,1)),"") -> 1140 | ... CU9: =IFERROR(IF($CE9="Passive","",INDEX(TaskDatabase!V$6:V$25,$CC9,1)),"") -> 0 | CV9: =IFERROR(IF($CE9="Passive","",IF($CU9>0,$CU9,$CT9)),"") -> 6460 | CW9: =IFERROR(IF($CE9="Passive","",INDEX(TaskDatabase!W$6:W$25,$CC9,1)),"") -> Paid | CX9: =IFERROR(IF($CE9="Passive","",INDEX(TaskDatabase!X$6:X$25,$CC9,1)),"") -> 45096 | CY9: =IFERROR(IF($CE9="Passive","",MONTH($CX9)),"") -> 6 | CZ9: =IFERROR(IF($CE9="Passive","",YEAR($CX9)),"") -> 2023 | DB9: 6 | DD9: =IFERROR(IF(OR(LEN(INDEX(Expenses!B$6:B$25,$DB9,1))=0,LEN(INDEX(Expenses!C$6:C$25,$DB9,1))=0),"Passive","Active"),"") -> Active | DF9: =IFERROR(IF($DD9="Passive","",INDEX(Expenses!B$6:B$25,$DB9,1)),"") -> Cleaning & Maintenance | DG9: =IFERROR(IF($DD9="Passive","",INDEX(Expenses!C$6:C$25,$DB9,1)),"") -> 2023 | DH9: =IFERROR(IF($DD9="Passive","",INDEX(Expenses!D$6:D$25,$DB9,1)),"") -> 750 | DI9: =IFERROR(IF($DD9="Passive","",INDEX(Expenses!E$6:E$25,$DB9,1)),"") -> 750 | DJ9: =IFERROR(IF($DD9="Passive","",INDEX(Expenses!F$6:F$25,$DB9,1)),"") -> 750 | DK9: =IFERROR(IF($DD9="Passive","",INDEX(Expenses!G$6:G$25,$DB9,1)),"") -> 750 | DL9: =IFERROR(IF($DD9="Passive","",INDEX(Expenses!H$6:H$25,$DB9,1)),"") -> 750 | DM9: =IFERROR(IF($DD9="Passive","",INDEX(Expenses!I$6:I$25,$DB9,1)),"") -> 750 | ... DS9: =IFERROR(IF($DD9="Passive","",INDEX(Expenses!O$6:O$25,$DB9,1)),"") -> 0 | DU9: =IF(LEN(monthfilter)=0,"ALL",monthfilter) -> ALL | EK9: =$Z$12&" - "&$AA$12 -> TOTAL SALES TARGET (USD) - TOTAL SALES ACTUAL (USD) | EL9: BROKER | EM9: JANUARY | EN9: FEBRUARY | EO9: MARCH | EP9: APRIL | EQ9: MAY | ER9: JUNE | ES9: JULY | ET9: AUGUST | EU9: SEPTEMBER | EV9: OCTOBER | EW9: NOVEMBER | EX9: DECEMBER
B10: 6 | D10: =IFERROR(IF(LEN(INDEX(Menu!$C$9:$C$28,$B10,1))=0,"",INDEX(Menu!$C$9:$C$28,$B10,1)),"") -> Gage Boyd | E10: =IFERROR(INDEX($D$5:$D$24, MATCH(0,INDEX((LEN($D$5:$D$24)=0)+COUNTIF($E$4:$E9,$D$5:$D$24),0),0)),"") -> Gage Boyd | G10: =IFERROR(IF(LEN(INDEX(Menu!$F$9:$F$28,$B10,1))=0,"",INDEX(Menu!$F$9:$F$28,$B10,1)),"") -> Repairs | H10: =IFERROR(INDEX($G$5:$G$24,MATCH(0,INDEX((LEN($G$5:$G$24)=0)+COUNTIF($H$4:$H9,$G$5:$G$24),0),0)),"") -> Repairs | J10: =IFERROR(IF(LEN(INDEX(Menu!$H$9:$H$28,$B10,1))=0,"",INDEX(Menu!$H$9:$H$28,$B10,1)),"") | K10: =IFERROR(INDEX($J$5:$J$14, MATCH(0,INDEX((LEN($J$5:$J$14)=0)+COUNTIF($K$4:$K9,$J$5:$J$14),0),0)),"") | M10: =IFERROR(IF(LEN(INDEX(Menu!$J$9:$J$28,$B10,1))=0,"",INDEX(Menu!$J$9:$J$28,$B10,1)),"") | N10: =IFERROR(INDEX($M$5:$M$14, MATCH(0,INDEX((LEN($M$5:$M$14)=0)+COUNTIF($N$4:$N9,$M$5:$M$14),0),0)),"") | P10: =IFERROR(IF(LEN(INDEX(Menu!$H$21:$H$28,$B10,1))=0,"",INDEX(Menu!$H$21:$H$28,$B10,1)),"") | Q10: =IFERROR(INDEX($P$5:$P$12, MATCH(0,INDEX((LEN($P$5:$P$12)=0)+COUNTIF($Q$4:$Q9,$P$5:$P$12),0),0)),"") | S10: 2025 | U10: 6 | V10: JUNE | X10: 0.07 | AC10: 7 | AE10: =IFERROR(IF(LEN(INDEX(BrokerTargetTracking!B$8:B$17,$AC10,1))=0,"Passive","Active"),"") -> Passive | AG10: =IFERROR(IF($AE10="Passive","",INDEX(BrokerTargetTracking!B$8:B$407,$AC10,1)),"") | AH10: =IFERROR(IF($AE10="Passive","",IF(LEN(INDEX(BrokerTargetTracking!C$8:C$17,$AC10,1))=0,"-",INDEX(BrokerTargetTracking!C$8:C$17,$AC10,1))),"") | AI10: =IFERROR(IF($AE10="Passive","",INDEX(BrokerTargetTracking!D$8:D$17,$AC10,1)),"") | AJ10: =IFERROR(IF($AE10="Passive","",INDEX(BrokerTargetTracking!E$8:E$17,$AC10,1)),"") | AK10: =IFERROR(IF($AE10="Passive","",INDEX(BrokerTargetTracking!F$8:F$17,$AC10,1)),"") | AL10: =IFERROR(IF($AE10="Passive","",INDEX(BrokerTargetTracking!G$8:G$17,$AC10,1)),"") | AM10: =IFERROR(IF($AE10="Passive","",INDEX(BrokerTargetTracking!H$8:H$17,$AC10,1)),"") | AN10: =IFERROR(IF($AE10="Passive","",INDEX(BrokerTargetTracking!I$8:I$17,$AC10,1)),"") | AO10: =IFERROR(IF($AE10="Passive","",INDEX(BrokerTargetTracking!J$8:J$17,$AC10,1)),"") | AP10: =IFERROR(IF($AE10="Passive","",INDEX(BrokerTargetTracking!K$8:K$17,$AC10,1)),"") | ... AT10: =IFERROR(IF($AE10="Passive","",INDEX(BrokerTargetTracking!O$8:O$17,$AC10,1)),"") | AV10: =IFERROR(IF($AE10="Passive","",$AG10),"") | AW10: =IFERROR(IF($AE10="Passive","",$AH10),"") | AX10: =IFERROR(IF($AE10="Passive","",INDEX(BrokerTargetTracking!D$411:D$420,$AC10,1)),"") | AY10: =IFERROR(IF($AE10="Passive","",INDEX(BrokerTargetTracking!E$411:E$420,$AC10,1)),"") | AZ10: =IFERROR(IF($AE10="Passive","",INDEX(BrokerTargetTracking!F$411:F$420,$AC10,1)),"") | BA10: =IFERROR(IF($AE10="Passive","",INDEX(BrokerTargetTracking!G$411:G$420,$AC10,1)),"") | BB10: =IFERROR(IF($AE10="Passive","",INDEX(BrokerTargetTracking!H$411:H$420,$AC10,1)),"") | BC10: =IFERROR(IF($AE10="Passive","",INDEX(BrokerTargetTracking!I$411:I$420,$AC10,1)),"") | BD10: =IFERROR(IF($AE10="Passive","",INDEX(BrokerTargetTracking!J$411:J$420,$AC10,1)),"") | BE10: =IFERROR(IF($AE10="Passive","",INDEX(BrokerTargetTracking!K$411:K$420,$AC10,1)),"") | ... BI10: =IFERROR(IF($AE10="Passive","",INDEX(BrokerTargetTracking!O$411:O$420,$AC10,1)),"") | BK10: 7 | BM10: =IFERROR(IF(OR(LEN(INDEX(PropertyDatabase!B$6:B$25,$BK10,1))=0,LEN(INDEX(PropertyDatabase!C$6:C$25,$BK10,1))=0),"Passive","Active"),"") -> Active | BO10: =IFERROR(IF($BM10="Passive","",INDEX(PropertyDatabase!B$6:B$25,$BK10,1)),"") -> 107 | BP10: =IFERROR(IF($BM10="Passive","",INDEX(PropertyDatabase!C$6:C$25,$BK10,1)),"") -> Property 7 | BQ10: =IFERROR(IF($BM10="Passive","",INDEX(PropertyDatabase!D$6:D$25,$BK10,1)),"") -> Alyce Milner | BR10: =IFERROR(IF($BM10="Passive","",INDEX(PropertyDatabase!E$6:E$25,$BK10,1)),"") -> alyce@mail.com | BS10: =IFERROR(IF($BM10="Passive","",INDEX(PropertyDatabase!F$6:F$25,$BK10,1)),"") -> Townhome | BT10: =IFERROR(IF($BM10="Passive","",INDEX(PropertyDatabase!G$6:G$25,$BK10,1)),"") -> 75 Windsor Dr. Brooklyn 11219 | BU10: =IFERROR(IF($BM10="Passive","",IF(LEN(INDEX(PropertyDatabase!H$6:H$25,$BK10,1))=0,"-",INDEX(PropertyDatabase!H$6:H$25,$BK10,1))),"") -> - | BV10: =IFERROR(IF($BM10="Passive","",IF(LEN(INDEX(PropertyDatabase!I$6:I$25,$BK10,1))=0,"-",INDEX(PropertyDatabase!I$6:I$25,$BK10,1))),"") -> - | BX10: =IFERROR(IF($BM10="Passive","",$BO10&" - "&$BP10),"") -> 107 - Property 7 | BY10: =IFERROR(IF($BM10="Passive","",$BK10),"") -> 7 | BZ10: =IFERROR(SMALL($BY$4:$BY$23,ROW($BZ10)-ROW($BZ$3)),"") -> 7 | CA10: =IFERROR(INDEX($BX$4:$BX$23,$BZ10,1),"") -> 107 - Property 7 | CC10: 7 | CE10: =IFERROR(IF(OR(LEN(INDEX(TaskDatabase!B$6:B$25,$CC10,1))=0,LEN(INDEX(TaskDatabase!C$6:C$25,$CC10,1))=0),"Passive","Active"),"") -> Active | CG10: =IFERROR(IF($CE10="Passive","",INDEX(TaskDatabase!B$6:B$25,$CC10,1)),"") -> 1007 | CH10: =IFERROR(IF($CE10="Passive","",INDEX(TaskDatabase!C$6:C$25,$CC10,1)),"") -> Nash Goodwin | CI10: =IFERROR(IF($CE10="Passive","",INDEX(TaskDatabase!D$6:D$25,$CC10,1)),"") -> 45093 | CJ10: =IFERROR(IF($CE10="Passive","",INDEX(TaskDatabase!E$6:E$25,$CC10,1)),"") -> 112 - Property 12 | CK10: =IFERROR(IF($CE10="Passive","",INDEX(TaskDatabase!L$6:L$25,$CC10,1)),"") -> Craig Pastolove | CL10: =IFERROR(IF($CE10="Passive","",INDEX(TaskDatabase!M$6:M$25,$CC10,1)),"") -> 646-218-9857 | CM10: =IFERROR(IF($CE10="Passive","",INDEX(TaskDatabase!N$6:N$25,$CC10,1)),"") -> Sale | CN10: =IFERROR(IF($CE10="Passive","",INDEX(TaskDatabase!O$6:O$25,$CC10,1)),"") -> 210000 | CO10: =IFERROR(IF($CE10="Passive","",INDEX(TaskDatabase!P$6:P$25,$CC10,1)),"") -> 0.05 | CP10: =IFERROR(IF($CE10="Passive","",INDEX(TaskDatabase!Q$6:Q$25,$CC10,1)),"") -> 10500 | CQ10: =IFERROR(IF($CE10="Passive","",INDEX(TaskDatabase!R$6:R$25,$CC10,1)),"") -> 0.1 | CR10: =IFERROR(IF($CE10="Passive","",INDEX(TaskDatabase!S$6:S$25,$CC10,1)),"") -> 1050 | ... CU10: =IFERROR(IF($CE10="Passive","",INDEX(TaskDatabase!V$6:V$25,$CC10,1)),"") -> 0 | CV10: =IFERROR(IF($CE10="Passive","",IF($CU10>0,$CU10,$CT10)),"") -> 8700 | CW10: =IFERROR(IF($CE10="Passive","",INDEX(TaskDatabase!W$6:W$25,$CC10,1)),"") -> Paid | CX10: =IFERROR(IF($CE10="Passive","",INDEX(TaskDatabase!X$6:X$25,$CC10,1)),"") -> 45131 | CY10: =IFERROR(IF($CE10="Passive","",MONTH($CX10)),"") -> 7 | CZ10: =IFERROR(IF($CE10="Passive","",YEAR($CX10)),"") -> 2023 | DB10: 7 | DD10: =IFERROR(IF(OR(LEN(INDEX(Expenses!B$6:B$25,$DB10,1))=0,LEN(INDEX(Expenses!C$6:C$25,$DB10,1))=0),"Passive","Active"),"") -> Passive | DF10: =IFERROR(IF($DD10="Passive","",INDEX(Expenses!B$6:B$25,$DB10,1)),"") | DG10: =IFERROR(IF($DD10="Passive","",INDEX(Expenses!C$6:C$25,$DB10,1)),"") | DH10: =IFERROR(IF($DD10="Passive","",INDEX(Expenses!D$6:D$25,$DB10,1)),"") | DI10: =IFERROR(IF($DD10="Passive","",INDEX(Expenses!E$6:E$25,$DB10,1)),"") | DJ10: =IFERROR(IF($DD10="Passive","",INDEX(Expenses!F$6:F$25,$DB10,1)),"") | DK10: =IFERROR(IF($DD10="Passive","",INDEX(Expenses!G$6:G$25,$DB10,1)),"") | DL10: =IFERROR(IF($DD10="Passive","",INDEX(Expenses!H$6:H$25,$DB10,1)),"") | DM10: =IFERROR(IF($DD10="Passive","",INDEX(Expenses!I$6:I$25,$DB10,1)),"") | ... DS10: =IFERROR(IF($DD10="Passive","",INDEX(Expenses!O$6:O$25,$DB10,1)),"") | DW10: SALES | DX10: 1 | DY10: 2 | DZ10: 3 | EA10: 4 | EB10: 5 | EC10: 6 | ED10: 7 | EE10: 8 | EF10: 9 | EG10: 10 | EH10: 11 | EI10: 12 | EK10: TARGET | EL10: =IF($DU$12="ALL","TOTAL",$DU$12) -> TOTAL | EM10: =IFERROR(IF(AND($DU$6="ALL",$DU$12="ALL"),SUMIFS(AI$4:AI$13,$AE$4:$AE$13,"Active"), IF(AND($DU$6<>"ALL",$DU$12="ALL"),SUMIFS(AI$4:AI$13,$AE$4:$AE$13,"Active",$AH$4:$AH$13,$DU$6), IF(AND($DU$6="ALL",$DU$12<>"ALL"),SUMIFS(AI$4:AI$13,$AE$4:$AE$13,"Active",$AG$4:$AG$13,$DU$12), IF(AND($DU$6<>"ALL",$DU$12<>"ALL"),SUMIFS(AI$4:AI$13,$AE$4:$AE$13,"Active",$AH$4:$AH$13,$DU$6,$AG$4:$AG$13,$DU$12))))),"") -> 1050000 | EN10: =IFERROR(IF(AND($DU$6="ALL",$DU$12="ALL"),SUMIFS(AJ$4:AJ$13,$AE$4:$AE$13,"Active"), IF(AND($DU$6<>"ALL",$DU$12="ALL"),SUMIFS(AJ$4:AJ$13,$AE$4:$AE$13,"Active",$AH$4:$AH$13,$DU$6), IF(AND($DU$6="ALL",$DU$12<>"ALL"),SUMIFS(AJ$4:AJ$13,$AE$4:$AE$13,"Active",$AG$4:$AG$13,$DU$12), IF(AND($DU$6<>"ALL",$DU$12<>"ALL"),SUMIFS(AJ$4:AJ$13,$AE$4:$AE$13,"Active",$AH$4:$AH$13,$DU$6,$AG$4:$AG$13,$DU$12))))),"") -> 1050000 | EO10: =IFERROR(IF(AND($DU$6="ALL",$DU$12="ALL"),SUMIFS(AK$4:AK$13,$AE$4:$AE$13,"Active"), IF(AND($DU$6<>"ALL",$DU$12="ALL"),SUMIFS(AK$4:AK$13,$AE$4:$AE$13,"Active",$AH$4:$AH$13,$DU$6), IF(AND($DU$6="ALL",$DU$12<>"ALL"),SUMIFS(AK$4:AK$13,$AE$4:$AE$13,"Active",$AG$4:$AG$13,$DU$12), IF(AND($DU$6<>"ALL",$DU$12<>"ALL"),SUMIFS(AK$4:AK$13,$AE$4:$AE$13,"Active",$AH$4:$AH$13,$DU$6,$AG$4:$AG$13,$DU$12))))),"") -> 1050000 | EP10: =IFERROR(IF(AND($DU$6="ALL",$DU$12="ALL"),SUMIFS(AL$4:AL$13,$AE$4:$AE$13,"Active"), IF(AND($DU$6<>"ALL",$DU$12="ALL"),SUMIFS(AL$4:AL$13,$AE$4:$AE$13,"Active",$AH$4:$AH$13,$DU$6), IF(AND($DU$6="ALL",$DU$12<>"ALL"),SUMIFS(AL$4:AL$13,$AE$4:$AE$13,"Active",$AG$4:$AG$13,$DU$12), IF(AND($DU$6<>"ALL",$DU$12<>"ALL"),SUMIFS(AL$4:AL$13,$AE$4:$AE$13,"Active",$AH$4:$AH$13,$DU$6,$AG$4:$AG$13,$DU$12))))),"") -> 1050000 | EQ10: =IFERROR(IF(AND($DU$6="ALL",$DU$12="ALL"),SUMIFS(AM$4:AM$13,$AE$4:$AE$13,"Active"), IF(AND($DU$6<>"ALL",$DU$12="ALL"),SUMIFS(AM$4:AM$13,$AE$4:$AE$13,"Active",$AH$4:$AH$13,$DU$6), IF(AND($DU$6="ALL",$DU$12<>"ALL"),SUMIFS(AM$4:AM$13,$AE$4:$AE$13,"Active",$AG$4:$AG$13,$DU$12), IF(AND($DU$6<>"ALL",$DU$12<>"ALL"),SUMIFS(AM$4:AM$13,$AE$4:$AE$13,"Active",$AH$4:$AH$13,$DU$6,$AG$4:$AG$13,$DU$12))))),"") -> 1050000 | ER10: =IFERROR(IF(AND($DU$6="ALL",$DU$12="ALL"),SUMIFS(AN$4:AN$13,$AE$4:$AE$13,"Active"), IF(AND($DU$6<>"ALL",$DU$12="ALL"),SUMIFS(AN$4:AN$13,$AE$4:$AE$13,"Active",$AH$4:$AH$13,$DU$6), IF(AND($DU$6="ALL",$DU$12<>"ALL"),SUMIFS(AN$4:AN$13,$AE$4:$AE$13,"Active",$AG$4:$AG$13,$DU$12), IF(AND($DU$6<>"ALL",$DU$12<>"ALL"),SUMIFS(AN$4:AN$13,$AE$4:$AE$13,"Active",$AH$4:$AH$13,$DU$6,$AG$4:$AG$13,$DU$12))))),"") -> 1050000 | ES10: =IFERROR(IF(AND($DU$6="ALL",$DU$12="ALL"),SUMIFS(AO$4:AO$13,$AE$4:$AE$13,"Active"), IF(AND($DU$6<>"ALL",$DU$12="ALL"),SUMIFS(AO$4:AO$13,$AE$4:$AE$13,"Active",$AH$4:$AH$13,$DU$6), IF(AND($DU$6="ALL",$DU$12<>"ALL"),SUMIFS(AO$4:AO$13,$AE$4:$AE$13,"Active",$AG$4:$AG$13,$DU$12), IF(AND($DU$6<>"ALL",$DU$12<>"ALL"),SUMIFS(AO$4:AO$13,$AE$4:$AE$13,"Active",$AH$4:$AH$13,$DU$6,$AG$4:$AG$13,$DU$12))))),"") -> 1275000 | ET10: =IFERROR(IF(AND($DU$6="ALL",$DU$12="ALL"),SUMIFS(AP$4:AP$13,$AE$4:$AE$13,"Active"), IF(AND($DU$6<>"ALL",$DU$12="ALL"),SUMIFS(AP$4:AP$13,$AE$4:$AE$13,"Active",$AH$4:$AH$13,$DU$6), IF(AND($DU$6="ALL",$DU$12<>"ALL"),SUMIFS(AP$4:AP$13,$AE$4:$AE$13,"Active",$AG$4:$AG$13,$DU$12), IF(AND($DU$6<>"ALL",$DU$12<>"ALL"),SUMIFS(AP$4:AP$13,$AE$4:$AE$13,"Active",$AH$4:$AH$13,$DU$6,$AG$4:$AG$13,$DU$12))))),"") -> 1275000 | ... EX10: =IFERROR(IF(AND($DU$6="ALL",$DU$12="ALL"),SUMIFS(AT$4:AT$13,$AE$4:$AE$13,"Active"), IF(AND($DU$6<>"ALL",$DU$12="ALL"),SUMIFS(AT$4:AT$13,$AE$4:$AE$13,"Active",$AH$4:$AH$13,$DU$6), IF(AND($DU$6="ALL",$DU$12<>"ALL"),SUMIFS(AT$4:AT$13,$AE$4:$AE$13,"Active",$AG$4:$AG$13,$DU$12), IF(AND($DU$6<>"ALL",$DU$12<>"ALL"),SUMIFS(AT$4:AT$13,$AE$4:$AE$13,"Active",$AH$4:$AH$13,$DU$6,$AG$4:$AG$13,$DU$12))))),"") -> 1275000
B11: 7 | D11: =IFERROR(IF(LEN(INDEX(Menu!$C$9:$C$28,$B11,1))=0,"",INDEX(Menu!$C$9:$C$28,$B11,1)),"") -> Nash Goodwin | E11: =IFERROR(INDEX($D$5:$D$24, MATCH(0,INDEX((LEN($D$5:$D$24)=0)+COUNTIF($E$4:$E10,$D$5:$D$24),0),0)),"") -> Nash Goodwin | G11: =IFERROR(IF(LEN(INDEX(Menu!$F$9:$F$28,$B11,1))=0,"",INDEX(Menu!$F$9:$F$28,$B11,1)),"") -> Supplies | H11: =IFERROR(INDEX($G$5:$G$24,MATCH(0,INDEX((LEN($G$5:$G$24)=0)+COUNTIF($H$4:$H10,$G$5:$G$24),0),0)),"") -> Supplies | J11: =IFERROR(IF(LEN(INDEX(Menu!$H$9:$H$28,$B11,1))=0,"",INDEX(Menu!$H$9:$H$28,$B11,1)),"") | K11: =IFERROR(INDEX($J$5:$J$14, MATCH(0,INDEX((LEN($J$5:$J$14)=0)+COUNTIF($K$4:$K10,$J$5:$J$14),0),0)),"") | M11: =IFERROR(IF(LEN(INDEX(Menu!$J$9:$J$28,$B11,1))=0,"",INDEX(Menu!$J$9:$J$28,$B11,1)),"") | N11: =IFERROR(INDEX($M$5:$M$14, MATCH(0,INDEX((LEN($M$5:$M$14)=0)+COUNTIF($N$4:$N10,$M$5:$M$14),0),0)),"") | P11: =IFERROR(IF(LEN(INDEX(Menu!$H$21:$H$28,$B11,1))=0,"",INDEX(Menu!$H$21:$H$28,$B11,1)),"") | Q11: =IFERROR(INDEX($P$5:$P$12, MATCH(0,INDEX((LEN($P$5:$P$12)=0)+COUNTIF($Q$4:$Q10,$P$5:$P$12),0),0)),"") | S11: 2026 | U11: 7 | V11: JULY | X11: 0.08 | Z11: Broker Target Header | AA11: Broker Actual Header | AC11: 8 | AE11: =IFERROR(IF(LEN(INDEX(BrokerTargetTracking!B$8:B$17,$AC11,1))=0,"Passive","Active"),"") -> Passive | AG11: =IFERROR(IF($AE11="Passive","",INDEX(BrokerTargetTracking!B$8:B$407,$AC11,1)),"") | AH11: =IFERROR(IF($AE11="Passive","",IF(LEN(INDEX(BrokerTargetTracking!C$8:C$17,$AC11,1))=0,"-",INDEX(BrokerTargetTracking!C$8:C$17,$AC11,1))),"") | AI11: =IFERROR(IF($AE11="Passive","",INDEX(BrokerTargetTracking!D$8:D$17,$AC11,1)),"") | AJ11: =IFERROR(IF($AE11="Passive","",INDEX(BrokerTargetTracking!E$8:E$17,$AC11,1)),"") | AK11: =IFERROR(IF($AE11="Passive","",INDEX(BrokerTargetTracking!F$8:F$17,$AC11,1)),"") | AL11: =IFERROR(IF($AE11="Passive","",INDEX(BrokerTargetTracking!G$8:G$17,$AC11,1)),"") | AM11: =IFERROR(IF($AE11="Passive","",INDEX(BrokerTargetTracking!H$8:H$17,$AC11,1)),"") | AN11: =IFERROR(IF($AE11="Passive","",INDEX(BrokerTargetTracking!I$8:I$17,$AC11,1)),"") | AO11: =IFERROR(IF($AE11="Passive","",INDEX(BrokerTargetTracking!J$8:J$17,$AC11,1)),"") | AP11: =IFERROR(IF($AE11="Passive","",INDEX(BrokerTargetTracking!K$8:K$17,$AC11,1)),"") | ... AT11: =IFERROR(IF($AE11="Passive","",INDEX(BrokerTargetTracking!O$8:O$17,$AC11,1)),"") | AV11: =IFERROR(IF($AE11="Passive","",$AG11),"") | AW11: =IFERROR(IF($AE11="Passive","",$AH11),"") | AX11: =IFERROR(IF($AE11="Passive","",INDEX(BrokerTargetTracking!D$411:D$420,$AC11,1)),"") | AY11: =IFERROR(IF($AE11="Passive","",INDEX(BrokerTargetTracking!E$411:E$420,$AC11,1)),"") | AZ11: =IFERROR(IF($AE11="Passive","",INDEX(BrokerTargetTracking!F$411:F$420,$AC11,1)),"") | BA11: =IFERROR(IF($AE11="Passive","",INDEX(BrokerTargetTracking!G$411:G$420,$AC11,1)),"") | BB11: =IFERROR(IF($AE11="Passive","",INDEX(BrokerTargetTracking!H$411:H$420,$AC11,1)),"") | BC11: =IFERROR(IF($AE11="Passive","",INDEX(BrokerTargetTracking!I$411:I$420,$AC11,1)),"") | BD11: =IFERROR(IF($AE11="Passive","",INDEX(BrokerTargetTracking!J$411:J$420,$AC11,1)),"") | BE11: =IFERROR(IF($AE11="Passive","",INDEX(BrokerTargetTracking!K$411:K$420,$AC11,1)),"") | ... BI11: =IFERROR(IF($AE11="Passive","",INDEX(BrokerTargetTracking!O$411:O$420,$AC11,1)),"") | BK11: 8 | BM11: =IFERROR(IF(OR(LEN(INDEX(PropertyDatabase!B$6:B$25,$BK11,1))=0,LEN(INDEX(PropertyDatabase!C$6:C$25,$BK11,1))=0),"Passive","Active"),"") -> Active | BO11: =IFERROR(IF($BM11="Passive","",INDEX(PropertyDatabase!B$6:B$25,$BK11,1)),"") -> 108 | BP11: =IFERROR(IF($BM11="Passive","",INDEX(PropertyDatabase!C$6:C$25,$BK11,1)),"") -> Property 8 | BQ11: =IFERROR(IF($BM11="Passive","",INDEX(PropertyDatabase!D$6:D$25,$BK11,1)),"") -> Aviana Kenny | BR11: =IFERROR(IF($BM11="Passive","",INDEX(PropertyDatabase!E$6:E$25,$BK11,1)),"") -> 202-555-8915 | BS11: =IFERROR(IF($BM11="Passive","",INDEX(PropertyDatabase!F$6:F$25,$BK11,1)),"") -> Office | BT11: =IFERROR(IF($BM11="Passive","",INDEX(PropertyDatabase!G$6:G$25,$BK11,1)),"") -> 151 Euclid Dr. Bronx 10472 | BU11: =IFERROR(IF($BM11="Passive","",IF(LEN(INDEX(PropertyDatabase!H$6:H$25,$BK11,1))=0,"-",INDEX(PropertyDatabase!H$6:H$25,$BK11,1))),"") -> - | BV11: =IFERROR(IF($BM11="Passive","",IF(LEN(INDEX(PropertyDatabase!I$6:I$25,$BK11,1))=0,"-",INDEX(PropertyDatabase!I$6:I$25,$BK11,1))),"") -> - | BX11: =IFERROR(IF($BM11="Passive","",$BO11&" - "&$BP11),"") -> 108 - Property 8 | BY11: =IFERROR(IF($BM11="Passive","",$BK11),"") -> 8 | BZ11: =IFERROR(SMALL($BY$4:$BY$23,ROW($BZ11)-ROW($BZ$3)),"") -> 8 | CA11: =IFERROR(INDEX($BX$4:$BX$23,$BZ11,1),"") -> 108 - Property 8 | CC11: 8 | CE11: =IFERROR(IF(OR(LEN(INDEX(TaskDatabase!B$6:B$25,$CC11,1))=0,LEN(INDEX(TaskDatabase!C$6:C$25,$CC11,1))=0),"Passive","Active"),"") -> Active | CG11: =IFERROR(IF($CE11="Passive","",INDEX(TaskDatabase!B$6:B$25,$CC11,1)),"") -> 1008 | CH11: =IFERROR(IF($CE11="Passive","",INDEX(TaskDatabase!C$6:C$25,$CC11,1)),"") -> Hayley Leblanc | CI11: =IFERROR(IF($CE11="Passive","",INDEX(TaskDatabase!D$6:D$25,$CC11,1)),"") -> 45157 | CJ11: =IFERROR(IF($CE11="Passive","",INDEX(TaskDatabase!E$6:E$25,$CC11,1)),"") -> 106 - Property 6 | CK11: =IFERROR(IF($CE11="Passive","",INDEX(TaskDatabase!L$6:L$25,$CC11,1)),"") -> Geri Pell | CL11: =IFERROR(IF($CE11="Passive","",INDEX(TaskDatabase!M$6:M$25,$CC11,1)),"") -> 212-686-5566 | CM11: =IFERROR(IF($CE11="Passive","",INDEX(TaskDatabase!N$6:N$25,$CC11,1)),"") -> Sale | CN11: =IFERROR(IF($CE11="Passive","",INDEX(TaskDatabase!O$6:O$25,$CC11,1)),"") -> 240000 | CO11: =IFERROR(IF($CE11="Passive","",INDEX(TaskDatabase!P$6:P$25,$CC11,1)),"") -> 0.03 | CP11: =IFERROR(IF($CE11="Passive","",INDEX(TaskDatabase!Q$6:Q$25,$CC11,1)),"") -> 7200 | CQ11: =IFERROR(IF($CE11="Passive","",INDEX(TaskDatabase!R$6:R$25,$CC11,1)),"") -> 0.15 | CR11: =IFERROR(IF($CE11="Passive","",INDEX(TaskDatabase!S$6:S$25,$CC11,1)),"") -> 1080 | ... CU11: =IFERROR(IF($CE11="Passive","",INDEX(TaskDatabase!V$6:V$25,$CC11,1)),"") -> 0 | CV11: =IFERROR(IF($CE11="Passive","",IF($CU11>0,$CU11,$CT11)),"") -> 6120 | CW11: =IFERROR(IF($CE11="Passive","",INDEX(TaskDatabase!W$6:W$25,$CC11,1)),"") -> Financing | CX11: =IFERROR(IF($CE11="Passive","",INDEX(TaskDatabase!X$6:X$25,$CC11,1)),"") -> 45165 | CY11: =IFERROR(IF($CE11="Passive","",MONTH($CX11)),"") -> 8 | CZ11: =IFERROR(IF($CE11="Passive","",YEAR($CX11)),"") -> 2023 | DB11: 8 | DD11: =IFERROR(IF(OR(LEN(INDEX(Expenses!B$6:B$25,$DB11,1))=0,LEN(INDEX(Expenses!C$6:C$25,$DB11,1))=0),"Passive","Active"),"") -> Passive | DF11: =IFERROR(IF($DD11="Passive","",INDEX(Expenses!B$6:B$25,$DB11,1)),"") | DG11: =IFERROR(IF($DD11="Passive","",INDEX(Expenses!C$6:C$25,$DB11,1)),"") | DH11: =IFERROR(IF($DD11="Passive","",INDEX(Expenses!D$6:D$25,$DB11,1)),"") | DI11: =IFERROR(IF($DD11="Passive","",INDEX(Expenses!E$6:E$25,$DB11,1)),"") | DJ11: =IFERROR(IF($DD11="Passive","",INDEX(Expenses!F$6:F$25,$DB11,1)),"") | DK11: =IFERROR(IF($DD11="Passive","",INDEX(Expenses!G$6:G$25,$DB11,1)),"") | DL11: =IFERROR(IF($DD11="Passive","",INDEX(Expenses!H$6:H$25,$DB11,1)),"") | DM11: =IFERROR(IF($DD11="Passive","",INDEX(Expenses!I$6:I$25,$DB11,1)),"") | ... DS11: =IFERROR(IF($DD11="Passive","",INDEX(Expenses!O$6:O$25,$DB11,1)),"") | DU11: BROKER FILTER | DW11: BROKER LIST | DX11: JANUARY | DY11: FEBRUARY | DZ11: MARCH | EA11: APRIL | EB11: MAY | EC11: JUNE | ED11: JULY | EE11: AUGUST | EF11: SEPTEMBER | EG11: OCTOBER | EH11: NOVEMBER | EI11: DECEMBER | EK11: ACTUAL | EL11: =IF($DU$12="ALL","TOTAL",$DU$12) -> TOTAL | EM11: =IFERROR(IF(AND($DU$6="ALL",$DU$12="ALL"),SUMIFS(AX$4:AX$13,$AE$4:$AE$13,"Active"), IF(AND($DU$6<>"ALL",$DU$12="ALL"),SUMIFS(AX$4:AX$13,$AE$4:$AE$13,"Active",$AW$4:$AW$13,$DU$6), IF(AND($DU$6="ALL",$DU$12<>"ALL"),SUMIFS(AX$4:AX$13,$AE$4:$AE$13,"Active",$AV$4:$AV$13,$DU$12), IF(AND($DU$6<>"ALL",$DU$12<>"ALL"),SUMIFS(AX$4:AX$13,$AE$4:$AE$13,"Active",$AW$4:$AW$13,$DU$6,$AV$4:$AV$13,$DU$12))))),"") -> 850000 | EN11: =IFERROR(IF(AND($DU$6="ALL",$DU$12="ALL"),SUMIFS(AY$4:AY$13,$AE$4:$AE$13,"Active"), IF(AND($DU$6<>"ALL",$DU$12="ALL"),SUMIFS(AY$4:AY$13,$AE$4:$AE$13,"Active",$AW$4:$AW$13,$DU$6), IF(AND($DU$6="ALL",$DU$12<>"ALL"),SUMIFS(AY$4:AY$13,$AE$4:$AE$13,"Active",$AV$4:$AV$13,$DU$12), IF(AND($DU$6<>"ALL",$DU$12<>"ALL"),SUMIFS(AY$4:AY$13,$AE$4:$AE$13,"Active",$AW$4:$AW$13,$DU$6,$AV$4:$AV$13,$DU$12))))),"") -> 955000 | EO11: =IFERROR(IF(AND($DU$6="ALL",$DU$12="ALL"),SUMIFS(AZ$4:AZ$13,$AE$4:$AE$13,"Active"), IF(AND($DU$6<>"ALL",$DU$12="ALL"),SUMIFS(AZ$4:AZ$13,$AE$4:$AE$13,"Active",$AW$4:$AW$13,$DU$6), IF(AND($DU$6="ALL",$DU$12<>"ALL"),SUMIFS(AZ$4:AZ$13,$AE$4:$AE$13,"Active",$AV$4:$AV$13,$DU$12), IF(AND($DU$6<>"ALL",$DU$12<>"ALL"),SUMIFS(AZ$4:AZ$13,$AE$4:$AE$13,"Active",$AW$4:$AW$13,$DU$6,$AV$4:$AV$13,$DU$12))))),"") -> 805000 | EP11: =IFERROR(IF(AND($DU$6="ALL",$DU$12="ALL"),SUMIFS(BA$4:BA$13,$AE$4:$AE$13,"Active"), IF(AND($DU$6<>"ALL",$DU$12="ALL"),SUMIFS(BA$4:BA$13,$AE$4:$AE$13,"Active",$AW$4:$AW$13,$DU$6), IF(AND($DU$6="ALL",$DU$12<>"ALL"),SUMIFS(BA$4:BA$13,$AE$4:$AE$13,"Active",$AV$4:$AV$13,$DU$12), IF(AND($DU$6<>"ALL",$DU$12<>"ALL"),SUMIFS(BA$4:BA$13,$AE$4:$AE$13,"Active",$AW$4:$AW$13,$DU$6,$AV$4:$AV$13,$DU$12))))),"") -> 810000 | EQ11: =IFERROR(IF(AND($DU$6="ALL",$DU$12="ALL"),SUMIFS(BB$4:BB$13,$AE$4:$AE$13,"Active"), IF(AND($DU$6<>"ALL",$DU$12="ALL"),SUMIFS(BB$4:BB$13,$AE$4:$AE$13,"Active",$AW$4:$AW$13,$DU$6), IF(AND($DU$6="ALL",$DU$12<>"ALL"),SUMIFS(BB$4:BB$13,$AE$4:$AE$13,"Active",$AV$4:$AV$13,$DU$12), IF(AND($DU$6<>"ALL",$DU$12<>"ALL"),SUMIFS(BB$4:BB$13,$AE$4:$AE$13,"Active",$AW$4:$AW$13,$DU$6,$AV$4:$AV$13,$DU$12))))),"") -> 880000 | ER11: =IFERROR(IF(AND($DU$6="ALL",$DU$12="ALL"),SUMIFS(BC$4:BC$13,$AE$4:$AE$13,"Active"), IF(AND($DU$6<>"ALL",$DU$12="ALL"),SUMIFS(BC$4:BC$13,$AE$4:$AE$13,"Active",$AW$4:$AW$13,$DU$6), IF(AND($DU$6="ALL",$DU$12<>"ALL"),SUMIFS(BC$4:BC$13,$AE$4:$AE$13,"Active",$AV$4:$AV$13,$DU$12), IF(AND($DU$6<>"ALL",$DU$12<>"ALL"),SUMIFS(BC$4:BC$13,$AE$4:$AE$13,"Active",$AW$4:$AW$13,$DU$6,$AV$4:$AV$13,$DU$12))))),"") -> 985000 | ES11: =IFERROR(IF(AND($DU$6="ALL",$DU$12="ALL"),SUMIFS(BD$4:BD$13,$AE$4:$AE$13,"Active"), IF(AND($DU$6<>"ALL",$DU$12="ALL"),SUMIFS(BD$4:BD$13,$AE$4:$AE$13,"Active",$AW$4:$AW$13,$DU$6), IF(AND($DU$6="ALL",$DU$12<>"ALL"),SUMIFS(BD$4:BD$13,$AE$4:$AE$13,"Active",$AV$4:$AV$13,$DU$12), IF(AND($DU$6<>"ALL",$DU$12<>"ALL"),SUMIFS(BD$4:BD$13,$AE$4:$AE$13,"Active",$AW$4:$AW$13,$DU$6,$AV$4:$AV$13,$DU$12))))),"") -> 870000 | ET11: =IFERROR(IF(AND($DU$6="ALL",$DU$12="ALL"),SUMIFS(BE$4:BE$13,$AE$4:$AE$13,"Active"), IF(AND($DU$6<>"ALL",$DU$12="ALL"),SUMIFS(BE$4:BE$13,$AE$4:$AE$13,"Active",$AW$4:$AW$13,$DU$6), IF(AND($DU$6="ALL",$DU$12<>"ALL"),SUMIFS(BE$4:BE$13,$AE$4:$AE$13,"Active",$AV$4:$AV$13,$DU$12), IF(AND($DU$6<>"ALL",$DU$12<>"ALL"),SUMIFS(BE$4:BE$13,$AE$4:$AE$13,"Active",$AW$4:$AW$13,$DU$6,$AV$4:$AV$13,$DU$12))))),"") -> 820000 | ... EX11: =IFERROR(IF(AND($DU$6="ALL",$DU$12="ALL"),SUMIFS(BI$4:BI$13,$AE$4:$AE$13,"Active"), IF(AND($DU$6<>"ALL",$DU$12="ALL"),SUMIFS(BI$4:BI$13,$AE$4:$AE$13,"Active",$AW$4:$AW$13,$DU$6), IF(AND($DU$6="ALL",$DU$12<>"ALL"),SUMIFS(BI$4:BI$13,$AE$4:$AE$13,"Active",$AV$4:$AV$13,$DU$12), IF(AND($DU$6<>"ALL",$DU$12<>"ALL"),SUMIFS(BI$4:BI$13,$AE$4:$AE$13,"Active",$AW$4:$AW$13,$DU$6,$AV$4:$AV$13,$DU$12))))),"") -> 715000
B12: 8 | D12: =IFERROR(IF(LEN(INDEX(Menu!$C$9:$C$28,$B12,1))=0,"",INDEX(Menu!$C$9:$C$28,$B12,1)),"") -> Hayley Leblanc | E12: =IFERROR(INDEX($D$5:$D$24, MATCH(0,INDEX((LEN($D$5:$D$24)=0)+COUNTIF($E$4:$E11,$D$5:$D$24),0),0)),"") -> Hayley Leblanc | G12: =IFERROR(IF(LEN(INDEX(Menu!$F$9:$F$28,$B12,1))=0,"",INDEX(Menu!$F$9:$F$28,$B12,1)),"") -> Taxes | H12: =IFERROR(INDEX($G$5:$G$24,MATCH(0,INDEX((LEN($G$5:$G$24)=0)+COUNTIF($H$4:$H11,$G$5:$G$24),0),0)),"") -> Taxes | J12: =IFERROR(IF(LEN(INDEX(Menu!$H$9:$H$28,$B12,1))=0,"",INDEX(Menu!$H$9:$H$28,$B12,1)),"") | K12: =IFERROR(INDEX($J$5:$J$14, MATCH(0,INDEX((LEN($J$5:$J$14)=0)+COUNTIF($K$4:$K11,$J$5:$J$14),0),0)),"") | M12: =IFERROR(IF(LEN(INDEX(Menu!$J$9:$J$28,$B12,1))=0,"",INDEX(Menu!$J$9:$J$28,$B12,1)),"") | N12: =IFERROR(INDEX($M$5:$M$14, MATCH(0,INDEX((LEN($M$5:$M$14)=0)+COUNTIF($N$4:$N11,$M$5:$M$14),0),0)),"") | P12: =IFERROR(IF(LEN(INDEX(Menu!$H$21:$H$28,$B12,1))=0,"",INDEX(Menu!$H$21:$H$28,$B12,1)),"") | Q12: =IFERROR(INDEX($P$5:$P$12, MATCH(0,INDEX((LEN($P$5:$P$12)=0)+COUNTIF($Q$4:$Q11,$P$5:$P$12),0),0)),"") | S12: 2027 | U12: 8 | V12: AUGUST | X12: 0.09 | Z12: =BrokerTargetTracking!$B$6 -> TOTAL SALES TARGET (USD) | AA12: =IFERROR(INDEX($AA$4:$AA$9,MATCH($Z$12,$Z$4:$Z$9,0),1),"-") -> TOTAL SALES ACTUAL (USD) | AC12: 9 | AE12: =IFERROR(IF(LEN(INDEX(BrokerTargetTracking!B$8:B$17,$AC12,1))=0,"Passive","Active"),"") -> Passive | AG12: =IFERROR(IF($AE12="Passive","",INDEX(BrokerTargetTracking!B$8:B$407,$AC12,1)),"") | AH12: =IFERROR(IF($AE12="Passive","",IF(LEN(INDEX(BrokerTargetTracking!C$8:C$17,$AC12,1))=0,"-",INDEX(BrokerTargetTracking!C$8:C$17,$AC12,1))),"") | AI12: =IFERROR(IF($AE12="Passive","",INDEX(BrokerTargetTracking!D$8:D$17,$AC12,1)),"") | AJ12: =IFERROR(IF($AE12="Passive","",INDEX(BrokerTargetTracking!E$8:E$17,$AC12,1)),"") | AK12: =IFERROR(IF($AE12="Passive","",INDEX(BrokerTargetTracking!F$8:F$17,$AC12,1)),"") | AL12: =IFERROR(IF($AE12="Passive","",INDEX(BrokerTargetTracking!G$8:G$17,$AC12,1)),"") | AM12: =IFERROR(IF($AE12="Passive","",INDEX(BrokerTargetTracking!H$8:H$17,$AC12,1)),"") | AN12: =IFERROR(IF($AE12="Passive","",INDEX(BrokerTargetTracking!I$8:I$17,$AC12,1)),"") | AO12: =IFERROR(IF($AE12="Passive","",INDEX(BrokerTargetTracking!J$8:J$17,$AC12,1)),"") | AP12: =IFERROR(IF($AE12="Passive","",INDEX(BrokerTargetTracking!K$8:K$17,$AC12,1)),"") | ... AT12: =IFERROR(IF($AE12="Passive","",INDEX(BrokerTargetTracking!O$8:O$17,$AC12,1)),"") | AV12: =IFERROR(IF($AE12="Passive","",$AG12),"") | AW12: =IFERROR(IF($AE12="Passive","",$AH12),"") | AX12: =IFERROR(IF($AE12="Passive","",INDEX(BrokerTargetTracking!D$411:D$420,$AC12,1)),"") | AY12: =IFERROR(IF($AE12="Passive","",INDEX(BrokerTargetTracking!E$411:E$420,$AC12,1)),"") | AZ12: =IFERROR(IF($AE12="Passive","",INDEX(BrokerTargetTracking!F$411:F$420,$AC12,1)),"") | BA12: =IFERROR(IF($AE12="Passive","",INDEX(BrokerTargetTracking!G$411:G$420,$AC12,1)),"") | BB12: =IFERROR(IF($AE12="Passive","",INDEX(BrokerTargetTracking!H$411:H$420,$AC12,1)),"") | BC12: =IFERROR(IF($AE12="Passive","",INDEX(BrokerTargetTracking!I$411:I$420,$AC12,1)),"") | BD12: =IFERROR(IF($AE12="Passive","",INDEX(BrokerTargetTracking!J$411:J$420,$AC12,1)),"") | BE12: =IFERROR(IF($AE12="Passive","",INDEX(BrokerTargetTracking!K$411:K$420,$AC12,1)),"") | ... BI12: =IFERROR(IF($AE12="Passive","",INDEX(BrokerTargetTracking!O$411:O$420,$AC12,1)),"") | BK12: 9 | BM12: =IFERROR(IF(OR(LEN(INDEX(PropertyDatabase!B$6:B$25,$BK12,1))=0,LEN(INDEX(PropertyDatabase!C$6:C$25,$BK12,1))=0),"Passive","Active"),"") -> Active | BO12: =IFERROR(IF($BM12="Passive","",INDEX(PropertyDatabase!B$6:B$25,$BK12,1)),"") -> 109 | BP12: =IFERROR(IF($BM12="Passive","",INDEX(PropertyDatabase!C$6:C$25,$BK12,1)),"") -> Property 9 | BQ12: =IFERROR(IF($BM12="Passive","",INDEX(PropertyDatabase!D$6:D$25,$BK12,1)),"") -> Harris Montes | BR12: =IFERROR(IF($BM12="Passive","",INDEX(PropertyDatabase!E$6:E$25,$BK12,1)),"") -> 202-555-3086 | BS12: =IFERROR(IF($BM12="Passive","",INDEX(PropertyDatabase!F$6:F$25,$BK12,1)),"") -> Townhome | BT12: =IFERROR(IF($BM12="Passive","",INDEX(PropertyDatabase!G$6:G$25,$BK12,1)),"") -> 60 rue Nationale 75003 | BU12: =IFERROR(IF($BM12="Passive","",IF(LEN(INDEX(PropertyDatabase!H$6:H$25,$BK12,1))=0,"-",INDEX(PropertyDatabase!H$6:H$25,$BK12,1))),"") -> - | BV12: =IFERROR(IF($BM12="Passive","",IF(LEN(INDEX(PropertyDatabase!I$6:I$25,$BK12,1))=0,"-",INDEX(PropertyDatabase!I$6:I$25,$BK12,1))),"") -> - | BX12: =IFERROR(IF($BM12="Passive","",$BO12&" - "&$BP12),"") -> 109 - Property 9 | BY12: =IFERROR(IF($BM12="Passive","",$BK12),"") -> 9 | BZ12: =IFERROR(SMALL($BY$4:$BY$23,ROW($BZ12)-ROW($BZ$3)),"") -> 9 | CA12: =IFERROR(INDEX($BX$4:$BX$23,$BZ12,1),"") -> 109 - Property 9 | CC12: 9 | CE12: =IFERROR(IF(OR(LEN(INDEX(TaskDatabase!B$6:B$25,$CC12,1))=0,LEN(INDEX(TaskDatabase!C$6:C$25,$CC12,1))=0),"Passive","Active"),"") -> Passive | CG12: =IFERROR(IF($CE12="Passive","",INDEX(TaskDatabase!B$6:B$25,$CC12,1)),"") | CH12: =IFERROR(IF($CE12="Passive","",INDEX(TaskDatabase!C$6:C$25,$CC12,1)),"") | CI12: =IFERROR(IF($CE12="Passive","",INDEX(TaskDatabase!D$6:D$25,$CC12,1)),"") | CJ12: =IFERROR(IF($CE12="Passive","",INDEX(TaskDatabase!E$6:E$25,$CC12,1)),"") | CK12: =IFERROR(IF($CE12="Passive","",INDEX(TaskDatabase!L$6:L$25,$CC12,1)),"") | CL12: =IFERROR(IF($CE12="Passive","",INDEX(TaskDatabase!M$6:M$25,$CC12,1)),"") | CM12: =IFERROR(IF($CE12="Passive","",INDEX(TaskDatabase!N$6:N$25,$CC12,1)),"") | CN12: =IFERROR(IF($CE12="Passive","",INDEX(TaskDatabase!O$6:O$25,$CC12,1)),"") | CO12: =IFERROR(IF($CE12="Passive","",INDEX(TaskDatabase!P$6:P$25,$CC12,1)),"") | CP12: =IFERROR(IF($CE12="Passive","",INDEX(TaskDatabase!Q$6:Q$25,$CC12,1)),"") | CQ12: =IFERROR(IF($CE12="Passive","",INDEX(TaskDatabase!R$6:R$25,$CC12,1)),"") | CR12: =IFERROR(IF($CE12="Passive","",INDEX(TaskDatabase!S$6:S$25,$CC12,1)),"") | ... CU12: =IFERROR(IF($CE12="Passive","",INDEX(TaskDatabase!V$6:V$25,$CC12,1)),"") | CV12: =IFERROR(IF($CE12="Passive","",IF($CU12>0,$CU12,$CT12)),"") | CW12: =IFERROR(IF($CE12="Passive","",INDEX(TaskDatabase!W$6:W$25,$CC12,1)),"") | CX12: =IFERROR(IF($CE12="Passive","",INDEX(TaskDatabase!X$6:X$25,$CC12,1)),"") | CY12: =IFERROR(IF($CE12="Passive","",MONTH($CX12)),"") | CZ12: =IFERROR(IF($CE12="Passive","",YEAR($CX12)),"") | DB12: 9 | DD12: =IFERROR(IF(OR(LEN(INDEX(Expenses!B$6:B$25,$DB12,1))=0,LEN(INDEX(Expenses!C$6:C$25,$DB12,1))=0),"Passive","Active"),"") -> Passive | DF12: =IFERROR(IF($DD12="Passive","",INDEX(Expenses!B$6:B$25,$DB12,1)),"") | DG12: =IFERROR(IF($DD12="Passive","",INDEX(Expenses!C$6:C$25,$DB12,1)),"") | DH12: =IFERROR(IF($DD12="Passive","",INDEX(Expenses!D$6:D$25,$DB12,1)),"") | DI12: =IFERROR(IF($DD12="Passive","",INDEX(Expenses!E$6:E$25,$DB12,1)),"") | DJ12: =IFERROR(IF($DD12="Passive","",INDEX(Expenses!F$6:F$25,$DB12,1)),"") | DK12: =IFERROR(IF($DD12="Passive","",INDEX(Expenses!G$6:G$25,$DB12,1)),"") | DL12: =IFERROR(IF($DD12="Passive","",INDEX(Expenses!H$6:H$25,$DB12,1)),"") | DM12: =IFERROR(IF($DD12="Passive","",INDEX(Expenses!I$6:I$25,$DB12,1)),"") | ... DS12: =IFERROR(IF($DD12="Passive","",INDEX(Expenses!O$6:O$25,$DB12,1)),"") | DU12: =IF(LEN(brokerfilter)=0,"ALL",brokerfilter) -> ALL | DW12: =$E5 -> Caleb Mullins | DX12: =IFERROR(IF($DU$6="ALL",SUMIFS($CN$4:$CN$23,$CE$4:$CE$23,"Active",$CW$4:$CW$23,$N$5,$CH$4:$CH$23,$DW12,$CY$4:$CY$23,DX$10), SUMIFS($CN$4:$CN$23,$CE$4:$CE$23,"Active",$CW$4:$CW$23,$N$5,$CH$4:$CH$23,$DW12,$CY$4:$CY$23,DX$10,$CZ$4:$CZ$23,$DU$6)),"") -> 0 | DY12: =IFERROR(IF($DU$6="ALL",SUMIFS($CN$4:$CN$23,$CE$4:$CE$23,"Active",$CW$4:$CW$23,$N$5,$CH$4:$CH$23,$DW12,$CY$4:$CY$23,DY$10), SUMIFS($CN$4:$CN$23,$CE$4:$CE$23,"Active",$CW$4:$CW$23,$N$5,$CH$4:$CH$23,$DW12,$CY$4:$CY$23,DY$10,$CZ$4:$CZ$23,$DU$6)),"") -> 0 | DZ12: =IFERROR(IF($DU$6="ALL",SUMIFS($CN$4:$CN$23,$CE$4:$CE$23,"Active",$CW$4:$CW$23,$N$5,$CH$4:$CH$23,$DW12,$CY$4:$CY$23,DZ$10), SUMIFS($CN$4:$CN$23,$CE$4:$CE$23,"Active",$CW$4:$CW$23,$N$5,$CH$4:$CH$23,$DW12,$CY$4:$CY$23,DZ$10,$CZ$4:$CZ$23,$DU$6)),"") -> 0 | EA12: =IFERROR(IF($DU$6="ALL",SUMIFS($CN$4:$CN$23,$CE$4:$CE$23,"Active",$CW$4:$CW$23,$N$5,$CH$4:$CH$23,$DW12,$CY$4:$CY$23,EA$10), SUMIFS($CN$4:$CN$23,$CE$4:$CE$23,"Active",$CW$4:$CW$23,$N$5,$CH$4:$CH$23,$DW12,$CY$4:$CY$23,EA$10,$CZ$4:$CZ$23,$DU$6)),"") -> 0 | EB12: =IFERROR(IF($DU$6="ALL",SUMIFS($CN$4:$CN$23,$CE$4:$CE$23,"Active",$CW$4:$CW$23,$N$5,$CH$4:$CH$23,$DW12,$CY$4:$CY$23,EB$10), SUMIFS($CN$4:$CN$23,$CE$4:$CE$23,"Active",$CW$4:$CW$23,$N$5,$CH$4:$CH$23,$DW12,$CY$4:$CY$23,EB$10,$CZ$4:$CZ$23,$DU$6)),"") -> 0 | EC12: =IFERROR(IF($DU$6="ALL",SUMIFS($CN$4:$CN$23,$CE$4:$CE$23,"Active",$CW$4:$CW$23,$N$5,$CH$4:$CH$23,$DW12,$CY$4:$CY$23,EC$10), SUMIFS($CN$4:$CN$23,$CE$4:$CE$23,"Active",$CW$4:$CW$23,$N$5,$CH$4:$CH$23,$DW12,$CY$4:$CY$23,EC$10,$CZ$4:$CZ$23,$DU$6)),"") -> 0 | ED12: =IFERROR(IF($DU$6="ALL",SUMIFS($CN$4:$CN$23,$CE$4:$CE$23,"Active",$CW$4:$CW$23,$N$5,$CH$4:$CH$23,$DW12,$CY$4:$CY$23,ED$10), SUMIFS($CN$4:$CN$23,$CE$4:$CE$23,"Active",$CW$4:$CW$23,$N$5,$CH$4:$CH$23,$DW12,$CY$4:$CY$23,ED$10,$CZ$4:$CZ$23,$DU$6)),"") -> 0 | EE12: =IFERROR(IF($DU$6="ALL",SUMIFS($CN$4:$CN$23,$CE$4:$CE$23,"Active",$CW$4:$CW$23,$N$5,$CH$4:$CH$23,$DW12,$CY$4:$CY$23,EE$10), SUMIFS($CN$4:$CN$23,$CE$4:$CE$23,"Active",$CW$4:$CW$23,$N$5,$CH$4:$CH$23,$DW12,$CY$4:$CY$23,EE$10,$CZ$4:$CZ$23,$DU$6)),"") -> 0 | ... EI12: =IFERROR(IF($DU$6="ALL",SUMIFS($CN$4:$CN$23,$CE$4:$CE$23,"Active",$CW$4:$CW$23,$N$5,$CH$4:$CH$23,$DW12,$CY$4:$CY$23,EI$10), SUMIFS($CN$4:$CN$23,$CE$4:$CE$23,"Active",$CW$4:$CW$23,$N$5,$CH$4:$CH$23,$DW12,$CY$4:$CY$23,EI$10,$CZ$4:$CZ$23,$DU$6)),"") -> 0
B13: 9 | D13: =IFERROR(IF(LEN(INDEX(Menu!$C$9:$C$28,$B13,1))=0,"",INDEX(Menu!$C$9:$C$28,$B13,1)),"") -> Barbara Nash | E13: =IFERROR(INDEX($D$5:$D$24, MATCH(0,INDEX((LEN($D$5:$D$24)=0)+COUNTIF($E$4:$E12,$D$5:$D$24),0),0)),"") -> Barbara Nash | G13: =IFERROR(IF(LEN(INDEX(Menu!$F$9:$F$28,$B13,1))=0,"",INDEX(Menu!$F$9:$F$28,$B13,1)),"") -> Utilities | H13: =IFERROR(INDEX($G$5:$G$24,MATCH(0,INDEX((LEN($G$5:$G$24)=0)+COUNTIF($H$4:$H12,$G$5:$G$24),0),0)),"") -> Utilities | J13: =IFERROR(IF(LEN(INDEX(Menu!$H$9:$H$28,$B13,1))=0,"",INDEX(Menu!$H$9:$H$28,$B13,1)),"") | K13: =IFERROR(INDEX($J$5:$J$14, MATCH(0,INDEX((LEN($J$5:$J$14)=0)+COUNTIF($K$4:$K12,$J$5:$J$14),0),0)),"") | M13: =IFERROR(IF(LEN(INDEX(Menu!$J$9:$J$28,$B13,1))=0,"",INDEX(Menu!$J$9:$J$28,$B13,1)),"") | N13: =IFERROR(INDEX($M$5:$M$14, MATCH(0,INDEX((LEN($M$5:$M$14)=0)+COUNTIF($N$4:$N12,$M$5:$M$14),0),0)),"") | S13: 2028 | U13: 9 | V13: SEPTEMBER | X13: 0.1 | AC13: 10 | AE13: =IFERROR(IF(LEN(INDEX(BrokerTargetTracking!B$8:B$17,$AC13,1))=0,"Passive","Active"),"") -> Passive | AG13: =IFERROR(IF($AE13="Passive","",INDEX(BrokerTargetTracking!B$8:B$407,$AC13,1)),"") | AH13: =IFERROR(IF($AE13="Passive","",IF(LEN(INDEX(BrokerTargetTracking!C$8:C$17,$AC13,1))=0,"-",INDEX(BrokerTargetTracking!C$8:C$17,$AC13,1))),"") | AI13: =IFERROR(IF($AE13="Passive","",INDEX(BrokerTargetTracking!D$8:D$17,$AC13,1)),"") | AJ13: =IFERROR(IF($AE13="Passive","",INDEX(BrokerTargetTracking!E$8:E$17,$AC13,1)),"") | AK13: =IFERROR(IF($AE13="Passive","",INDEX(BrokerTargetTracking!F$8:F$17,$AC13,1)),"") | AL13: =IFERROR(IF($AE13="Passive","",INDEX(BrokerTargetTracking!G$8:G$17,$AC13,1)),"") | AM13: =IFERROR(IF($AE13="Passive","",INDEX(BrokerTargetTracking!H$8:H$17,$AC13,1)),"") | AN13: =IFERROR(IF($AE13="Passive","",INDEX(BrokerTargetTracking!I$8:I$17,$AC13,1)),"") | AO13: =IFERROR(IF($AE13="Passive","",INDEX(BrokerTargetTracking!J$8:J$17,$AC13,1)),"") | AP13: =IFERROR(IF($AE13="Passive","",INDEX(BrokerTargetTracking!K$8:K$17,$AC13,1)),"") | ... AT13: =IFERROR(IF($AE13="Passive","",INDEX(BrokerTargetTracking!O$8:O$17,$AC13,1)),"") | AV13: =IFERROR(IF($AE13="Passive","",$AG13),"") | AW13: =IFERROR(IF($AE13="Passive","",$AH13),"") | AX13: =IFERROR(IF($AE13="Passive","",INDEX(BrokerTargetTracking!D$411:D$420,$AC13,1)),"") | AY13: =IFERROR(IF($AE13="Passive","",INDEX(BrokerTargetTracking!E$411:E$420,$AC13,1)),"") | AZ13: =IFERROR(IF($AE13="Passive","",INDEX(BrokerTargetTracking!F$411:F$420,$AC13,1)),"") | BA13: =IFERROR(IF($AE13="Passive","",INDEX(BrokerTargetTracking!G$411:G$420,$AC13,1)),"") | BB13: =IFERROR(IF($AE13="Passive","",INDEX(BrokerTargetTracking!H$411:H$420,$AC13,1)),"") | BC13: =IFERROR(IF($AE13="Passive","",INDEX(BrokerTargetTracking!I$411:I$420,$AC13,1)),"") | BD13: =IFERROR(IF($AE13="Passive","",INDEX(BrokerTargetTracking!J$411:J$420,$AC13,1)),"") | BE13: =IFERROR(IF($AE13="Passive","",INDEX(BrokerTargetTracking!K$411:K$420,$AC13,1)),"") | ... BI13: =IFERROR(IF($AE13="Passive","",INDEX(BrokerTargetTracking!O$411:O$420,$AC13,1)),"") | BK13: 10 | BM13: =IFERROR(IF(OR(LEN(INDEX(PropertyDatabase!B$6:B$25,$BK13,1))=0,LEN(INDEX(PropertyDatabase!C$6:C$25,$BK13,1))=0),"Passive","Active"),"") -> Active | BO13: =IFERROR(IF($BM13="Passive","",INDEX(PropertyDatabase!B$6:B$25,$BK13,1)),"") -> 110 | BP13: =IFERROR(IF($BM13="Passive","",INDEX(PropertyDatabase!C$6:C$25,$BK13,1)),"") -> Property 10 | BQ13: =IFERROR(IF($BM13="Passive","",INDEX(PropertyDatabase!D$6:D$25,$BK13,1)),"") -> Doris Power | BR13: =IFERROR(IF($BM13="Passive","",INDEX(PropertyDatabase!E$6:E$25,$BK13,1)),"") -> 202-555-3023 | BS13: =IFERROR(IF($BM13="Passive","",INDEX(PropertyDatabase!F$6:F$25,$BK13,1)),"") -> Flat | BT13: =IFERROR(IF($BM13="Passive","",INDEX(PropertyDatabase!G$6:G$25,$BK13,1)),"") -> 216 Pine Street Auburn 13021 | BU13: =IFERROR(IF($BM13="Passive","",IF(LEN(INDEX(PropertyDatabase!H$6:H$25,$BK13,1))=0,"-",INDEX(PropertyDatabase!H$6:H$25,$BK13,1))),"") -> - | BV13: =IFERROR(IF($BM13="Passive","",IF(LEN(INDEX(PropertyDatabase!I$6:I$25,$BK13,1))=0,"-",INDEX(PropertyDatabase!I$6:I$25,$BK13,1))),"") -> - | BX13: =IFERROR(IF($BM13="Passive","",$BO13&" - "&$BP13),"") -> 110 - Property 10 | BY13: =IFERROR(IF($BM13="Passive","",$BK13),"") -> 10 | BZ13: =IFERROR(SMALL($BY$4:$BY$23,ROW($BZ13)-ROW($BZ$3)),"") -> 10 | CA13: =IFERROR(INDEX($BX$4:$BX$23,$BZ13,1),"") -> 110 - Property 10 | CC13: 10 | CE13: =IFERROR(IF(OR(LEN(INDEX(TaskDatabase!B$6:B$25,$CC13,1))=0,LEN(INDEX(TaskDatabase!C$6:C$25,$CC13,1))=0),"Passive","Active"),"") -> Passive | CG13: =IFERROR(IF($CE13="Passive","",INDEX(TaskDatabase!B$6:B$25,$CC13,1)),"") | CH13: =IFERROR(IF($CE13="Passive","",INDEX(TaskDatabase!C$6:C$25,$CC13,1)),"") | CI13: =IFERROR(IF($CE13="Passive","",INDEX(TaskDatabase!D$6:D$25,$CC13,1)),"") | CJ13: =IFERROR(IF($CE13="Passive","",INDEX(TaskDatabase!E$6:E$25,$CC13,1)),"") | CK13: =IFERROR(IF($CE13="Passive","",INDEX(TaskDatabase!L$6:L$25,$CC13,1)),"") | CL13: =IFERROR(IF($CE13="Passive","",INDEX(TaskDatabase!M$6:M$25,$CC13,1)),"") | CM13: =IFERROR(IF($CE13="Passive","",INDEX(TaskDatabase!N$6:N$25,$CC13,1)),"") | CN13: =IFERROR(IF($CE13="Passive","",INDEX(TaskDatabase!O$6:O$25,$CC13,1)),"") | CO13: =IFERROR(IF($CE13="Passive","",INDEX(TaskDatabase!P$6:P$25,$CC13,1)),"") | CP13: =IFERROR(IF($CE13="Passive","",INDEX(TaskDatabase!Q$6:Q$25,$CC13,1)),"") | CQ13: =IFERROR(IF($CE13="Passive","",INDEX(TaskDatabase!R$6:R$25,$CC13,1)),"") | CR13: =IFERROR(IF($CE13="Passive","",INDEX(TaskDatabase!S$6:S$25,$CC13,1)),"") | ... CU13: =IFERROR(IF($CE13="Passive","",INDEX(TaskDatabase!V$6:V$25,$CC13,1)),"") | CV13: =IFERROR(IF($CE13="Passive","",IF($CU13>0,$CU13,$CT13)),"") | CW13: =IFERROR(IF($CE13="Passive","",INDEX(TaskDatabase!W$6:W$25,$CC13,1)),"") | CX13: =IFERROR(IF($CE13="Passive","",INDEX(TaskDatabase!X$6:X$25,$CC13,1)),"") | CY13: =IFERROR(IF($CE13="Passive","",MONTH($CX13)),"") | CZ13: =IFERROR(IF($CE13="Passive","",YEAR($CX13)),"") | DB13: 10 | DD13: =IFERROR(IF(OR(LEN(INDEX(Expenses!B$6:B$25,$DB13,1))=0,LEN(INDEX(Expenses!C$6:C$25,$DB13,1))=0),"Passive","Active"),"") -> Passive | DF13: =IFERROR(IF($DD13="Passive","",INDEX(Expenses!B$6:B$25,$DB13,1)),"") | DG13: =IFERROR(IF($DD13="Passive","",INDEX(Expenses!C$6:C$25,$DB13,1)),"") | DH13: =IFERROR(IF($DD13="Passive","",INDEX(Expenses!D$6:D$25,$DB13,1)),"") | DI13: =IFERROR(IF($DD13="Passive","",INDEX(Expenses!E$6:E$25,$DB13,1)),"") | DJ13: =IFERROR(IF($DD13="Passive","",INDEX(Expenses!F$6:F$25,$DB13,1)),"") | DK13: =IFERROR(IF($DD13="Passive","",INDEX(Expenses!G$6:G$25,$DB13,1)),"") | DL13: =IFERROR(IF($DD13="Passive","",INDEX(Expenses!H$6:H$25,$DB13,1)),"") | DM13: =IFERROR(IF($DD13="Passive","",INDEX(Expenses!I$6:I$25,$DB13,1)),"") | ... DS13: =IFERROR(IF($DD13="Passive","",INDEX(Expenses!O$6:O$25,$DB13,1)),"") | DW13: =$E6 -> Laura Hartman | DX13: =IFERROR(IF($DU$6="ALL",SUMIFS($CN$4:$CN$23,$CE$4:$CE$23,"Active",$CW$4:$CW$23,$N$5,$CH$4:$CH$23,$DW13,$CY$4:$CY$23,DX$10), SUMIFS($CN$4:$CN$23,$CE$4:$CE$23,"Active",$CW$4:$CW$23,$N$5,$CH$4:$CH$23,$DW13,$CY$4:$CY$23,DX$10,$CZ$4:$CZ$23,$DU$6)),"") -> 0 | DY13: =IFERROR(IF($DU$6="ALL",SUMIFS($CN$4:$CN$23,$CE$4:$CE$23,"Active",$CW$4:$CW$23,$N$5,$CH$4:$CH$23,$DW13,$CY$4:$CY$23,DY$10), SUMIFS($CN$4:$CN$23,$CE$4:$CE$23,"Active",$CW$4:$CW$23,$N$5,$CH$4:$CH$23,$DW13,$CY$4:$CY$23,DY$10,$CZ$4:$CZ$23,$DU$6)),"") -> 0 | DZ13: =IFERROR(IF($DU$6="ALL",SUMIFS($CN$4:$CN$23,$CE$4:$CE$23,"Active",$CW$4:$CW$23,$N$5,$CH$4:$CH$23,$DW13,$CY$4:$CY$23,DZ$10), SUMIFS($CN$4:$CN$23,$CE$4:$CE$23,"Active",$CW$4:$CW$23,$N$5,$CH$4:$CH$23,$DW13,$CY$4:$CY$23,DZ$10,$CZ$4:$CZ$23,$DU$6)),"") -> 0 | EA13: =IFERROR(IF($DU$6="ALL",SUMIFS($CN$4:$CN$23,$CE$4:$CE$23,"Active",$CW$4:$CW$23,$N$5,$CH$4:$CH$23,$DW13,$CY$4:$CY$23,EA$10), SUMIFS($CN$4:$CN$23,$CE$4:$CE$23,"Active",$CW$4:$CW$23,$N$5,$CH$4:$CH$23,$DW13,$CY$4:$CY$23,EA$10,$CZ$4:$CZ$23,$DU$6)),"") -> 0 | EB13: =IFERROR(IF($DU$6="ALL",SUMIFS($CN$4:$CN$23,$CE$4:$CE$23,"Active",$CW$4:$CW$23,$N$5,$CH$4:$CH$23,$DW13,$CY$4:$CY$23,EB$10), SUMIFS($CN$4:$CN$23,$CE$4:$CE$23,"Active",$CW$4:$CW$23,$N$5,$CH$4:$CH$23,$DW13,$CY$4:$CY$23,EB$10,$CZ$4:$CZ$23,$DU$6)),"") -> 0 | EC13: =IFERROR(IF($DU$6="ALL",SUMIFS($CN$4:$CN$23,$CE$4:$CE$23,"Active",$CW$4:$CW$23,$N$5,$CH$4:$CH$23,$DW13,$CY$4:$CY$23,EC$10), SUMIFS($CN$4:$CN$23,$CE$4:$CE$23,"Active",$CW$4:$CW$23,$N$5,$CH$4:$CH$23,$DW13,$CY$4:$CY$23,EC$10,$CZ$4:$CZ$23,$DU$6)),"") -> 0 | ED13: =IFERROR(IF($DU$6="ALL",SUMIFS($CN$4:$CN$23,$CE$4:$CE$23,"Active",$CW$4:$CW$23,$N$5,$CH$4:$CH$23,$DW13,$CY$4:$CY$23,ED$10), SUMIFS($CN$4:$CN$23,$CE$4:$CE$23,"Active",$CW$4:$CW$23,$N$5,$CH$4:$CH$23,$DW13,$CY$4:$CY$23,ED$10,$CZ$4:$CZ$23,$DU$6)),"") -> 0 | EE13: =IFERROR(IF($DU$6="ALL",SUMIFS($CN$4:$CN$23,$CE$4:$CE$23,"Active",$CW$4:$CW$23,$N$5,$CH$4:$CH$23,$DW13,$CY$4:$CY$23,EE$10), SUMIFS($CN$4:$CN$23,$CE$4:$CE$23,"Active",$CW$4:$CW$23,$N$5,$CH$4:$CH$23,$DW13,$CY$4:$CY$23,EE$10,$CZ$4:$CZ$23,$DU$6)),"") -> 0 | ... EI13: =IFERROR(IF($DU$6="ALL",SUMIFS($CN$4:$CN$23,$CE$4:$CE$23,"Active",$CW$4:$CW$23,$N$5,$CH$4:$CH$23,$DW13,$CY$4:$CY$23,EI$10), SUMIFS($CN$4:$CN$23,$CE$4:$CE$23,"Active",$CW$4:$CW$23,$N$5,$CH$4:$CH$23,$DW13,$CY$4:$CY$23,EI$10,$CZ$4:$CZ$23,$DU$6)),"") -> 0 | EK13: STATUSES | EL13: =MAX(COUNTA($DW$60:$DW$69)-COUNTBLANK($DW$60:$DW$69),1) -> 5
B14: 10 | D14: =IFERROR(IF(LEN(INDEX(Menu!$C$9:$C$28,$B14,1))=0,"",INDEX(Menu!$C$9:$C$28,$B14,1)),"") -> Leroy Gates | E14: =IFERROR(INDEX($D$5:$D$24, MATCH(0,INDEX((LEN($D$5:$D$24)=0)+COUNTIF($E$4:$E13,$D$5:$D$24),0),0)),"") -> Leroy Gates | G14: =IFERROR(IF(LEN(INDEX(Menu!$F$9:$F$28,$B14,1))=0,"",INDEX(Menu!$F$9:$F$28,$B14,1)),"") -> Bills | H14: =IFERROR(INDEX($G$5:$G$24,MATCH(0,INDEX((LEN($G$5:$G$24)=0)+COUNTIF($H$4:$H13,$G$5:$G$24),0),0)),"") -> Bills | J14: =IFERROR(IF(LEN(INDEX(Menu!$H$9:$H$28,$B14,1))=0,"",INDEX(Menu!$H$9:$H$28,$B14,1)),"") | K14: =IFERROR(INDEX($J$5:$J$14, MATCH(0,INDEX((LEN($J$5:$J$14)=0)+COUNTIF($K$4:$K13,$J$5:$J$14),0),0)),"") | M14: =IFERROR(IF(LEN(INDEX(Menu!$J$9:$J$28,$B14,1))=0,"",INDEX(Menu!$J$9:$J$28,$B14,1)),"") | N14: =IFERROR(INDEX($M$5:$M$14, MATCH(0,INDEX((LEN($M$5:$M$14)=0)+COUNTIF($N$4:$N13,$M$5:$M$14),0),0)),"") | S14: 2029 | U14: 10 | V14: OCTOBER | X14: 0.11 | BK14: 11 | BM14: =IFERROR(IF(OR(LEN(INDEX(PropertyDatabase!B$6:B$25,$BK14,1))=0,LEN(INDEX(PropertyDatabase!C$6:C$25,$BK14,1))=0),"Passive","Active"),"") -> Active | BO14: =IFERROR(IF($BM14="Passive","",INDEX(PropertyDatabase!B$6:B$25,$BK14,1)),"") -> 111 | BP14: =IFERROR(IF($BM14="Passive","",INDEX(PropertyDatabase!C$6:C$25,$BK14,1)),"") -> Property 11 | BQ14: =IFERROR(IF($BM14="Passive","",INDEX(PropertyDatabase!D$6:D$25,$BK14,1)),"") -> Isobelle Hurley | BR14: =IFERROR(IF($BM14="Passive","",INDEX(PropertyDatabase!E$6:E$25,$BK14,1)),"") -> 202-555-4252 | BS14: =IFERROR(IF($BM14="Passive","",INDEX(PropertyDatabase!F$6:F$25,$BK14,1)),"") -> Townhome | BT14: =IFERROR(IF($BM14="Passive","",INDEX(PropertyDatabase!G$6:G$25,$BK14,1)),"") -> 147 Silver Spear Ave. Suite 454 10034 | BU14: =IFERROR(IF($BM14="Passive","",IF(LEN(INDEX(PropertyDatabase!H$6:H$25,$BK14,1))=0,"-",INDEX(PropertyDatabase!H$6:H$25,$BK14,1))),"") -> - | BV14: =IFERROR(IF($BM14="Passive","",IF(LEN(INDEX(PropertyDatabase!I$6:I$25,$BK14,1))=0,"-",INDEX(PropertyDatabase!I$6:I$25,$BK14,1))),"") -> - | BX14: =IFERROR(IF($BM14="Passive","",$BO14&" - "&$BP14),"") -> 111 - Property 11 | BY14: =IFERROR(IF($BM14="Passive","",$BK14),"") -> 11 | BZ14: =IFERROR(SMALL($BY$4:$BY$23,ROW($BZ14)-ROW($BZ$3)),"") -> 11 | CA14: =IFERROR(INDEX($BX$4:$BX$23,$BZ14,1),"") -> 111 - Property 11 | CC14: 11 | CE14: =IFERROR(IF(OR(LEN(INDEX(TaskDatabase!B$6:B$25,$CC14,1))=0,LEN(INDEX(TaskDatabase!C$6:C$25,$CC14,1))=0),"Passive","Active"),"") -> Passive | CG14: =IFERROR(IF($CE14="Passive","",INDEX(TaskDatabase!B$6:B$25,$CC14,1)),"") | CH14: =IFERROR(IF($CE14="Passive","",INDEX(TaskDatabase!C$6:C$25,$CC14,1)),"") | CI14: =IFERROR(IF($CE14="Passive","",INDEX(TaskDatabase!D$6:D$25,$CC14,1)),"") | CJ14: =IFERROR(IF($CE14="Passive","",INDEX(TaskDatabase!E$6:E$25,$CC14,1)),"") | CK14: =IFERROR(IF($CE14="Passive","",INDEX(TaskDatabase!L$6:L$25,$CC14,1)),"") | CL14: =IFERROR(IF($CE14="Passive","",INDEX(TaskDatabase!M$6:M$25,$CC14,1)),"") | CM14: =IFERROR(IF($CE14="Passive","",INDEX(TaskDatabase!N$6:N$25,$CC14,1)),"") | CN14: =IFERROR(IF($CE14="Passive","",INDEX(TaskDatabase!O$6:O$25,$CC14,1)),"") | CO14: =IFERROR(IF($CE14="Passive","",INDEX(TaskDatabase!P$6:P$25,$CC14,1)),"") | CP14: =IFERROR(IF($CE14="Passive","",INDEX(TaskDatabase!Q$6:Q$25,$CC14,1)),"") | CQ14: =IFERROR(IF($CE14="Passive","",INDEX(TaskDatabase!R$6:R$25,$CC14,1)),"") | CR14: =IFERROR(IF($CE14="Passive","",INDEX(TaskDatabase!S$6:S$25,$CC14,1)),"") | ... CU14: =IFERROR(IF($CE14="Passive","",INDEX(TaskDatabase!V$6:V$25,$CC14,1)),"") | CV14: =IFERROR(IF($CE14="Passive","",IF($CU14>0,$CU14,$CT14)),"") | CW14: =IFERROR(IF($CE14="Passive","",INDEX(TaskDatabase!W$6:W$25,$CC14,1)),"") | CX14: =IFERROR(IF($CE14="Passive","",INDEX(TaskDatabase!X$6:X$25,$CC14,1)),"") | CY14: =IFERROR(IF($CE14="Passive","",MONTH($CX14)),"") | CZ14: =IFERROR(IF($CE14="Passive","",YEAR($CX14)),"") | DB14: 11 | DD14: =IFERROR(IF(OR(LEN(INDEX(Expenses!B$6:B$25,$DB14,1))=0,LEN(INDEX(Expenses!C$6:C$25,$DB14,1))=0),"Passive","Active"),"") -> Passive | DF14: =IFERROR(IF($DD14="Passive","",INDEX(Expenses!B$6:B$25,$DB14,1)),"") | DG14: =IFERROR(IF($DD14="Passive","",INDEX(Expenses!C$6:C$25,$DB14,1)),"") | DH14: =IFERROR(IF($DD14="Passive","",INDEX(Expenses!D$6:D$25,$DB14,1)),"") | DI14: =IFERROR(IF($DD14="Passive","",INDEX(Expenses!E$6:E$25,$DB14,1)),"") | DJ14: =IFERROR(IF($DD14="Passive","",INDEX(Expenses!F$6:F$25,$DB14,1)),"") | DK14: =IFERROR(IF($DD14="Passive","",INDEX(Expenses!G$6:G$25,$DB14,1)),"") | DL14: =IFERROR(IF($DD14="Passive","",INDEX(Expenses!H$6:H$25,$DB14,1)),"") | DM14: =IFERROR(IF($DD14="Passive","",INDEX(Expenses!I$6:I$25,$DB14,1)),"") | ... DS14: =IFERROR(IF($DD14="Passive","",INDEX(Expenses!O$6:O$25,$DB14,1)),"") | DW14: =$E7 -> Dustin Santana | DX14: =IFERROR(IF($DU$6="ALL",SUMIFS($CN$4:$CN$23,$CE$4:$CE$23,"Active",$CW$4:$CW$23,$N$5,$CH$4:$CH$23,$DW14,$CY$4:$CY$23,DX$10), SUMIFS($CN$4:$CN$23,$CE$4:$CE$23,"Active",$CW$4:$CW$23,$N$5,$CH$4:$CH$23,$DW14,$CY$4:$CY$23,DX$10,$CZ$4:$CZ$23,$DU$6)),"") -> 0 | DY14: =IFERROR(IF($DU$6="ALL",SUMIFS($CN$4:$CN$23,$CE$4:$CE$23,"Active",$CW$4:$CW$23,$N$5,$CH$4:$CH$23,$DW14,$CY$4:$CY$23,DY$10), SUMIFS($CN$4:$CN$23,$CE$4:$CE$23,"Active",$CW$4:$CW$23,$N$5,$CH$4:$CH$23,$DW14,$CY$4:$CY$23,DY$10,$CZ$4:$CZ$23,$DU$6)),"") -> 0 | DZ14: =IFERROR(IF($DU$6="ALL",SUMIFS($CN$4:$CN$23,$CE$4:$CE$23,"Active",$CW$4:$CW$23,$N$5,$CH$4:$CH$23,$DW14,$CY$4:$CY$23,DZ$10), SUMIFS($CN$4:$CN$23,$CE$4:$CE$23,"Active",$CW$4:$CW$23,$N$5,$CH$4:$CH$23,$DW14,$CY$4:$CY$23,DZ$10,$CZ$4:$CZ$23,$DU$6)),"") -> 0 | EA14: =IFERROR(IF($DU$6="ALL",SUMIFS($CN$4:$CN$23,$CE$4:$CE$23,"Active",$CW$4:$CW$23,$N$5,$CH$4:$CH$23,$DW14,$CY$4:$CY$23,EA$10), SUMIFS($CN$4:$CN$23,$CE$4:$CE$23,"Active",$CW$4:$CW$23,$N$5,$CH$4:$CH$23,$DW14,$CY$4:$CY$23,EA$10,$CZ$4:$CZ$23,$DU$6)),"") -> 0 | EB14: =IFERROR(IF($DU$6="ALL",SUMIFS($CN$4:$CN$23,$CE$4:$CE$23,"Active",$CW$4:$CW$23,$N$5,$CH$4:$CH$23,$DW14,$CY$4:$CY$23,EB$10), SUMIFS($CN$4:$CN$23,$CE$4:$CE$23,"Active",$CW$4:$CW$23,$N$5,$CH$4:$CH$23,$DW14,$CY$4:$CY$23,EB$10,$CZ$4:$CZ$23,$DU$6)),"") -> 0 | EC14: =IFERROR(IF($DU$6="ALL",SUMIFS($CN$4:$CN$23,$CE$4:$CE$23,"Active",$CW$4:$CW$23,$N$5,$CH$4:$CH$23,$DW14,$CY$4:$CY$23,EC$10), SUMIFS($CN$4:$CN$23,$CE$4:$CE$23,"Active",$CW$4:$CW$23,$N$5,$CH$4:$CH$23,$DW14,$CY$4:$CY$23,EC$10,$CZ$4:$CZ$23,$DU$6)),"") -> 0 | ED14: =IFERROR(IF($DU$6="ALL",SUMIFS($CN$4:$CN$23,$CE$4:$CE$23,"Active",$CW$4:$CW$23,$N$5,$CH$4:$CH$23,$DW14,$CY$4:$CY$23,ED$10), SUMIFS($CN$4:$CN$23,$CE$4:$CE$23,"Active",$CW$4:$CW$23,$N$5,$CH$4:$CH$23,$DW14,$CY$4:$CY$23,ED$10,$CZ$4:$CZ$23,$DU$6)),"") -> 0 | EE14: =IFERROR(IF($DU$6="ALL",SUMIFS($CN$4:$CN$23,$CE$4:$CE$23,"Active",$CW$4:$CW$23,$N$5,$CH$4:$CH$23,$DW14,$CY$4:$CY$23,EE$10), SUMIFS($CN$4:$CN$23,$CE$4:$CE$23,"Active",$CW$4:$CW$23,$N$5,$CH$4:$CH$23,$DW14,$CY$4:$CY$23,EE$10,$CZ$4:$CZ$23,$DU$6)),"") -> 0 | ... EI14: =IFERROR(IF($DU$6="ALL",SUMIFS($CN$4:$CN$23,$CE$4:$CE$23,"Active",$CW$4:$CW$23,$N$5,$CH$4:$CH$23,$DW14,$CY$4:$CY$23,EI$10), SUMIFS($CN$4:$CN$23,$CE$4:$CE$23,"Active",$CW$4:$CW$23,$N$5,$CH$4:$CH$23,$DW14,$CY$4:$CY$23,EI$10,$CZ$4:$CZ$23,$DU$6)),"") -> 0 | EK14: STATUS LIST | EL14: TOTAL COUNT
B15: 11 | D15: =IFERROR(IF(LEN(INDEX(Menu!$C$9:$C$28,$B15,1))=0,"",INDEX(Menu!$C$9:$C$28,$B15,1)),"") -> Ray Hampton | E15: =IFERROR(INDEX($D$5:$D$24, MATCH(0,INDEX((LEN($D$5:$D$24)=0)+COUNTIF($E$4:$E14,$D$5:$D$24),0),0)),"") -> Ray Hampton | G15: =IFERROR(IF(LEN(INDEX(Menu!$F$9:$F$28,$B15,1))=0,"",INDEX(Menu!$F$9:$F$28,$B15,1)),"") | H15: =IFERROR(INDEX($G$5:$G$24,MATCH(0,INDEX((LEN($G$5:$G$24)=0)+COUNTIF($H$4:$H14,$G$5:$G$24),0),0)),"") | S15: 2030 | U15: 11 | V15: NOVEMBER | X15: 0.12 | BK15: 12 | BM15: =IFERROR(IF(OR(LEN(INDEX(PropertyDatabase!B$6:B$25,$BK15,1))=0,LEN(INDEX(PropertyDatabase!C$6:C$25,$BK15,1))=0),"Passive","Active"),"") -> Active | BO15: =IFERROR(IF($BM15="Passive","",INDEX(PropertyDatabase!B$6:B$25,$BK15,1)),"") -> 112 | BP15: =IFERROR(IF($BM15="Passive","",INDEX(PropertyDatabase!C$6:C$25,$BK15,1)),"") -> Property 12 | BQ15: =IFERROR(IF($BM15="Passive","",INDEX(PropertyDatabase!D$6:D$25,$BK15,1)),"") -> Donell Merrill | BR15: =IFERROR(IF($BM15="Passive","",INDEX(PropertyDatabase!E$6:E$25,$BK15,1)),"") -> 202-555-3642 | BS15: =IFERROR(IF($BM15="Passive","",INDEX(PropertyDatabase!F$6:F$25,$BK15,1)),"") -> Office | BT15: =IFERROR(IF($BM15="Passive","",INDEX(PropertyDatabase!G$6:G$25,$BK15,1)),"") -> 79 Shadow Brook Drive Brooklyn 11228 | BU15: =IFERROR(IF($BM15="Passive","",IF(LEN(INDEX(PropertyDatabase!H$6:H$25,$BK15,1))=0,"-",INDEX(PropertyDatabase!H$6:H$25,$BK15,1))),"") -> - | BV15: =IFERROR(IF($BM15="Passive","",IF(LEN(INDEX(PropertyDatabase!I$6:I$25,$BK15,1))=0,"-",INDEX(PropertyDatabase!I$6:I$25,$BK15,1))),"") -> - | BX15: =IFERROR(IF($BM15="Passive","",$BO15&" - "&$BP15),"") -> 112 - Property 12 | BY15: =IFERROR(IF($BM15="Passive","",$BK15),"") -> 12 | BZ15: =IFERROR(SMALL($BY$4:$BY$23,ROW($BZ15)-ROW($BZ$3)),"") -> 12 | CA15: =IFERROR(INDEX($BX$4:$BX$23,$BZ15,1),"") -> 112 - Property 12 | CC15: 12 | CE15: =IFERROR(IF(OR(LEN(INDEX(TaskDatabase!B$6:B$25,$CC15,1))=0,LEN(INDEX(TaskDatabase!C$6:C$25,$CC15,1))=0),"Passive","Active"),"") -> Passive | CG15: =IFERROR(IF($CE15="Passive","",INDEX(TaskDatabase!B$6:B$25,$CC15,1)),"") | CH15: =IFERROR(IF($CE15="Passive","",INDEX(TaskDatabase!C$6:C$25,$CC15,1)),"") | CI15: =IFERROR(IF($CE15="Passive","",INDEX(TaskDatabase!D$6:D$25,$CC15,1)),"") | CJ15: =IFERROR(IF($CE15="Passive","",INDEX(TaskDatabase!E$6:E$25,$CC15,1)),"") | CK15: =IFERROR(IF($CE15="Passive","",INDEX(TaskDatabase!L$6:L$25,$CC15,1)),"") | CL15: =IFERROR(IF($CE15="Passive","",INDEX(TaskDatabase!M$6:M$25,$CC15,1)),"") | CM15: =IFERROR(IF($CE15="Passive","",INDEX(TaskDatabase!N$6:N$25,$CC15,1)),"") | CN15: =IFERROR(IF($CE15="Passive","",INDEX(TaskDatabase!O$6:O$25,$CC15,1)),"") | CO15: =IFERROR(IF($CE15="Passive","",INDEX(TaskDatabase!P$6:P$25,$CC15,1)),"") | CP15: =IFERROR(IF($CE15="Passive","",INDEX(TaskDatabase!Q$6:Q$25,$CC15,1)),"") | CQ15: =IFERROR(IF($CE15="Passive","",INDEX(TaskDatabase!R$6:R$25,$CC15,1)),"") | CR15: =IFERROR(IF($CE15="Passive","",INDEX(TaskDatabase!S$6:S$25,$CC15,1)),"") | ... CU15: =IFERROR(IF($CE15="Passive","",INDEX(TaskDatabase!V$6:V$25,$CC15,1)),"") | CV15: =IFERROR(IF($CE15="Passive","",IF($CU15>0,$CU15,$CT15)),"") | CW15: =IFERROR(IF($CE15="Passive","",INDEX(TaskDatabase!W$6:W$25,$CC15,1)),"") | CX15: =IFERROR(IF($CE15="Passive","",INDEX(TaskDatabase!X$6:X$25,$CC15,1)),"") | CY15: =IFERROR(IF($CE15="Passive","",MONTH($CX15)),"") | CZ15: =IFERROR(IF($CE15="Passive","",YEAR($CX15)),"") | DB15: 12 | DD15: =IFERROR(IF(OR(LEN(INDEX(Expenses!B$6:B$25,$DB15,1))=0,LEN(INDEX(Expenses!C$6:C$25,$DB15,1))=0),"Passive","Active"),"") -> Passive | DF15: =IFERROR(IF($DD15="Passive","",INDEX(Expenses!B$6:B$25,$DB15,1)),"") | DG15: =IFERROR(IF($DD15="Passive","",INDEX(Expenses!C$6:C$25,$DB15,1)),"") | DH15: =IFERROR(IF($DD15="Passive","",INDEX(Expenses!D$6:D$25,$DB15,1)),"") | DI15: =IFERROR(IF($DD15="Passive","",INDEX(Expenses!E$6:E$25,$DB15,1)),"") | DJ15: =IFERROR(IF($DD15="Passive","",INDEX(Expenses!F$6:F$25,$DB15,1)),"") | DK15: =IFERROR(IF($DD15="Passive","",INDEX(Expenses!G$6:G$25,$DB15,1)),"") | DL15: =IFERROR(IF($DD15="Passive","",INDEX(Expenses!H$6:H$25,$DB15,1)),"") | DM15: =IFERROR(IF($DD15="Passive","",INDEX(Expenses!I$6:I$25,$DB15,1)),"") | ... DS15: =IFERROR(IF($DD15="Passive","",INDEX(Expenses!O$6:O$25,$DB15,1)),"") | DW15: =$E8 -> Aidan Yates | DX15: =IFERROR(IF($DU$6="ALL",SUMIFS($CN$4:$CN$23,$CE$4:$CE$23,"Active",$CW$4:$CW$23,$N$5,$CH$4:$CH$23,$DW15,$CY$4:$CY$23,DX$10), SUMIFS($CN$4:$CN$23,$CE$4:$CE$23,"Active",$CW$4:$CW$23,$N$5,$CH$4:$CH$23,$DW15,$CY$4:$CY$23,DX$10,$CZ$4:$CZ$23,$DU$6)),"") -> 0 | DY15: =IFERROR(IF($DU$6="ALL",SUMIFS($CN$4:$CN$23,$CE$4:$CE$23,"Active",$CW$4:$CW$23,$N$5,$CH$4:$CH$23,$DW15,$CY$4:$CY$23,DY$10), SUMIFS($CN$4:$CN$23,$CE$4:$CE$23,"Active",$CW$4:$CW$23,$N$5,$CH$4:$CH$23,$DW15,$CY$4:$CY$23,DY$10,$CZ$4:$CZ$23,$DU$6)),"") -> 0 | DZ15: =IFERROR(IF($DU$6="ALL",SUMIFS($CN$4:$CN$23,$CE$4:$CE$23,"Active",$CW$4:$CW$23,$N$5,$CH$4:$CH$23,$DW15,$CY$4:$CY$23,DZ$10), SUMIFS($CN$4:$CN$23,$CE$4:$CE$23,"Active",$CW$4:$CW$23,$N$5,$CH$4:$CH$23,$DW15,$CY$4:$CY$23,DZ$10,$CZ$4:$CZ$23,$DU$6)),"") -> 0 | EA15: =IFERROR(IF($DU$6="ALL",SUMIFS($CN$4:$CN$23,$CE$4:$CE$23,"Active",$CW$4:$CW$23,$N$5,$CH$4:$CH$23,$DW15,$CY$4:$CY$23,EA$10), SUMIFS($CN$4:$CN$23,$CE$4:$CE$23,"Active",$CW$4:$CW$23,$N$5,$CH$4:$CH$23,$DW15,$CY$4:$CY$23,EA$10,$CZ$4:$CZ$23,$DU$6)),"") -> 0 | EB15: =IFERROR(IF($DU$6="ALL",SUMIFS($CN$4:$CN$23,$CE$4:$CE$23,"Active",$CW$4:$CW$23,$N$5,$CH$4:$CH$23,$DW15,$CY$4:$CY$23,EB$10), SUMIFS($CN$4:$CN$23,$CE$4:$CE$23,"Active",$CW$4:$CW$23,$N$5,$CH$4:$CH$23,$DW15,$CY$4:$CY$23,EB$10,$CZ$4:$CZ$23,$DU$6)),"") -> 0 | EC15: =IFERROR(IF($DU$6="ALL",SUMIFS($CN$4:$CN$23,$CE$4:$CE$23,"Active",$CW$4:$CW$23,$N$5,$CH$4:$CH$23,$DW15,$CY$4:$CY$23,EC$10), SUMIFS($CN$4:$CN$23,$CE$4:$CE$23,"Active",$CW$4:$CW$23,$N$5,$CH$4:$CH$23,$DW15,$CY$4:$CY$23,EC$10,$CZ$4:$CZ$23,$DU$6)),"") -> 0 | ED15: =IFERROR(IF($DU$6="ALL",SUMIFS($CN$4:$CN$23,$CE$4:$CE$23,"Active",$CW$4:$CW$23,$N$5,$CH$4:$CH$23,$DW15,$CY$4:$CY$23,ED$10), SUMIFS($CN$4:$CN$23,$CE$4:$CE$23,"Active",$CW$4:$CW$23,$N$5,$CH$4:$CH$23,$DW15,$CY$4:$CY$23,ED$10,$CZ$4:$CZ$23,$DU$6)),"") -> 0 | EE15: =IFERROR(IF($DU$6="ALL",SUMIFS($CN$4:$CN$23,$CE$4:$CE$23,"Active",$CW$4:$CW$23,$N$5,$CH$4:$CH$23,$DW15,$CY$4:$CY$23,EE$10), SUMIFS($CN$4:$CN$23,$CE$4:$CE$23,"Active",$CW$4:$CW$23,$N$5,$CH$4:$CH$23,$DW15,$CY$4:$CY$23,EE$10,$CZ$4:$CZ$23,$DU$6)),"") -> 0 | ... EI15: =IFERROR(IF($DU$6="ALL",SUMIFS($CN$4:$CN$23,$CE$4:$CE$23,"Active",$CW$4:$CW$23,$N$5,$CH$4:$CH$23,$DW15,$CY$4:$CY$23,EI$10), SUMIFS($CN$4:$CN$23,$CE$4:$CE$23,"Active",$CW$4:$CW$23,$N$5,$CH$4:$CH$23,$DW15,$CY$4:$CY$23,EI$10,$CZ$4:$CZ$23,$DU$6)),"") -> 0 | EK15: =$N5 -> Paid | EL15: =IF($DU$9="ALL",SUM($DX60:$EI60),INDEX($DX60:$EI60,1,MATCH($DU$9,$DX$59:$EI$59,0))) -> 3
B16: 12 | D16: =IFERROR(IF(LEN(INDEX(Menu!$C$9:$C$28,$B16,1))=0,"",INDEX(Menu!$C$9:$C$28,$B16,1)),"") -> Benjamin White | E16: =IFERROR(INDEX($D$5:$D$24, MATCH(0,INDEX((LEN($D$5:$D$24)=0)+COUNTIF($E$4:$E15,$D$5:$D$24),0),0)),"") -> Benjamin White | G16: =IFERROR(IF(LEN(INDEX(Menu!$F$9:$F$28,$B16,1))=0,"",INDEX(Menu!$F$9:$F$28,$B16,1)),"") | H16: =IFERROR(INDEX($G$5:$G$24,MATCH(0,INDEX((LEN($G$5:$G$24)=0)+COUNTIF($H$4:$H15,$G$5:$G$24),0),0)),"") | U16: 12 | V16: DECEMBER | X16: 0.13 | BK16: 13 | BM16: =IFERROR(IF(OR(LEN(INDEX(PropertyDatabase!B$6:B$25,$BK16,1))=0,LEN(INDEX(PropertyDatabase!C$6:C$25,$BK16,1))=0),"Passive","Active"),"") -> Active | BO16: =IFERROR(IF($BM16="Passive","",INDEX(PropertyDatabase!B$6:B$25,$BK16,1)),"") -> 113 | BP16: =IFERROR(IF($BM16="Passive","",INDEX(PropertyDatabase!C$6:C$25,$BK16,1)),"") -> Property 13 | BQ16: =IFERROR(IF($BM16="Passive","",INDEX(PropertyDatabase!D$6:D$25,$BK16,1)),"") -> Jane Best | BR16: =IFERROR(IF($BM16="Passive","",INDEX(PropertyDatabase!E$6:E$25,$BK16,1)),"") -> 202-555-5342 | BS16: =IFERROR(IF($BM16="Passive","",INDEX(PropertyDatabase!F$6:F$25,$BK16,1)),"") -> Townhome | BT16: =IFERROR(IF($BM16="Passive","",INDEX(PropertyDatabase!G$6:G$25,$BK16,1)),"") -> 1 South Devonshire Ave. Forest Hills 11375 | BU16: =IFERROR(IF($BM16="Passive","",IF(LEN(INDEX(PropertyDatabase!H$6:H$25,$BK16,1))=0,"-",INDEX(PropertyDatabase!H$6:H$25,$BK16,1))),"") -> - | BV16: =IFERROR(IF($BM16="Passive","",IF(LEN(INDEX(PropertyDatabase!I$6:I$25,$BK16,1))=0,"-",INDEX(PropertyDatabase!I$6:I$25,$BK16,1))),"") -> - | BX16: =IFERROR(IF($BM16="Passive","",$BO16&" - "&$BP16),"") -> 113 - Property 13 | BY16: =IFERROR(IF($BM16="Passive","",$BK16),"") -> 13 | BZ16: =IFERROR(SMALL($BY$4:$BY$23,ROW($BZ16)-ROW($BZ$3)),"") -> 13 | CA16: =IFERROR(INDEX($BX$4:$BX$23,$BZ16,1),"") -> 113 - Property 13 | CC16: 13 | CE16: =IFERROR(IF(OR(LEN(INDEX(TaskDatabase!B$6:B$25,$CC16,1))=0,LEN(INDEX(TaskDatabase!C$6:C$25,$CC16,1))=0),"Passive","Active"),"") -> Passive | CG16: =IFERROR(IF($CE16="Passive","",INDEX(TaskDatabase!B$6:B$25,$CC16,1)),"") | CH16: =IFERROR(IF($CE16="Passive","",INDEX(TaskDatabase!C$6:C$25,$CC16,1)),"") | CI16: =IFERROR(IF($CE16="Passive","",INDEX(TaskDatabase!D$6:D$25,$CC16,1)),"") | CJ16: =IFERROR(IF($CE16="Passive","",INDEX(TaskDatabase!E$6:E$25,$CC16,1)),"") | CK16: =IFERROR(IF($CE16="Passive","",INDEX(TaskDatabase!L$6:L$25,$CC16,1)),"") | CL16: =IFERROR(IF($CE16="Passive","",INDEX(TaskDatabase!M$6:M$25,$CC16,1)),"") | CM16: =IFERROR(IF($CE16="Passive","",INDEX(TaskDatabase!N$6:N$25,$CC16,1)),"") | CN16: =IFERROR(IF($CE16="Passive","",INDEX(TaskDatabase!O$6:O$25,$CC16,1)),"") | CO16: =IFERROR(IF($CE16="Passive","",INDEX(TaskDatabase!P$6:P$25,$CC16,1)),"") | CP16: =IFERROR(IF($CE16="Passive","",INDEX(TaskDatabase!Q$6:Q$25,$CC16,1)),"") | CQ16: =IFERROR(IF($CE16="Passive","",INDEX(TaskDatabase!R$6:R$25,$CC16,1)),"") | CR16: =IFERROR(IF($CE16="Passive","",INDEX(TaskDatabase!S$6:S$25,$CC16,1)),"") | ... CU16: =IFERROR(IF($CE16="Passive","",INDEX(TaskDatabase!V$6:V$25,$CC16,1)),"") | CV16: =IFERROR(IF($CE16="Passive","",IF($CU16>0,$CU16,$CT16)),"") | CW16: =IFERROR(IF($CE16="Passive","",INDEX(TaskDatabase!W$6:W$25,$CC16,1)),"") | CX16: =IFERROR(IF($CE16="Passive","",INDEX(TaskDatabase!X$6:X$25,$CC16,1)),"") | CY16: =IFERROR(IF($CE16="Passive","",MONTH($CX16)),"") | CZ16: =IFERROR(IF($CE16="Passive","",YEAR($CX16)),"") | DB16: 13 | DD16: =IFERROR(IF(OR(LEN(INDEX(Expenses!B$6:B$25,$DB16,1))=0,LEN(INDEX(Expenses!C$6:C$25,$DB16,1))=0),"Passive","Active"),"") -> Passive | DF16: =IFERROR(IF($DD16="Passive","",INDEX(Expenses!B$6:B$25,$DB16,1)),"") | DG16: =IFERROR(IF($DD16="Passive","",INDEX(Expenses!C$6:C$25,$DB16,1)),"") | DH16: =IFERROR(IF($DD16="Passive","",INDEX(Expenses!D$6:D$25,$DB16,1)),"") | DI16: =IFERROR(IF($DD16="Passive","",INDEX(Expenses!E$6:E$25,$DB16,1)),"") | DJ16: =IFERROR(IF($DD16="Passive","",INDEX(Expenses!F$6:F$25,$DB16,1)),"") | DK16: =IFERROR(IF($DD16="Passive","",INDEX(Expenses!G$6:G$25,$DB16,1)),"") | DL16: =IFERROR(IF($DD16="Passive","",INDEX(Expenses!H$6:H$25,$DB16,1)),"") | DM16: =IFERROR(IF($DD16="Passive","",INDEX(Expenses!I$6:I$25,$DB16,1)),"") | ... DS16: =IFERROR(IF($DD16="Passive","",INDEX(Expenses!O$6:O$25,$DB16,1)),"") | DW16: =$E9 -> Deanna Holcomb | DX16: =IFERROR(IF($DU$6="ALL",SUMIFS($CN$4:$CN$23,$CE$4:$CE$23,"Active",$CW$4:$CW$23,$N$5,$CH$4:$CH$23,$DW16,$CY$4:$CY$23,DX$10), SUMIFS($CN$4:$CN$23,$CE$4:$CE$23,"Active",$CW$4:$CW$23,$N$5,$CH$4:$CH$23,$DW16,$CY$4:$CY$23,DX$10,$CZ$4:$CZ$23,$DU$6)),"") -> 0 | DY16: =IFERROR(IF($DU$6="ALL",SUMIFS($CN$4:$CN$23,$CE$4:$CE$23,"Active",$CW$4:$CW$23,$N$5,$CH$4:$CH$23,$DW16,$CY$4:$CY$23,DY$10), SUMIFS($CN$4:$CN$23,$CE$4:$CE$23,"Active",$CW$4:$CW$23,$N$5,$CH$4:$CH$23,$DW16,$CY$4:$CY$23,DY$10,$CZ$4:$CZ$23,$DU$6)),"") -> 0 | DZ16: =IFERROR(IF($DU$6="ALL",SUMIFS($CN$4:$CN$23,$CE$4:$CE$23,"Active",$CW$4:$CW$23,$N$5,$CH$4:$CH$23,$DW16,$CY$4:$CY$23,DZ$10), SUMIFS($CN$4:$CN$23,$CE$4:$CE$23,"Active",$CW$4:$CW$23,$N$5,$CH$4:$CH$23,$DW16,$CY$4:$CY$23,DZ$10,$CZ$4:$CZ$23,$DU$6)),"") -> 0 | EA16: =IFERROR(IF($DU$6="ALL",SUMIFS($CN$4:$CN$23,$CE$4:$CE$23,"Active",$CW$4:$CW$23,$N$5,$CH$4:$CH$23,$DW16,$CY$4:$CY$23,EA$10), SUMIFS($CN$4:$CN$23,$CE$4:$CE$23,"Active",$CW$4:$CW$23,$N$5,$CH$4:$CH$23,$DW16,$CY$4:$CY$23,EA$10,$CZ$4:$CZ$23,$DU$6)),"") -> 0 | EB16: =IFERROR(IF($DU$6="ALL",SUMIFS($CN$4:$CN$23,$CE$4:$CE$23,"Active",$CW$4:$CW$23,$N$5,$CH$4:$CH$23,$DW16,$CY$4:$CY$23,EB$10), SUMIFS($CN$4:$CN$23,$CE$4:$CE$23,"Active",$CW$4:$CW$23,$N$5,$CH$4:$CH$23,$DW16,$CY$4:$CY$23,EB$10,$CZ$4:$CZ$23,$DU$6)),"") -> 0 | EC16: =IFERROR(IF($DU$6="ALL",SUMIFS($CN$4:$CN$23,$CE$4:$CE$23,"Active",$CW$4:$CW$23,$N$5,$CH$4:$CH$23,$DW16,$CY$4:$CY$23,EC$10), SUMIFS($CN$4:$CN$23,$CE$4:$CE$23,"Active",$CW$4:$CW$23,$N$5,$CH$4:$CH$23,$DW16,$CY$4:$CY$23,EC$10,$CZ$4:$CZ$23,$DU$6)),"") -> 1750 | ED16: =IFERROR(IF($DU$6="ALL",SUMIFS($CN$4:$CN$23,$CE$4:$CE$23,"Active",$CW$4:$CW$23,$N$5,$CH$4:$CH$23,$DW16,$CY$4:$CY$23,ED$10), SUMIFS($CN$4:$CN$23,$CE$4:$CE$23,"Active",$CW$4:$CW$23,$N$5,$CH$4:$CH$23,$DW16,$CY$4:$CY$23,ED$10,$CZ$4:$CZ$23,$DU$6)),"") -> 0 | EE16: =IFERROR(IF($DU$6="ALL",SUMIFS($CN$4:$CN$23,$CE$4:$CE$23,"Active",$CW$4:$CW$23,$N$5,$CH$4:$CH$23,$DW16,$CY$4:$CY$23,EE$10), SUMIFS($CN$4:$CN$23,$CE$4:$CE$23,"Active",$CW$4:$CW$23,$N$5,$CH$4:$CH$23,$DW16,$CY$4:$CY$23,EE$10,$CZ$4:$CZ$23,$DU$6)),"") -> 0 | ... EI16: =IFERROR(IF($DU$6="ALL",SUMIFS($CN$4:$CN$23,$CE$4:$CE$23,"Active",$CW$4:$CW$23,$N$5,$CH$4:$CH$23,$DW16,$CY$4:$CY$23,EI$10), SUMIFS($CN$4:$CN$23,$CE$4:$CE$23,"Active",$CW$4:$CW$23,$N$5,$CH$4:$CH$23,$DW16,$CY$4:$CY$23,EI$10,$CZ$4:$CZ$23,$DU$6)),"") -> 0 | EK16: =$N6 -> Property Inspection | EL16: =IF($DU$9="ALL",SUM($DX61:$EI61),INDEX($DX61:$EI61,1,MATCH($DU$9,$DX$59:$EI$59,0))) -> 1
B17: 13 | D17: =IFERROR(IF(LEN(INDEX(Menu!$C$9:$C$28,$B17,1))=0,"",INDEX(Menu!$C$9:$C$28,$B17,1)),"") | E17: =IFERROR(INDEX($D$5:$D$24, MATCH(0,INDEX((LEN($D$5:$D$24)=0)+COUNTIF($E$4:$E16,$D$5:$D$24),0),0)),"") | G17: =IFERROR(IF(LEN(INDEX(Menu!$F$9:$F$28,$B17,1))=0,"",INDEX(Menu!$F$9:$F$28,$B17,1)),"") | H17: =IFERROR(INDEX($G$5:$G$24,MATCH(0,INDEX((LEN($G$5:$G$24)=0)+COUNTIF($H$4:$H16,$G$5:$G$24),0),0)),"") | X17: 0.14 | BK17: 14 | BM17: =IFERROR(IF(OR(LEN(INDEX(PropertyDatabase!B$6:B$25,$BK17,1))=0,LEN(INDEX(PropertyDatabase!C$6:C$25,$BK17,1))=0),"Passive","Active"),"") -> Active | BO17: =IFERROR(IF($BM17="Passive","",INDEX(PropertyDatabase!B$6:B$25,$BK17,1)),"") -> 114 | BP17: =IFERROR(IF($BM17="Passive","",INDEX(PropertyDatabase!C$6:C$25,$BK17,1)),"") -> Property 14 | BQ17: =IFERROR(IF($BM17="Passive","",INDEX(PropertyDatabase!D$6:D$25,$BK17,1)),"") -> Kristofer Dyer | BR17: =IFERROR(IF($BM17="Passive","",INDEX(PropertyDatabase!E$6:E$25,$BK17,1)),"") -> 202-555-6367 | BS17: =IFERROR(IF($BM17="Passive","",INDEX(PropertyDatabase!F$6:F$25,$BK17,1)),"") -> Office | BT17: =IFERROR(IF($BM17="Passive","",INDEX(PropertyDatabase!G$6:G$25,$BK17,1)),"") -> 7823 Wild Rose Court Poughkeepsie 12601 | BU17: =IFERROR(IF($BM17="Passive","",IF(LEN(INDEX(PropertyDatabase!H$6:H$25,$BK17,1))=0,"-",INDEX(PropertyDatabase!H$6:H$25,$BK17,1))),"") -> - | BV17: =IFERROR(IF($BM17="Passive","",IF(LEN(INDEX(PropertyDatabase!I$6:I$25,$BK17,1))=0,"-",INDEX(PropertyDatabase!I$6:I$25,$BK17,1))),"") -> - | BX17: =IFERROR(IF($BM17="Passive","",$BO17&" - "&$BP17),"") -> 114 - Property 14 | BY17: =IFERROR(IF($BM17="Passive","",$BK17),"") -> 14 | BZ17: =IFERROR(SMALL($BY$4:$BY$23,ROW($BZ17)-ROW($BZ$3)),"") -> 14 | CA17: =IFERROR(INDEX($BX$4:$BX$23,$BZ17,1),"") -> 114 - Property 14 | CC17: 14 | CE17: =IFERROR(IF(OR(LEN(INDEX(TaskDatabase!B$6:B$25,$CC17,1))=0,LEN(INDEX(TaskDatabase!C$6:C$25,$CC17,1))=0),"Passive","Active"),"") -> Passive | CG17: =IFERROR(IF($CE17="Passive","",INDEX(TaskDatabase!B$6:B$25,$CC17,1)),"") | CH17: =IFERROR(IF($CE17="Passive","",INDEX(TaskDatabase!C$6:C$25,$CC17,1)),"") | CI17: =IFERROR(IF($CE17="Passive","",INDEX(TaskDatabase!D$6:D$25,$CC17,1)),"") | CJ17: =IFERROR(IF($CE17="Passive","",INDEX(TaskDatabase!E$6:E$25,$CC17,1)),"") | CK17: =IFERROR(IF($CE17="Passive","",INDEX(TaskDatabase!L$6:L$25,$CC17,1)),"") | CL17: =IFERROR(IF($CE17="Passive","",INDEX(TaskDatabase!M$6:M$25,$CC17,1)),"") | CM17: =IFERROR(IF($CE17="Passive","",INDEX(TaskDatabase!N$6:N$25,$CC17,1)),"") | CN17: =IFERROR(IF($CE17="Passive","",INDEX(TaskDatabase!O$6:O$25,$CC17,1)),"") | CO17: =IFERROR(IF($CE17="Passive","",INDEX(TaskDatabase!P$6:P$25,$CC17,1)),"") | CP17: =IFERROR(IF($CE17="Passive","",INDEX(TaskDatabase!Q$6:Q$25,$CC17,1)),"") | CQ17: =IFERROR(IF($CE17="Passive","",INDEX(TaskDatabase!R$6:R$25,$CC17,1)),"") | CR17: =IFERROR(IF($CE17="Passive","",INDEX(TaskDatabase!S$6:S$25,$CC17,1)),"") | ... CU17: =IFERROR(IF($CE17="Passive","",INDEX(TaskDatabase!V$6:V$25,$CC17,1)),"") | CV17: =IFERROR(IF($CE17="Passive","",IF($CU17>0,$CU17,$CT17)),"") | CW17: =IFERROR(IF($CE17="Passive","",INDEX(TaskDatabase!W$6:W$25,$CC17,1)),"") | CX17: =IFERROR(IF($CE17="Passive","",INDEX(TaskDatabase!X$6:X$25,$CC17,1)),"") | CY17: =IFERROR(IF($CE17="Passive","",MONTH($CX17)),"") | CZ17: =IFERROR(IF($CE17="Passive","",YEAR($CX17)),"") | DB17: 14 | DD17: =IFERROR(IF(OR(LEN(INDEX(Expenses!B$6:B$25,$DB17,1))=0,LEN(INDEX(Expenses!C$6:C$25,$DB17,1))=0),"Passive","Active"),"") -> Passive | DF17: =IFERROR(IF($DD17="Passive","",INDEX(Expenses!B$6:B$25,$DB17,1)),"") | DG17: =IFERROR(IF($DD17="Passive","",INDEX(Expenses!C$6:C$25,$DB17,1)),"") | DH17: =IFERROR(IF($DD17="Passive","",INDEX(Expenses!D$6:D$25,$DB17,1)),"") | DI17: =IFERROR(IF($DD17="Passive","",INDEX(Expenses!E$6:E$25,$DB17,1)),"") | DJ17: =IFERROR(IF($DD17="Passive","",INDEX(Expenses!F$6:F$25,$DB17,1)),"") | DK17: =IFERROR(IF($DD17="Passive","",INDEX(Expenses!G$6:G$25,$DB17,1)),"") | DL17: =IFERROR(IF($DD17="Passive","",INDEX(Expenses!H$6:H$25,$DB17,1)),"") | DM17: =IFERROR(IF($DD17="Passive","",INDEX(Expenses!I$6:I$25,$DB17,1)),"") | ... DS17: =IFERROR(IF($DD17="Passive","",INDEX(Expenses!O$6:O$25,$DB17,1)),"") | DW17: =$E10 -> Gage Boyd | DX17: =IFERROR(IF($DU$6="ALL",SUMIFS($CN$4:$CN$23,$CE$4:$CE$23,"Active",$CW$4:$CW$23,$N$5,$CH$4:$CH$23,$DW17,$CY$4:$CY$23,DX$10), SUMIFS($CN$4:$CN$23,$CE$4:$CE$23,"Active",$CW$4:$CW$23,$N$5,$CH$4:$CH$23,$DW17,$CY$4:$CY$23,DX$10,$CZ$4:$CZ$23,$DU$6)),"") -> 0 | DY17: =IFERROR(IF($DU$6="ALL",SUMIFS($CN$4:$CN$23,$CE$4:$CE$23,"Active",$CW$4:$CW$23,$N$5,$CH$4:$CH$23,$DW17,$CY$4:$CY$23,DY$10), SUMIFS($CN$4:$CN$23,$CE$4:$CE$23,"Active",$CW$4:$CW$23,$N$5,$CH$4:$CH$23,$DW17,$CY$4:$CY$23,DY$10,$CZ$4:$CZ$23,$DU$6)),"") -> 0 | DZ17: =IFERROR(IF($DU$6="ALL",SUMIFS($CN$4:$CN$23,$CE$4:$CE$23,"Active",$CW$4:$CW$23,$N$5,$CH$4:$CH$23,$DW17,$CY$4:$CY$23,DZ$10), SUMIFS($CN$4:$CN$23,$CE$4:$CE$23,"Active",$CW$4:$CW$23,$N$5,$CH$4:$CH$23,$DW17,$CY$4:$CY$23,DZ$10,$CZ$4:$CZ$23,$DU$6)),"") -> 0 | EA17: =IFERROR(IF($DU$6="ALL",SUMIFS($CN$4:$CN$23,$CE$4:$CE$23,"Active",$CW$4:$CW$23,$N$5,$CH$4:$CH$23,$DW17,$CY$4:$CY$23,EA$10), SUMIFS($CN$4:$CN$23,$CE$4:$CE$23,"Active",$CW$4:$CW$23,$N$5,$CH$4:$CH$23,$DW17,$CY$4:$CY$23,EA$10,$CZ$4:$CZ$23,$DU$6)),"") -> 0 | EB17: =IFERROR(IF($DU$6="ALL",SUMIFS($CN$4:$CN$23,$CE$4:$CE$23,"Active",$CW$4:$CW$23,$N$5,$CH$4:$CH$23,$DW17,$CY$4:$CY$23,EB$10), SUMIFS($CN$4:$CN$23,$CE$4:$CE$23,"Active",$CW$4:$CW$23,$N$5,$CH$4:$CH$23,$DW17,$CY$4:$CY$23,EB$10,$CZ$4:$CZ$23,$DU$6)),"") -> 0 | EC17: =IFERROR(IF($DU$6="ALL",SUMIFS($CN$4:$CN$23,$CE$4:$CE$23,"Active",$CW$4:$CW$23,$N$5,$CH$4:$CH$23,$DW17,$CY$4:$CY$23,EC$10), SUMIFS($CN$4:$CN$23,$CE$4:$CE$23,"Active",$CW$4:$CW$23,$N$5,$CH$4:$CH$23,$DW17,$CY$4:$CY$23,EC$10,$CZ$4:$CZ$23,$DU$6)),"") -> 190000 | ED17: =IFERROR(IF($DU$6="ALL",SUMIFS($CN$4:$CN$23,$CE$4:$CE$23,"Active",$CW$4:$CW$23,$N$5,$CH$4:$CH$23,$DW17,$CY$4:$CY$23,ED$10), SUMIFS($CN$4:$CN$23,$CE$4:$CE$23,"Active",$CW$4:$CW$23,$N$5,$CH$4:$CH$23,$DW17,$CY$4:$CY$23,ED$10,$CZ$4:$CZ$23,$DU$6)),"") -> 0 | EE17: =IFERROR(IF($DU$6="ALL",SUMIFS($CN$4:$CN$23,$CE$4:$CE$23,"Active",$CW$4:$CW$23,$N$5,$CH$4:$CH$23,$DW17,$CY$4:$CY$23,EE$10), SUMIFS($CN$4:$CN$23,$CE$4:$CE$23,"Active",$CW$4:$CW$23,$N$5,$CH$4:$CH$23,$DW17,$CY$4:$CY$23,EE$10,$CZ$4:$CZ$23,$DU$6)),"") -> 0 | ... EI17: =IFERROR(IF($DU$6="ALL",SUMIFS($CN$4:$CN$23,$CE$4:$CE$23,"Active",$CW$4:$CW$23,$N$5,$CH$4:$CH$23,$DW17,$CY$4:$CY$23,EI$10), SUMIFS($CN$4:$CN$23,$CE$4:$CE$23,"Active",$CW$4:$CW$23,$N$5,$CH$4:$CH$23,$DW17,$CY$4:$CY$23,EI$10,$CZ$4:$CZ$23,$DU$6)),"") -> 0 | EK17: =$N7 -> Financing | EL17: =IF($DU$9="ALL",SUM($DX62:$EI62),INDEX($DX62:$EI62,1,MATCH($DU$9,$DX$59:$EI$59,0))) -> 2
B18: 14 | D18: =IFERROR(IF(LEN(INDEX(Menu!$C$9:$C$28,$B18,1))=0,"",INDEX(Menu!$C$9:$C$28,$B18,1)),"") | E18: =IFERROR(INDEX($D$5:$D$24, MATCH(0,INDEX((LEN($D$5:$D$24)=0)+COUNTIF($E$4:$E17,$D$5:$D$24),0),0)),"") | G18: =IFERROR(IF(LEN(INDEX(Menu!$F$9:$F$28,$B18,1))=0,"",INDEX(Menu!$F$9:$F$28,$B18,1)),"") | H18: =IFERROR(INDEX($G$5:$G$24,MATCH(0,INDEX((LEN($G$5:$G$24)=0)+COUNTIF($H$4:$H17,$G$5:$G$24),0),0)),"") | X18: 0.15 | BK18: 15 | BM18: =IFERROR(IF(OR(LEN(INDEX(PropertyDatabase!B$6:B$25,$BK18,1))=0,LEN(INDEX(PropertyDatabase!C$6:C$25,$BK18,1))=0),"Passive","Active"),"") -> Active | BO18: =IFERROR(IF($BM18="Passive","",INDEX(PropertyDatabase!B$6:B$25,$BK18,1)),"") -> 115 | BP18: =IFERROR(IF($BM18="Passive","",INDEX(PropertyDatabase!C$6:C$25,$BK18,1)),"") -> Property 15 | BQ18: =IFERROR(IF($BM18="Passive","",INDEX(PropertyDatabase!D$6:D$25,$BK18,1)),"") -> Dominykas Xiong | BR18: =IFERROR(IF($BM18="Passive","",INDEX(PropertyDatabase!E$6:E$25,$BK18,1)),"") -> 202-555-7532 | BS18: =IFERROR(IF($BM18="Passive","",INDEX(PropertyDatabase!F$6:F$25,$BK18,1)),"") -> Townhome | BT18: =IFERROR(IF($BM18="Passive","",INDEX(PropertyDatabase!G$6:G$25,$BK18,1)),"") -> 8205 Sherman St. Brooklyn 11223 | BU18: =IFERROR(IF($BM18="Passive","",IF(LEN(INDEX(PropertyDatabase!H$6:H$25,$BK18,1))=0,"-",INDEX(PropertyDatabase!H$6:H$25,$BK18,1))),"") -> - | BV18: =IFERROR(IF($BM18="Passive","",IF(LEN(INDEX(PropertyDatabase!I$6:I$25,$BK18,1))=0,"-",INDEX(PropertyDatabase!I$6:I$25,$BK18,1))),"") -> - | BX18: =IFERROR(IF($BM18="Passive","",$BO18&" - "&$BP18),"") -> 115 - Property 15 | BY18: =IFERROR(IF($BM18="Passive","",$BK18),"") -> 15 | BZ18: =IFERROR(SMALL($BY$4:$BY$23,ROW($BZ18)-ROW($BZ$3)),"") -> 15 | CA18: =IFERROR(INDEX($BX$4:$BX$23,$BZ18,1),"") -> 115 - Property 15 | CC18: 15 | CE18: =IFERROR(IF(OR(LEN(INDEX(TaskDatabase!B$6:B$25,$CC18,1))=0,LEN(INDEX(TaskDatabase!C$6:C$25,$CC18,1))=0),"Passive","Active"),"") -> Passive | CG18: =IFERROR(IF($CE18="Passive","",INDEX(TaskDatabase!B$6:B$25,$CC18,1)),"") | CH18: =IFERROR(IF($CE18="Passive","",INDEX(TaskDatabase!C$6:C$25,$CC18,1)),"") | CI18: =IFERROR(IF($CE18="Passive","",INDEX(TaskDatabase!D$6:D$25,$CC18,1)),"") | CJ18: =IFERROR(IF($CE18="Passive","",INDEX(TaskDatabase!E$6:E$25,$CC18,1)),"") | CK18: =IFERROR(IF($CE18="Passive","",INDEX(TaskDatabase!L$6:L$25,$CC18,1)),"") | CL18: =IFERROR(IF($CE18="Passive","",INDEX(TaskDatabase!M$6:M$25,$CC18,1)),"") | CM18: =IFERROR(IF($CE18="Passive","",INDEX(TaskDatabase!N$6:N$25,$CC18,1)),"") | CN18: =IFERROR(IF($CE18="Passive","",INDEX(TaskDatabase!O$6:O$25,$CC18,1)),"") | CO18: =IFERROR(IF($CE18="Passive","",INDEX(TaskDatabase!P$6:P$25,$CC18,1)),"") | CP18: =IFERROR(IF($CE18="Passive","",INDEX(TaskDatabase!Q$6:Q$25,$CC18,1)),"") | CQ18: =IFERROR(IF($CE18="Passive","",INDEX(TaskDatabase!R$6:R$25,$CC18,1)),"") | CR18: =IFERROR(IF($CE18="Passive","",INDEX(TaskDatabase!S$6:S$25,$CC18,1)),"") | ... CU18: =IFERROR(IF($CE18="Passive","",INDEX(TaskDatabase!V$6:V$25,$CC18,1)),"") | CV18: =IFERROR(IF($CE18="Passive","",IF($CU18>0,$CU18,$CT18)),"") | CW18: =IFERROR(IF($CE18="Passive","",INDEX(TaskDatabase!W$6:W$25,$CC18,1)),"") | CX18: =IFERROR(IF($CE18="Passive","",INDEX(TaskDatabase!X$6:X$25,$CC18,1)),"") | CY18: =IFERROR(IF($CE18="Passive","",MONTH($CX18)),"") | CZ18: =IFERROR(IF($CE18="Passive","",YEAR($CX18)),"") | DB18: 15 | DD18: =IFERROR(IF(OR(LEN(INDEX(Expenses!B$6:B$25,$DB18,1))=0,LEN(INDEX(Expenses!C$6:C$25,$DB18,1))=0),"Passive","Active"),"") -> Passive | DF18: =IFERROR(IF($DD18="Passive","",INDEX(Expenses!B$6:B$25,$DB18,1)),"") | DG18: =IFERROR(IF($DD18="Passive","",INDEX(Expenses!C$6:C$25,$DB18,1)),"") | DH18: =IFERROR(IF($DD18="Passive","",INDEX(Expenses!D$6:D$25,$DB18,1)),"") | DI18: =IFERROR(IF($DD18="Passive","",INDEX(Expenses!E$6:E$25,$DB18,1)),"") | DJ18: =IFERROR(IF($DD18="Passive","",INDEX(Expenses!F$6:F$25,$DB18,1)),"") | DK18: =IFERROR(IF($DD18="Passive","",INDEX(Expenses!G$6:G$25,$DB18,1)),"") | DL18: =IFERROR(IF($DD18="Passive","",INDEX(Expenses!H$6:H$25,$DB18,1)),"") | DM18: =IFERROR(IF($DD18="Passive","",INDEX(Expenses!I$6:I$25,$DB18,1)),"") | ... DS18: =IFERROR(IF($DD18="Passive","",INDEX(Expenses!O$6:O$25,$DB18,1)),"") | DW18: =$E11 -> Nash Goodwin | DX18: =IFERROR(IF($DU$6="ALL",SUMIFS($CN$4:$CN$23,$CE$4:$CE$23,"Active",$CW$4:$CW$23,$N$5,$CH$4:$CH$23,$DW18,$CY$4:$CY$23,DX$10), SUMIFS($CN$4:$CN$23,$CE$4:$CE$23,"Active",$CW$4:$CW$23,$N$5,$CH$4:$CH$23,$DW18,$CY$4:$CY$23,DX$10,$CZ$4:$CZ$23,$DU$6)),"") -> 0 | DY18: =IFERROR(IF($DU$6="ALL",SUMIFS($CN$4:$CN$23,$CE$4:$CE$23,"Active",$CW$4:$CW$23,$N$5,$CH$4:$CH$23,$DW18,$CY$4:$CY$23,DY$10), SUMIFS($CN$4:$CN$23,$CE$4:$CE$23,"Active",$CW$4:$CW$23,$N$5,$CH$4:$CH$23,$DW18,$CY$4:$CY$23,DY$10,$CZ$4:$CZ$23,$DU$6)),"") -> 0 | DZ18: =IFERROR(IF($DU$6="ALL",SUMIFS($CN$4:$CN$23,$CE$4:$CE$23,"Active",$CW$4:$CW$23,$N$5,$CH$4:$CH$23,$DW18,$CY$4:$CY$23,DZ$10), SUMIFS($CN$4:$CN$23,$CE$4:$CE$23,"Active",$CW$4:$CW$23,$N$5,$CH$4:$CH$23,$DW18,$CY$4:$CY$23,DZ$10,$CZ$4:$CZ$23,$DU$6)),"") -> 0 | EA18: =IFERROR(IF($DU$6="ALL",SUMIFS($CN$4:$CN$23,$CE$4:$CE$23,"Active",$CW$4:$CW$23,$N$5,$CH$4:$CH$23,$DW18,$CY$4:$CY$23,EA$10), SUMIFS($CN$4:$CN$23,$CE$4:$CE$23,"Active",$CW$4:$CW$23,$N$5,$CH$4:$CH$23,$DW18,$CY$4:$CY$23,EA$10,$CZ$4:$CZ$23,$DU$6)),"") -> 0 | EB18: =IFERROR(IF($DU$6="ALL",SUMIFS($CN$4:$CN$23,$CE$4:$CE$23,"Active",$CW$4:$CW$23,$N$5,$CH$4:$CH$23,$DW18,$CY$4:$CY$23,EB$10), SUMIFS($CN$4:$CN$23,$CE$4:$CE$23,"Active",$CW$4:$CW$23,$N$5,$CH$4:$CH$23,$DW18,$CY$4:$CY$23,EB$10,$CZ$4:$CZ$23,$DU$6)),"") -> 0 | EC18: =IFERROR(IF($DU$6="ALL",SUMIFS($CN$4:$CN$23,$CE$4:$CE$23,"Active",$CW$4:$CW$23,$N$5,$CH$4:$CH$23,$DW18,$CY$4:$CY$23,EC$10), SUMIFS($CN$4:$CN$23,$CE$4:$CE$23,"Active",$CW$4:$CW$23,$N$5,$CH$4:$CH$23,$DW18,$CY$4:$CY$23,EC$10,$CZ$4:$CZ$23,$DU$6)),"") -> 0 | ED18: =IFERROR(IF($DU$6="ALL",SUMIFS($CN$4:$CN$23,$CE$4:$CE$23,"Active",$CW$4:$CW$23,$N$5,$CH$4:$CH$23,$DW18,$CY$4:$CY$23,ED$10), SUMIFS($CN$4:$CN$23,$CE$4:$CE$23,"Active",$CW$4:$CW$23,$N$5,$CH$4:$CH$23,$DW18,$CY$4:$CY$23,ED$10,$CZ$4:$CZ$23,$DU$6)),"") -> 210000 | EE18: =IFERROR(IF($DU$6="ALL",SUMIFS($CN$4:$CN$23,$CE$4:$CE$23,"Active",$CW$4:$CW$23,$N$5,$CH$4:$CH$23,$DW18,$CY$4:$CY$23,EE$10), SUMIFS($CN$4:$CN$23,$CE$4:$CE$23,"Active",$CW$4:$CW$23,$N$5,$CH$4:$CH$23,$DW18,$CY$4:$CY$23,EE$10,$CZ$4:$CZ$23,$DU$6)),"") -> 0 | ... EI18: =IFERROR(IF($DU$6="ALL",SUMIFS($CN$4:$CN$23,$CE$4:$CE$23,"Active",$CW$4:$CW$23,$N$5,$CH$4:$CH$23,$DW18,$CY$4:$CY$23,EI$10), SUMIFS($CN$4:$CN$23,$CE$4:$CE$23,"Active",$CW$4:$CW$23,$N$5,$CH$4:$CH$23,$DW18,$CY$4:$CY$23,EI$10,$CZ$4:$CZ$23,$DU$6)),"") -> 0 | EK18: =$N8 -> Agreement | EL18: =IF($DU$9="ALL",SUM($DX63:$EI63),INDEX($DX63:$EI63,1,MATCH($DU$9,$DX$59:$EI$59,0))) -> 1
B19: 15 | D19: =IFERROR(IF(LEN(INDEX(Menu!$C$9:$C$28,$B19,1))=0,"",INDEX(Menu!$C$9:$C$28,$B19,1)),"") | E19: =IFERROR(INDEX($D$5:$D$24, MATCH(0,INDEX((LEN($D$5:$D$24)=0)+COUNTIF($E$4:$E18,$D$5:$D$24),0),0)),"") | G19: =IFERROR(IF(LEN(INDEX(Menu!$F$9:$F$28,$B19,1))=0,"",INDEX(Menu!$F$9:$F$28,$B19,1)),"") | H19: =IFERROR(INDEX($G$5:$G$24,MATCH(0,INDEX((LEN($G$5:$G$24)=0)+COUNTIF($H$4:$H18,$G$5:$G$24),0),0)),"") | X19: 0.16 | BK19: 16 | BM19: =IFERROR(IF(OR(LEN(INDEX(PropertyDatabase!B$6:B$25,$BK19,1))=0,LEN(INDEX(PropertyDatabase!C$6:C$25,$BK19,1))=0),"Passive","Active"),"") -> Passive | BO19: =IFERROR(IF($BM19="Passive","",INDEX(PropertyDatabase!B$6:B$25,$BK19,1)),"") | BP19: =IFERROR(IF($BM19="Passive","",INDEX(PropertyDatabase!C$6:C$25,$BK19,1)),"") | BQ19: =IFERROR(IF($BM19="Passive","",INDEX(PropertyDatabase!D$6:D$25,$BK19,1)),"") | BR19: =IFERROR(IF($BM19="Passive","",INDEX(PropertyDatabase!E$6:E$25,$BK19,1)),"") | BS19: =IFERROR(IF($BM19="Passive","",INDEX(PropertyDatabase!F$6:F$25,$BK19,1)),"") | BT19: =IFERROR(IF($BM19="Passive","",INDEX(PropertyDatabase!G$6:G$25,$BK19,1)),"") | BU19: =IFERROR(IF($BM19="Passive","",IF(LEN(INDEX(PropertyDatabase!H$6:H$25,$BK19,1))=0,"-",INDEX(PropertyDatabase!H$6:H$25,$BK19,1))),"") | BV19: =IFERROR(IF($BM19="Passive","",IF(LEN(INDEX(PropertyDatabase!I$6:I$25,$BK19,1))=0,"-",INDEX(PropertyDatabase!I$6:I$25,$BK19,1))),"") | BX19: =IFERROR(IF($BM19="Passive","",$BO19&" - "&$BP19),"") | BY19: =IFERROR(IF($BM19="Passive","",$BK19),"") | BZ19: =IFERROR(SMALL($BY$4:$BY$23,ROW($BZ19)-ROW($BZ$3)),"") | CA19: =IFERROR(INDEX($BX$4:$BX$23,$BZ19,1),"") | CC19: 16 | CE19: =IFERROR(IF(OR(LEN(INDEX(TaskDatabase!B$6:B$25,$CC19,1))=0,LEN(INDEX(TaskDatabase!C$6:C$25,$CC19,1))=0),"Passive","Active"),"") -> Passive | CG19: =IFERROR(IF($CE19="Passive","",INDEX(TaskDatabase!B$6:B$25,$CC19,1)),"") | CH19: =IFERROR(IF($CE19="Passive","",INDEX(TaskDatabase!C$6:C$25,$CC19,1)),"") | CI19: =IFERROR(IF($CE19="Passive","",INDEX(TaskDatabase!D$6:D$25,$CC19,1)),"") | CJ19: =IFERROR(IF($CE19="Passive","",INDEX(TaskDatabase!E$6:E$25,$CC19,1)),"") | CK19: =IFERROR(IF($CE19="Passive","",INDEX(TaskDatabase!L$6:L$25,$CC19,1)),"") | CL19: =IFERROR(IF($CE19="Passive","",INDEX(TaskDatabase!M$6:M$25,$CC19,1)),"") | CM19: =IFERROR(IF($CE19="Passive","",INDEX(TaskDatabase!N$6:N$25,$CC19,1)),"") | CN19: =IFERROR(IF($CE19="Passive","",INDEX(TaskDatabase!O$6:O$25,$CC19,1)),"") | CO19: =IFERROR(IF($CE19="Passive","",INDEX(TaskDatabase!P$6:P$25,$CC19,1)),"") | CP19: =IFERROR(IF($CE19="Passive","",INDEX(TaskDatabase!Q$6:Q$25,$CC19,1)),"") | CQ19: =IFERROR(IF($CE19="Passive","",INDEX(TaskDatabase!R$6:R$25,$CC19,1)),"") | CR19: =IFERROR(IF($CE19="Passive","",INDEX(TaskDatabase!S$6:S$25,$CC19,1)),"") | ... CU19: =IFERROR(IF($CE19="Passive","",INDEX(TaskDatabase!V$6:V$25,$CC19,1)),"") | CV19: =IFERROR(IF($CE19="Passive","",IF($CU19>0,$CU19,$CT19)),"") | CW19: =IFERROR(IF($CE19="Passive","",INDEX(TaskDatabase!W$6:W$25,$CC19,1)),"") | CX19: =IFERROR(IF($CE19="Passive","",INDEX(TaskDatabase!X$6:X$25,$CC19,1)),"") | CY19: =IFERROR(IF($CE19="Passive","",MONTH($CX19)),"") | CZ19: =IFERROR(IF($CE19="Passive","",YEAR($CX19)),"") | DB19: 16 | DD19: =IFERROR(IF(OR(LEN(INDEX(Expenses!B$6:B$25,$DB19,1))=0,LEN(INDEX(Expenses!C$6:C$25,$DB19,1))=0),"Passive","Active"),"") -> Passive | DF19: =IFERROR(IF($DD19="Passive","",INDEX(Expenses!B$6:B$25,$DB19,1)),"") | DG19: =IFERROR(IF($DD19="Passive","",INDEX(Expenses!C$6:C$25,$DB19,1)),"") | DH19: =IFERROR(IF($DD19="Passive","",INDEX(Expenses!D$6:D$25,$DB19,1)),"") | DI19: =IFERROR(IF($DD19="Passive","",INDEX(Expenses!E$6:E$25,$DB19,1)),"") | DJ19: =IFERROR(IF($DD19="Passive","",INDEX(Expenses!F$6:F$25,$DB19,1)),"") | DK19: =IFERROR(IF($DD19="Passive","",INDEX(Expenses!G$6:G$25,$DB19,1)),"") | DL19: =IFERROR(IF($DD19="Passive","",INDEX(Expenses!H$6:H$25,$DB19,1)),"") | DM19: =IFERROR(IF($DD19="Passive","",INDEX(Expenses!I$6:I$25,$DB19,1)),"") | ... DS19: =IFERROR(IF($DD19="Passive","",INDEX(Expenses!O$6:O$25,$DB19,1)),"") | DW19: =$E12 -> Hayley Leblanc | DX19: =IFERROR(IF($DU$6="ALL",SUMIFS($CN$4:$CN$23,$CE$4:$CE$23,"Active",$CW$4:$CW$23,$N$5,$CH$4:$CH$23,$DW19,$CY$4:$CY$23,DX$10), SUMIFS($CN$4:$CN$23,$CE$4:$CE$23,"Active",$CW$4:$CW$23,$N$5,$CH$4:$CH$23,$DW19,$CY$4:$CY$23,DX$10,$CZ$4:$CZ$23,$DU$6)),"") -> 0 | DY19: =IFERROR(IF($DU$6="ALL",SUMIFS($CN$4:$CN$23,$CE$4:$CE$23,"Active",$CW$4:$CW$23,$N$5,$CH$4:$CH$23,$DW19,$CY$4:$CY$23,DY$10), SUMIFS($CN$4:$CN$23,$CE$4:$CE$23,"Active",$CW$4:$CW$23,$N$5,$CH$4:$CH$23,$DW19,$CY$4:$CY$23,DY$10,$CZ$4:$CZ$23,$DU$6)),"") -> 0 | DZ19: =IFERROR(IF($DU$6="ALL",SUMIFS($CN$4:$CN$23,$CE$4:$CE$23,"Active",$CW$4:$CW$23,$N$5,$CH$4:$CH$23,$DW19,$CY$4:$CY$23,DZ$10), SUMIFS($CN$4:$CN$23,$CE$4:$CE$23,"Active",$CW$4:$CW$23,$N$5,$CH$4:$CH$23,$DW19,$CY$4:$CY$23,DZ$10,$CZ$4:$CZ$23,$DU$6)),"") -> 0 | EA19: =IFERROR(IF($DU$6="ALL",SUMIFS($CN$4:$CN$23,$CE$4:$CE$23,"Active",$CW$4:$CW$23,$N$5,$CH$4:$CH$23,$DW19,$CY$4:$CY$23,EA$10), SUMIFS($CN$4:$CN$23,$CE$4:$CE$23,"Active",$CW$4:$CW$23,$N$5,$CH$4:$CH$23,$DW19,$CY$4:$CY$23,EA$10,$CZ$4:$CZ$23,$DU$6)),"") -> 0 | EB19: =IFERROR(IF($DU$6="ALL",SUMIFS($CN$4:$CN$23,$CE$4:$CE$23,"Active",$CW$4:$CW$23,$N$5,$CH$4:$CH$23,$DW19,$CY$4:$CY$23,EB$10), SUMIFS($CN$4:$CN$23,$CE$4:$CE$23,"Active",$CW$4:$CW$23,$N$5,$CH$4:$CH$23,$DW19,$CY$4:$CY$23,EB$10,$CZ$4:$CZ$23,$DU$6)),"") -> 0 | EC19: =IFERROR(IF($DU$6="ALL",SUMIFS($CN$4:$CN$23,$CE$4:$CE$23,"Active",$CW$4:$CW$23,$N$5,$CH$4:$CH$23,$DW19,$CY$4:$CY$23,EC$10), SUMIFS($CN$4:$CN$23,$CE$4:$CE$23,"Active",$CW$4:$CW$23,$N$5,$CH$4:$CH$23,$DW19,$CY$4:$CY$23,EC$10,$CZ$4:$CZ$23,$DU$6)),"") -> 0 | ED19: =IFERROR(IF($DU$6="ALL",SUMIFS($CN$4:$CN$23,$CE$4:$CE$23,"Active",$CW$4:$CW$23,$N$5,$CH$4:$CH$23,$DW19,$CY$4:$CY$23,ED$10), SUMIFS($CN$4:$CN$23,$CE$4:$CE$23,"Active",$CW$4:$CW$23,$N$5,$CH$4:$CH$23,$DW19,$CY$4:$CY$23,ED$10,$CZ$4:$CZ$23,$DU$6)),"") -> 0 | EE19: =IFERROR(IF($DU$6="ALL",SUMIFS($CN$4:$CN$23,$CE$4:$CE$23,"Active",$CW$4:$CW$23,$N$5,$CH$4:$CH$23,$DW19,$CY$4:$CY$23,EE$10), SUMIFS($CN$4:$CN$23,$CE$4:$CE$23,"Active",$CW$4:$CW$23,$N$5,$CH$4:$CH$23,$DW19,$CY$4:$CY$23,EE$10,$CZ$4:$CZ$23,$DU$6)),"") -> 0 | ... EI19: =IFERROR(IF($DU$6="ALL",SUMIFS($CN$4:$CN$23,$CE$4:$CE$23,"Active",$CW$4:$CW$23,$N$5,$CH$4:$CH$23,$DW19,$CY$4:$CY$23,EI$10), SUMIFS($CN$4:$CN$23,$CE$4:$CE$23,"Active",$CW$4:$CW$23,$N$5,$CH$4:$CH$23,$DW19,$CY$4:$CY$23,EI$10,$CZ$4:$CZ$23,$DU$6)),"") -> 0 | EK19: =$N9 -> Cancelled | EL19: =IF($DU$9="ALL",SUM($DX64:$EI64),INDEX($DX64:$EI64,1,MATCH($DU$9,$DX$59:$EI$59,0))) -> 1
B20: 16 | D20: =IFERROR(IF(LEN(INDEX(Menu!$C$9:$C$28,$B20,1))=0,"",INDEX(Menu!$C$9:$C$28,$B20,1)),"") | E20: =IFERROR(INDEX($D$5:$D$24, MATCH(0,INDEX((LEN($D$5:$D$24)=0)+COUNTIF($E$4:$E19,$D$5:$D$24),0),0)),"") | G20: =IFERROR(IF(LEN(INDEX(Menu!$F$9:$F$28,$B20,1))=0,"",INDEX(Menu!$F$9:$F$28,$B20,1)),"") | H20: =IFERROR(INDEX($G$5:$G$24,MATCH(0,INDEX((LEN($G$5:$G$24)=0)+COUNTIF($H$4:$H19,$G$5:$G$24),0),0)),"") | X20: 0.17 | BK20: 17 | BM20: =IFERROR(IF(OR(LEN(INDEX(PropertyDatabase!B$6:B$25,$BK20,1))=0,LEN(INDEX(PropertyDatabase!C$6:C$25,$BK20,1))=0),"Passive","Active"),"") -> Passive | BO20: =IFERROR(IF($BM20="Passive","",INDEX(PropertyDatabase!B$6:B$25,$BK20,1)),"") | BP20: =IFERROR(IF($BM20="Passive","",INDEX(PropertyDatabase!C$6:C$25,$BK20,1)),"") | BQ20: =IFERROR(IF($BM20="Passive","",INDEX(PropertyDatabase!D$6:D$25,$BK20,1)),"") | BR20: =IFERROR(IF($BM20="Passive","",INDEX(PropertyDatabase!E$6:E$25,$BK20,1)),"") | BS20: =IFERROR(IF($BM20="Passive","",INDEX(PropertyDatabase!F$6:F$25,$BK20,1)),"") | BT20: =IFERROR(IF($BM20="Passive","",INDEX(PropertyDatabase!G$6:G$25,$BK20,1)),"") | BU20: =IFERROR(IF($BM20="Passive","",IF(LEN(INDEX(PropertyDatabase!H$6:H$25,$BK20,1))=0,"-",INDEX(PropertyDatabase!H$6:H$25,$BK20,1))),"") | BV20: =IFERROR(IF($BM20="Passive","",IF(LEN(INDEX(PropertyDatabase!I$6:I$25,$BK20,1))=0,"-",INDEX(PropertyDatabase!I$6:I$25,$BK20,1))),"") | BX20: =IFERROR(IF($BM20="Passive","",$BO20&" - "&$BP20),"") | BY20: =IFERROR(IF($BM20="Passive","",$BK20),"") | BZ20: =IFERROR(SMALL($BY$4:$BY$23,ROW($BZ20)-ROW($BZ$3)),"") | CA20: =IFERROR(INDEX($BX$4:$BX$23,$BZ20,1),"") | CC20: 17 | CE20: =IFERROR(IF(OR(LEN(INDEX(TaskDatabase!B$6:B$25,$CC20,1))=0,LEN(INDEX(TaskDatabase!C$6:C$25,$CC20,1))=0),"Passive","Active"),"") -> Passive | CG20: =IFERROR(IF($CE20="Passive","",INDEX(TaskDatabase!B$6:B$25,$CC20,1)),"") | CH20: =IFERROR(IF($CE20="Passive","",INDEX(TaskDatabase!C$6:C$25,$CC20,1)),"") | CI20: =IFERROR(IF($CE20="Passive","",INDEX(TaskDatabase!D$6:D$25,$CC20,1)),"") | CJ20: =IFERROR(IF($CE20="Passive","",INDEX(TaskDatabase!E$6:E$25,$CC20,1)),"") | CK20: =IFERROR(IF($CE20="Passive","",INDEX(TaskDatabase!L$6:L$25,$CC20,1)),"") | CL20: =IFERROR(IF($CE20="Passive","",INDEX(TaskDatabase!M$6:M$25,$CC20,1)),"") | CM20: =IFERROR(IF($CE20="Passive","",INDEX(TaskDatabase!N$6:N$25,$CC20,1)),"") | CN20: =IFERROR(IF($CE20="Passive","",INDEX(TaskDatabase!O$6:O$25,$CC20,1)),"") | CO20: =IFERROR(IF($CE20="Passive","",INDEX(TaskDatabase!P$6:P$25,$CC20,1)),"") | CP20: =IFERROR(IF($CE20="Passive","",INDEX(TaskDatabase!Q$6:Q$25,$CC20,1)),"") | CQ20: =IFERROR(IF($CE20="Passive","",INDEX(TaskDatabase!R$6:R$25,$CC20,1)),"") | CR20: =IFERROR(IF($CE20="Passive","",INDEX(TaskDatabase!S$6:S$25,$CC20,1)),"") | ... CU20: =IFERROR(IF($CE20="Passive","",INDEX(TaskDatabase!V$6:V$25,$CC20,1)),"") | CV20: =IFERROR(IF($CE20="Passive","",IF($CU20>0,$CU20,$CT20)),"") | CW20: =IFERROR(IF($CE20="Passive","",INDEX(TaskDatabase!W$6:W$25,$CC20,1)),"") | CX20: =IFERROR(IF($CE20="Passive","",INDEX(TaskDatabase!X$6:X$25,$CC20,1)),"") | CY20: =IFERROR(IF($CE20="Passive","",MONTH($CX20)),"") | CZ20: =IFERROR(IF($CE20="Passive","",YEAR($CX20)),"") | DB20: 17 | DD20: =IFERROR(IF(OR(LEN(INDEX(Expenses!B$6:B$25,$DB20,1))=0,LEN(INDEX(Expenses!C$6:C$25,$DB20,1))=0),"Passive","Active"),"") -> Passive | DF20: =IFERROR(IF($DD20="Passive","",INDEX(Expenses!B$6:B$25,$DB20,1)),"") | DG20: =IFERROR(IF($DD20="Passive","",INDEX(Expenses!C$6:C$25,$DB20,1)),"") | DH20: =IFERROR(IF($DD20="Passive","",INDEX(Expenses!D$6:D$25,$DB20,1)),"") | DI20: =IFERROR(IF($DD20="Passive","",INDEX(Expenses!E$6:E$25,$DB20,1)),"") | DJ20: =IFERROR(IF($DD20="Passive","",INDEX(Expenses!F$6:F$25,$DB20,1)),"") | DK20: =IFERROR(IF($DD20="Passive","",INDEX(Expenses!G$6:G$25,$DB20,1)),"") | DL20: =IFERROR(IF($DD20="Passive","",INDEX(Expenses!H$6:H$25,$DB20,1)),"") | DM20: =IFERROR(IF($DD20="Passive","",INDEX(Expenses!I$6:I$25,$DB20,1)),"") | ... DS20: =IFERROR(IF($DD20="Passive","",INDEX(Expenses!O$6:O$25,$DB20,1)),"") | DW20: =$E13 -> Barbara Nash | DX20: =IFERROR(IF($DU$6="ALL",SUMIFS($CN$4:$CN$23,$CE$4:$CE$23,"Active",$CW$4:$CW$23,$N$5,$CH$4:$CH$23,$DW20,$CY$4:$CY$23,DX$10), SUMIFS($CN$4:$CN$23,$CE$4:$CE$23,"Active",$CW$4:$CW$23,$N$5,$CH$4:$CH$23,$DW20,$CY$4:$CY$23,DX$10,$CZ$4:$CZ$23,$DU$6)),"") -> 0 | DY20: =IFERROR(IF($DU$6="ALL",SUMIFS($CN$4:$CN$23,$CE$4:$CE$23,"Active",$CW$4:$CW$23,$N$5,$CH$4:$CH$23,$DW20,$CY$4:$CY$23,DY$10), SUMIFS($CN$4:$CN$23,$CE$4:$CE$23,"Active",$CW$4:$CW$23,$N$5,$CH$4:$CH$23,$DW20,$CY$4:$CY$23,DY$10,$CZ$4:$CZ$23,$DU$6)),"") -> 0 | DZ20: =IFERROR(IF($DU$6="ALL",SUMIFS($CN$4:$CN$23,$CE$4:$CE$23,"Active",$CW$4:$CW$23,$N$5,$CH$4:$CH$23,$DW20,$CY$4:$CY$23,DZ$10), SUMIFS($CN$4:$CN$23,$CE$4:$CE$23,"Active",$CW$4:$CW$23,$N$5,$CH$4:$CH$23,$DW20,$CY$4:$CY$23,DZ$10,$CZ$4:$CZ$23,$DU$6)),"") -> 0 | EA20: =IFERROR(IF($DU$6="ALL",SUMIFS($CN$4:$CN$23,$CE$4:$CE$23,"Active",$CW$4:$CW$23,$N$5,$CH$4:$CH$23,$DW20,$CY$4:$CY$23,EA$10), SUMIFS($CN$4:$CN$23,$CE$4:$CE$23,"Active",$CW$4:$CW$23,$N$5,$CH$4:$CH$23,$DW20,$CY$4:$CY$23,EA$10,$CZ$4:$CZ$23,$DU$6)),"") -> 0 | EB20: =IFERROR(IF($DU$6="ALL",SUMIFS($CN$4:$CN$23,$CE$4:$CE$23,"Active",$CW$4:$CW$23,$N$5,$CH$4:$CH$23,$DW20,$CY$4:$CY$23,EB$10), SUMIFS($CN$4:$CN$23,$CE$4:$CE$23,"Active",$CW$4:$CW$23,$N$5,$CH$4:$CH$23,$DW20,$CY$4:$CY$23,EB$10,$CZ$4:$CZ$23,$DU$6)),"") -> 0 | EC20: =IFERROR(IF($DU$6="ALL",SUMIFS($CN$4:$CN$23,$CE$4:$CE$23,"Active",$CW$4:$CW$23,$N$5,$CH$4:$CH$23,$DW20,$CY$4:$CY$23,EC$10), SUMIFS($CN$4:$CN$23,$CE$4:$CE$23,"Active",$CW$4:$CW$23,$N$5,$CH$4:$CH$23,$DW20,$CY$4:$CY$23,EC$10,$CZ$4:$CZ$23,$DU$6)),"") -> 0 | ED20: =IFERROR(IF($DU$6="ALL",SUMIFS($CN$4:$CN$23,$CE$4:$CE$23,"Active",$CW$4:$CW$23,$N$5,$CH$4:$CH$23,$DW20,$CY$4:$CY$23,ED$10), SUMIFS($CN$4:$CN$23,$CE$4:$CE$23,"Active",$CW$4:$CW$23,$N$5,$CH$4:$CH$23,$DW20,$CY$4:$CY$23,ED$10,$CZ$4:$CZ$23,$DU$6)),"") -> 0 | EE20: =IFERROR(IF($DU$6="ALL",SUMIFS($CN$4:$CN$23,$CE$4:$CE$23,"Active",$CW$4:$CW$23,$N$5,$CH$4:$CH$23,$DW20,$CY$4:$CY$23,EE$10), SUMIFS($CN$4:$CN$23,$CE$4:$CE$23,"Active",$CW$4:$CW$23,$N$5,$CH$4:$CH$23,$DW20,$CY$4:$CY$23,EE$10,$CZ$4:$CZ$23,$DU$6)),"") -> 0 | ... EI20: =IFERROR(IF($DU$6="ALL",SUMIFS($CN$4:$CN$23,$CE$4:$CE$23,"Active",$CW$4:$CW$23,$N$5,$CH$4:$CH$23,$DW20,$CY$4:$CY$23,EI$10), SUMIFS($CN$4:$CN$23,$CE$4:$CE$23,"Active",$CW$4:$CW$23,$N$5,$CH$4:$CH$23,$DW20,$CY$4:$CY$23,EI$10,$CZ$4:$CZ$23,$DU$6)),"") -> 0 | EK20: =$N10 | EL20: =IF($DU$9="ALL",SUM($DX65:$EI65),INDEX($DX65:$EI65,1,MATCH($DU$9,$DX$59:$EI$59,0))) -> 0
B21: 17 | D21: =IFERROR(IF(LEN(INDEX(Menu!$C$9:$C$28,$B21,1))=0,"",INDEX(Menu!$C$9:$C$28,$B21,1)),"") | E21: =IFERROR(INDEX($D$5:$D$24, MATCH(0,INDEX((LEN($D$5:$D$24)=0)+COUNTIF($E$4:$E20,$D$5:$D$24),0),0)),"") | G21: =IFERROR(IF(LEN(INDEX(Menu!$F$9:$F$28,$B21,1))=0,"",INDEX(Menu!$F$9:$F$28,$B21,1)),"") | H21: =IFERROR(INDEX($G$5:$G$24,MATCH(0,INDEX((LEN($G$5:$G$24)=0)+COUNTIF($H$4:$H20,$G$5:$G$24),0),0)),"") | X21: 0.18 | BK21: 18 | BM21: =IFERROR(IF(OR(LEN(INDEX(PropertyDatabase!B$6:B$25,$BK21,1))=0,LEN(INDEX(PropertyDatabase!C$6:C$25,$BK21,1))=0),"Passive","Active"),"") -> Passive | BO21: =IFERROR(IF($BM21="Passive","",INDEX(PropertyDatabase!B$6:B$25,$BK21,1)),"") | BP21: =IFERROR(IF($BM21="Passive","",INDEX(PropertyDatabase!C$6:C$25,$BK21,1)),"") | BQ21: =IFERROR(IF($BM21="Passive","",INDEX(PropertyDatabase!D$6:D$25,$BK21,1)),"") | BR21: =IFERROR(IF($BM21="Passive","",INDEX(PropertyDatabase!E$6:E$25,$BK21,1)),"") | BS21: =IFERROR(IF($BM21="Passive","",INDEX(PropertyDatabase!F$6:F$25,$BK21,1)),"") | BT21: =IFERROR(IF($BM21="Passive","",INDEX(PropertyDatabase!G$6:G$25,$BK21,1)),"") | BU21: =IFERROR(IF($BM21="Passive","",IF(LEN(INDEX(PropertyDatabase!H$6:H$25,$BK21,1))=0,"-",INDEX(PropertyDatabase!H$6:H$25,$BK21,1))),"") | BV21: =IFERROR(IF($BM21="Passive","",IF(LEN(INDEX(PropertyDatabase!I$6:I$25,$BK21,1))=0,"-",INDEX(PropertyDatabase!I$6:I$25,$BK21,1))),"") | BX21: =IFERROR(IF($BM21="Passive","",$BO21&" - "&$BP21),"") | BY21: =IFERROR(IF($BM21="Passive","",$BK21),"") | BZ21: =IFERROR(SMALL($BY$4:$BY$23,ROW($BZ21)-ROW($BZ$3)),"") | CA21: =IFERROR(INDEX($BX$4:$BX$23,$BZ21,1),"") | CC21: 18 | CE21: =IFERROR(IF(OR(LEN(INDEX(TaskDatabase!B$6:B$25,$CC21,1))=0,LEN(INDEX(TaskDatabase!C$6:C$25,$CC21,1))=0),"Passive","Active"),"") -> Passive | CG21: =IFERROR(IF($CE21="Passive","",INDEX(TaskDatabase!B$6:B$25,$CC21,1)),"") | CH21: =IFERROR(IF($CE21="Passive","",INDEX(TaskDatabase!C$6:C$25,$CC21,1)),"") | CI21: =IFERROR(IF($CE21="Passive","",INDEX(TaskDatabase!D$6:D$25,$CC21,1)),"") | CJ21: =IFERROR(IF($CE21="Passive","",INDEX(TaskDatabase!E$6:E$25,$CC21,1)),"") | CK21: =IFERROR(IF($CE21="Passive","",INDEX(TaskDatabase!L$6:L$25,$CC21,1)),"") | CL21: =IFERROR(IF($CE21="Passive","",INDEX(TaskDatabase!M$6:M$25,$CC21,1)),"") | CM21: =IFERROR(IF($CE21="Passive","",INDEX(TaskDatabase!N$6:N$25,$CC21,1)),"") | CN21: =IFERROR(IF($CE21="Passive","",INDEX(TaskDatabase!O$6:O$25,$CC21,1)),"") | CO21: =IFERROR(IF($CE21="Passive","",INDEX(TaskDatabase!P$6:P$25,$CC21,1)),"") | CP21: =IFERROR(IF($CE21="Passive","",INDEX(TaskDatabase!Q$6:Q$25,$CC21,1)),"") | CQ21: =IFERROR(IF($CE21="Passive","",INDEX(TaskDatabase!R$6:R$25,$CC21,1)),"") | CR21: =IFERROR(IF($CE21="Passive","",INDEX(TaskDatabase!S$6:S$25,$CC21,1)),"") | ... CU21: =IFERROR(IF($CE21="Passive","",INDEX(TaskDatabase!V$6:V$25,$CC21,1)),"") | CV21: =IFERROR(IF($CE21="Passive","",IF($CU21>0,$CU21,$CT21)),"") | CW21: =IFERROR(IF($CE21="Passive","",INDEX(TaskDatabase!W$6:W$25,$CC21,1)),"") | CX21: =IFERROR(IF($CE21="Passive","",INDEX(TaskDatabase!X$6:X$25,$CC21,1)),"") | CY21: =IFERROR(IF($CE21="Passive","",MONTH($CX21)),"") | CZ21: =IFERROR(IF($CE21="Passive","",YEAR($CX21)),"") | DB21: 18 | DD21: =IFERROR(IF(OR(LEN(INDEX(Expenses!B$6:B$25,$DB21,1))=0,LEN(INDEX(Expenses!C$6:C$25,$DB21,1))=0),"Passive","Active"),"") -> Passive | DF21: =IFERROR(IF($DD21="Passive","",INDEX(Expenses!B$6:B$25,$DB21,1)),"") | DG21: =IFERROR(IF($DD21="Passive","",INDEX(Expenses!C$6:C$25,$DB21,1)),"") | DH21: =IFERROR(IF($DD21="Passive","",INDEX(Expenses!D$6:D$25,$DB21,1)),"") | DI21: =IFERROR(IF($DD21="Passive","",INDEX(Expenses!E$6:E$25,$DB21,1)),"") | DJ21: =IFERROR(IF($DD21="Passive","",INDEX(Expenses!F$6:F$25,$DB21,1)),"") | DK21: =IFERROR(IF($DD21="Passive","",INDEX(Expenses!G$6:G$25,$DB21,1)),"") | DL21: =IFERROR(IF($DD21="Passive","",INDEX(Expenses!H$6:H$25,$DB21,1)),"") | DM21: =IFERROR(IF($DD21="Passive","",INDEX(Expenses!I$6:I$25,$DB21,1)),"") | ... DS21: =IFERROR(IF($DD21="Passive","",INDEX(Expenses!O$6:O$25,$DB21,1)),"") | DW21: =$E14 -> Leroy Gates | DX21: =IFERROR(IF($DU$6="ALL",SUMIFS($CN$4:$CN$23,$CE$4:$CE$23,"Active",$CW$4:$CW$23,$N$5,$CH$4:$CH$23,$DW21,$CY$4:$CY$23,DX$10), SUMIFS($CN$4:$CN$23,$CE$4:$CE$23,"Active",$CW$4:$CW$23,$N$5,$CH$4:$CH$23,$DW21,$CY$4:$CY$23,DX$10,$CZ$4:$CZ$23,$DU$6)),"") -> 0 | DY21: =IFERROR(IF($DU$6="ALL",SUMIFS($CN$4:$CN$23,$CE$4:$CE$23,"Active",$CW$4:$CW$23,$N$5,$CH$4:$CH$23,$DW21,$CY$4:$CY$23,DY$10), SUMIFS($CN$4:$CN$23,$CE$4:$CE$23,"Active",$CW$4:$CW$23,$N$5,$CH$4:$CH$23,$DW21,$CY$4:$CY$23,DY$10,$CZ$4:$CZ$23,$DU$6)),"") -> 0 | DZ21: =IFERROR(IF($DU$6="ALL",SUMIFS($CN$4:$CN$23,$CE$4:$CE$23,"Active",$CW$4:$CW$23,$N$5,$CH$4:$CH$23,$DW21,$CY$4:$CY$23,DZ$10), SUMIFS($CN$4:$CN$23,$CE$4:$CE$23,"Active",$CW$4:$CW$23,$N$5,$CH$4:$CH$23,$DW21,$CY$4:$CY$23,DZ$10,$CZ$4:$CZ$23,$DU$6)),"") -> 0 | EA21: =IFERROR(IF($DU$6="ALL",SUMIFS($CN$4:$CN$23,$CE$4:$CE$23,"Active",$CW$4:$CW$23,$N$5,$CH$4:$CH$23,$DW21,$CY$4:$CY$23,EA$10), SUMIFS($CN$4:$CN$23,$CE$4:$CE$23,"Active",$CW$4:$CW$23,$N$5,$CH$4:$CH$23,$DW21,$CY$4:$CY$23,EA$10,$CZ$4:$CZ$23,$DU$6)),"") -> 0 | EB21: =IFERROR(IF($DU$6="ALL",SUMIFS($CN$4:$CN$23,$CE$4:$CE$23,"Active",$CW$4:$CW$23,$N$5,$CH$4:$CH$23,$DW21,$CY$4:$CY$23,EB$10), SUMIFS($CN$4:$CN$23,$CE$4:$CE$23,"Active",$CW$4:$CW$23,$N$5,$CH$4:$CH$23,$DW21,$CY$4:$CY$23,EB$10,$CZ$4:$CZ$23,$DU$6)),"") -> 0 | EC21: =IFERROR(IF($DU$6="ALL",SUMIFS($CN$4:$CN$23,$CE$4:$CE$23,"Active",$CW$4:$CW$23,$N$5,$CH$4:$CH$23,$DW21,$CY$4:$CY$23,EC$10), SUMIFS($CN$4:$CN$23,$CE$4:$CE$23,"Active",$CW$4:$CW$23,$N$5,$CH$4:$CH$23,$DW21,$CY$4:$CY$23,EC$10,$CZ$4:$CZ$23,$DU$6)),"") -> 0 | ED21: =IFERROR(IF($DU$6="ALL",SUMIFS($CN$4:$CN$23,$CE$4:$CE$23,"Active",$CW$4:$CW$23,$N$5,$CH$4:$CH$23,$DW21,$CY$4:$CY$23,ED$10), SUMIFS($CN$4:$CN$23,$CE$4:$CE$23,"Active",$CW$4:$CW$23,$N$5,$CH$4:$CH$23,$DW21,$CY$4:$CY$23,ED$10,$CZ$4:$CZ$23,$DU$6)),"") -> 0 | EE21: =IFERROR(IF($DU$6="ALL",SUMIFS($CN$4:$CN$23,$CE$4:$CE$23,"Active",$CW$4:$CW$23,$N$5,$CH$4:$CH$23,$DW21,$CY$4:$CY$23,EE$10), SUMIFS($CN$4:$CN$23,$CE$4:$CE$23,"Active",$CW$4:$CW$23,$N$5,$CH$4:$CH$23,$DW21,$CY$4:$CY$23,EE$10,$CZ$4:$CZ$23,$DU$6)),"") -> 0 | ... EI21: =IFERROR(IF($DU$6="ALL",SUMIFS($CN$4:$CN$23,$CE$4:$CE$23,"Active",$CW$4:$CW$23,$N$5,$CH$4:$CH$23,$DW21,$CY$4:$CY$23,EI$10), SUMIFS($CN$4:$CN$23,$CE$4:$CE$23,"Active",$CW$4:$CW$23,$N$5,$CH$4:$CH$23,$DW21,$CY$4:$CY$23,EI$10,$CZ$4:$CZ$23,$DU$6)),"") -> 0 | EK21: =$N11 | EL21: =IF($DU$9="ALL",SUM($DX66:$EI66),INDEX($DX66:$EI66,1,MATCH($DU$9,$DX$59:$EI$59,0))) -> 0
B22: 18 | D22: =IFERROR(IF(LEN(INDEX(Menu!$C$9:$C$28,$B22,1))=0,"",INDEX(Menu!$C$9:$C$28,$B22,1)),"") | E22: =IFERROR(INDEX($D$5:$D$24, MATCH(0,INDEX((LEN($D$5:$D$24)=0)+COUNTIF($E$4:$E21,$D$5:$D$24),0),0)),"") | G22: =IFERROR(IF(LEN(INDEX(Menu!$F$9:$F$28,$B22,1))=0,"",INDEX(Menu!$F$9:$F$28,$B22,1)),"") | H22: =IFERROR(INDEX($G$5:$G$24,MATCH(0,INDEX((LEN($G$5:$G$24)=0)+COUNTIF($H$4:$H21,$G$5:$G$24),0),0)),"") | X22: 0.19 | BK22: 19 | BM22: =IFERROR(IF(OR(LEN(INDEX(PropertyDatabase!B$6:B$25,$BK22,1))=0,LEN(INDEX(PropertyDatabase!C$6:C$25,$BK22,1))=0),"Passive","Active"),"") -> Passive | BO22: =IFERROR(IF($BM22="Passive","",INDEX(PropertyDatabase!B$6:B$25,$BK22,1)),"") | BP22: =IFERROR(IF($BM22="Passive","",INDEX(PropertyDatabase!C$6:C$25,$BK22,1)),"") | BQ22: =IFERROR(IF($BM22="Passive","",INDEX(PropertyDatabase!D$6:D$25,$BK22,1)),"") | BR22: =IFERROR(IF($BM22="Passive","",INDEX(PropertyDatabase!E$6:E$25,$BK22,1)),"") | BS22: =IFERROR(IF($BM22="Passive","",INDEX(PropertyDatabase!F$6:F$25,$BK22,1)),"") | BT22: =IFERROR(IF($BM22="Passive","",INDEX(PropertyDatabase!G$6:G$25,$BK22,1)),"") | BU22: =IFERROR(IF($BM22="Passive","",IF(LEN(INDEX(PropertyDatabase!H$6:H$25,$BK22,1))=0,"-",INDEX(PropertyDatabase!H$6:H$25,$BK22,1))),"") | BV22: =IFERROR(IF($BM22="Passive","",IF(LEN(INDEX(PropertyDatabase!I$6:I$25,$BK22,1))=0,"-",INDEX(PropertyDatabase!I$6:I$25,$BK22,1))),"") | BX22: =IFERROR(IF($BM22="Passive","",$BO22&" - "&$BP22),"") | BY22: =IFERROR(IF($BM22="Passive","",$BK22),"") | BZ22: =IFERROR(SMALL($BY$4:$BY$23,ROW($BZ22)-ROW($BZ$3)),"") | CA22: =IFERROR(INDEX($BX$4:$BX$23,$BZ22,1),"") | CC22: 19 | CE22: =IFERROR(IF(OR(LEN(INDEX(TaskDatabase!B$6:B$25,$CC22,1))=0,LEN(INDEX(TaskDatabase!C$6:C$25,$CC22,1))=0),"Passive","Active"),"") -> Passive | CG22: =IFERROR(IF($CE22="Passive","",INDEX(TaskDatabase!B$6:B$25,$CC22,1)),"") | CH22: =IFERROR(IF($CE22="Passive","",INDEX(TaskDatabase!C$6:C$25,$CC22,1)),"") | CI22: =IFERROR(IF($CE22="Passive","",INDEX(TaskDatabase!D$6:D$25,$CC22,1)),"") | CJ22: =IFERROR(IF($CE22="Passive","",INDEX(TaskDatabase!E$6:E$25,$CC22,1)),"") | CK22: =IFERROR(IF($CE22="Passive","",INDEX(TaskDatabase!L$6:L$25,$CC22,1)),"") | CL22: =IFERROR(IF($CE22="Passive","",INDEX(TaskDatabase!M$6:M$25,$CC22,1)),"") | CM22: =IFERROR(IF($CE22="Passive","",INDEX(TaskDatabase!N$6:N$25,$CC22,1)),"") | CN22: =IFERROR(IF($CE22="Passive","",INDEX(TaskDatabase!O$6:O$25,$CC22,1)),"") | CO22: =IFERROR(IF($CE22="Passive","",INDEX(TaskDatabase!P$6:P$25,$CC22,1)),"") | CP22: =IFERROR(IF($CE22="Passive","",INDEX(TaskDatabase!Q$6:Q$25,$CC22,1)),"") | CQ22: =IFERROR(IF($CE22="Passive","",INDEX(TaskDatabase!R$6:R$25,$CC22,1)),"") | CR22: =IFERROR(IF($CE22="Passive","",INDEX(TaskDatabase!S$6:S$25,$CC22,1)),"") | ... CU22: =IFERROR(IF($CE22="Passive","",INDEX(TaskDatabase!V$6:V$25,$CC22,1)),"") | CV22: =IFERROR(IF($CE22="Passive","",IF($CU22>0,$CU22,$CT22)),"") | CW22: =IFERROR(IF($CE22="Passive","",INDEX(TaskDatabase!W$6:W$25,$CC22,1)),"") | CX22: =IFERROR(IF($CE22="Passive","",INDEX(TaskDatabase!X$6:X$25,$CC22,1)),"") | CY22: =IFERROR(IF($CE22="Passive","",MONTH($CX22)),"") | CZ22: =IFERROR(IF($CE22="Passive","",YEAR($CX22)),"") | DB22: 19 | DD22: =IFERROR(IF(OR(LEN(INDEX(Expenses!B$6:B$25,$DB22,1))=0,LEN(INDEX(Expenses!C$6:C$25,$DB22,1))=0),"Passive","Active"),"") -> Passive | DF22: =IFERROR(IF($DD22="Passive","",INDEX(Expenses!B$6:B$25,$DB22,1)),"") | DG22: =IFERROR(IF($DD22="Passive","",INDEX(Expenses!C$6:C$25,$DB22,1)),"") | DH22: =IFERROR(IF($DD22="Passive","",INDEX(Expenses!D$6:D$25,$DB22,1)),"") | DI22: =IFERROR(IF($DD22="Passive","",INDEX(Expenses!E$6:E$25,$DB22,1)),"") | DJ22: =IFERROR(IF($DD22="Passive","",INDEX(Expenses!F$6:F$25,$DB22,1)),"") | DK22: =IFERROR(IF($DD22="Passive","",INDEX(Expenses!G$6:G$25,$DB22,1)),"") | DL22: =IFERROR(IF($DD22="Passive","",INDEX(Expenses!H$6:H$25,$DB22,1)),"") | DM22: =IFERROR(IF($DD22="Passive","",INDEX(Expenses!I$6:I$25,$DB22,1)),"") | ... DS22: =IFERROR(IF($DD22="Passive","",INDEX(Expenses!O$6:O$25,$DB22,1)),"") | DW22: =$E15 -> Ray Hampton | DX22: =IFERROR(IF($DU$6="ALL",SUMIFS($CN$4:$CN$23,$CE$4:$CE$23,"Active",$CW$4:$CW$23,$N$5,$CH$4:$CH$23,$DW22,$CY$4:$CY$23,DX$10), SUMIFS($CN$4:$CN$23,$CE$4:$CE$23,"Active",$CW$4:$CW$23,$N$5,$CH$4:$CH$23,$DW22,$CY$4:$CY$23,DX$10,$CZ$4:$CZ$23,$DU$6)),"") -> 0 | DY22: =IFERROR(IF($DU$6="ALL",SUMIFS($CN$4:$CN$23,$CE$4:$CE$23,"Active",$CW$4:$CW$23,$N$5,$CH$4:$CH$23,$DW22,$CY$4:$CY$23,DY$10), SUMIFS($CN$4:$CN$23,$CE$4:$CE$23,"Active",$CW$4:$CW$23,$N$5,$CH$4:$CH$23,$DW22,$CY$4:$CY$23,DY$10,$CZ$4:$CZ$23,$DU$6)),"") -> 0 | DZ22: =IFERROR(IF($DU$6="ALL",SUMIFS($CN$4:$CN$23,$CE$4:$CE$23,"Active",$CW$4:$CW$23,$N$5,$CH$4:$CH$23,$DW22,$CY$4:$CY$23,DZ$10), SUMIFS($CN$4:$CN$23,$CE$4:$CE$23,"Active",$CW$4:$CW$23,$N$5,$CH$4:$CH$23,$DW22,$CY$4:$CY$23,DZ$10,$CZ$4:$CZ$23,$DU$6)),"") -> 0 | EA22: =IFERROR(IF($DU$6="ALL",SUMIFS($CN$4:$CN$23,$CE$4:$CE$23,"Active",$CW$4:$CW$23,$N$5,$CH$4:$CH$23,$DW22,$CY$4:$CY$23,EA$10), SUMIFS($CN$4:$CN$23,$CE$4:$CE$23,"Active",$CW$4:$CW$23,$N$5,$CH$4:$CH$23,$DW22,$CY$4:$CY$23,EA$10,$CZ$4:$CZ$23,$DU$6)),"") -> 0 | EB22: =IFERROR(IF($DU$6="ALL",SUMIFS($CN$4:$CN$23,$CE$4:$CE$23,"Active",$CW$4:$CW$23,$N$5,$CH$4:$CH$23,$DW22,$CY$4:$CY$23,EB$10), SUMIFS($CN$4:$CN$23,$CE$4:$CE$23,"Active",$CW$4:$CW$23,$N$5,$CH$4:$CH$23,$DW22,$CY$4:$CY$23,EB$10,$CZ$4:$CZ$23,$DU$6)),"") -> 0 | EC22: =IFERROR(IF($DU$6="ALL",SUMIFS($CN$4:$CN$23,$CE$4:$CE$23,"Active",$CW$4:$CW$23,$N$5,$CH$4:$CH$23,$DW22,$CY$4:$CY$23,EC$10), SUMIFS($CN$4:$CN$23,$CE$4:$CE$23,"Active",$CW$4:$CW$23,$N$5,$CH$4:$CH$23,$DW22,$CY$4:$CY$23,EC$10,$CZ$4:$CZ$23,$DU$6)),"") -> 0 | ED22: =IFERROR(IF($DU$6="ALL",SUMIFS($CN$4:$CN$23,$CE$4:$CE$23,"Active",$CW$4:$CW$23,$N$5,$CH$4:$CH$23,$DW22,$CY$4:$CY$23,ED$10), SUMIFS($CN$4:$CN$23,$CE$4:$CE$23,"Active",$CW$4:$CW$23,$N$5,$CH$4:$CH$23,$DW22,$CY$4:$CY$23,ED$10,$CZ$4:$CZ$23,$DU$6)),"") -> 0 | EE22: =IFERROR(IF($DU$6="ALL",SUMIFS($CN$4:$CN$23,$CE$4:$CE$23,"Active",$CW$4:$CW$23,$N$5,$CH$4:$CH$23,$DW22,$CY$4:$CY$23,EE$10), SUMIFS($CN$4:$CN$23,$CE$4:$CE$23,"Active",$CW$4:$CW$23,$N$5,$CH$4:$CH$23,$DW22,$CY$4:$CY$23,EE$10,$CZ$4:$CZ$23,$DU$6)),"") -> 0 | ... EI22: =IFERROR(IF($DU$6="ALL",SUMIFS($CN$4:$CN$23,$CE$4:$CE$23,"Active",$CW$4:$CW$23,$N$5,$CH$4:$CH$23,$DW22,$CY$4:$CY$23,EI$10), SUMIFS($CN$4:$CN$23,$CE$4:$CE$23,"Active",$CW$4:$CW$23,$N$5,$CH$4:$CH$23,$DW22,$CY$4:$CY$23,EI$10,$CZ$4:$CZ$23,$DU$6)),"") -> 0 | EK22: =$N12 | EL22: =IF($DU$9="ALL",SUM($DX67:$EI67),INDEX($DX67:$EI67,1,MATCH($DU$9,$DX$59:$EI$59,0))) -> 0
B23: 19 | D23: =IFERROR(IF(LEN(INDEX(Menu!$C$9:$C$28,$B23,1))=0,"",INDEX(Menu!$C$9:$C$28,$B23,1)),"") | E23: =IFERROR(INDEX($D$5:$D$24, MATCH(0,INDEX((LEN($D$5:$D$24)=0)+COUNTIF($E$4:$E22,$D$5:$D$24),0),0)),"") | G23: =IFERROR(IF(LEN(INDEX(Menu!$F$9:$F$28,$B23,1))=0,"",INDEX(Menu!$F$9:$F$28,$B23,1)),"") | H23: =IFERROR(INDEX($G$5:$G$24,MATCH(0,INDEX((LEN($G$5:$G$24)=0)+COUNTIF($H$4:$H22,$G$5:$G$24),0),0)),"") | X23: 0.2 | BK23: 20 | BM23: =IFERROR(IF(OR(LEN(INDEX(PropertyDatabase!B$6:B$25,$BK23,1))=0,LEN(INDEX(PropertyDatabase!C$6:C$25,$BK23,1))=0),"Passive","Active"),"") -> Passive | BO23: =IFERROR(IF($BM23="Passive","",INDEX(PropertyDatabase!B$6:B$25,$BK23,1)),"") | BP23: =IFERROR(IF($BM23="Passive","",INDEX(PropertyDatabase!C$6:C$25,$BK23,1)),"") | BQ23: =IFERROR(IF($BM23="Passive","",INDEX(PropertyDatabase!D$6:D$25,$BK23,1)),"") | BR23: =IFERROR(IF($BM23="Passive","",INDEX(PropertyDatabase!E$6:E$25,$BK23,1)),"") | BS23: =IFERROR(IF($BM23="Passive","",INDEX(PropertyDatabase!F$6:F$25,$BK23,1)),"") | BT23: =IFERROR(IF($BM23="Passive","",INDEX(PropertyDatabase!G$6:G$25,$BK23,1)),"") | BU23: =IFERROR(IF($BM23="Passive","",IF(LEN(INDEX(PropertyDatabase!H$6:H$25,$BK23,1))=0,"-",INDEX(PropertyDatabase!H$6:H$25,$BK23,1))),"") | BV23: =IFERROR(IF($BM23="Passive","",IF(LEN(INDEX(PropertyDatabase!I$6:I$25,$BK23,1))=0,"-",INDEX(PropertyDatabase!I$6:I$25,$BK23,1))),"") | BX23: =IFERROR(IF($BM23="Passive","",$BO23&" - "&$BP23),"") | BY23: =IFERROR(IF($BM23="Passive","",$BK23),"") | BZ23: =IFERROR(SMALL($BY$4:$BY$23,ROW($BZ23)-ROW($BZ$3)),"") | CA23: =IFERROR(INDEX($BX$4:$BX$23,$BZ23,1),"") | CC23: 20 | CE23: =IFERROR(IF(OR(LEN(INDEX(TaskDatabase!B$6:B$25,$CC23,1))=0,LEN(INDEX(TaskDatabase!C$6:C$25,$CC23,1))=0),"Passive","Active"),"") -> Passive | CG23: =IFERROR(IF($CE23="Passive","",INDEX(TaskDatabase!B$6:B$25,$CC23,1)),"") | CH23: =IFERROR(IF($CE23="Passive","",INDEX(TaskDatabase!C$6:C$25,$CC23,1)),"") | CI23: =IFERROR(IF($CE23="Passive","",INDEX(TaskDatabase!D$6:D$25,$CC23,1)),"") | CJ23: =IFERROR(IF($CE23="Passive","",INDEX(TaskDatabase!E$6:E$25,$CC23,1)),"") | CK23: =IFERROR(IF($CE23="Passive","",INDEX(TaskDatabase!L$6:L$25,$CC23,1)),"") | CL23: =IFERROR(IF($CE23="Passive","",INDEX(TaskDatabase!M$6:M$25,$CC23,1)),"") | CM23: =IFERROR(IF($CE23="Passive","",INDEX(TaskDatabase!N$6:N$25,$CC23,1)),"") | CN23: =IFERROR(IF($CE23="Passive","",INDEX(TaskDatabase!O$6:O$25,$CC23,1)),"") | CO23: =IFERROR(IF($CE23="Passive","",INDEX(TaskDatabase!P$6:P$25,$CC23,1)),"") | CP23: =IFERROR(IF($CE23="Passive","",INDEX(TaskDatabase!Q$6:Q$25,$CC23,1)),"") | CQ23: =IFERROR(IF($CE23="Passive","",INDEX(TaskDatabase!R$6:R$25,$CC23,1)),"") | CR23: =IFERROR(IF($CE23="Passive","",INDEX(TaskDatabase!S$6:S$25,$CC23,1)),"") | ... CU23: =IFERROR(IF($CE23="Passive","",INDEX(TaskDatabase!V$6:V$25,$CC23,1)),"") | CV23: =IFERROR(IF($CE23="Passive","",IF($CU23>0,$CU23,$CT23)),"") | CW23: =IFERROR(IF($CE23="Passive","",INDEX(TaskDatabase!W$6:W$25,$CC23,1)),"") | CX23: =IFERROR(IF($CE23="Passive","",INDEX(TaskDatabase!X$6:X$25,$CC23,1)),"") | CY23: =IFERROR(IF($CE23="Passive","",MONTH($CX23)),"") | CZ23: =IFERROR(IF($CE23="Passive","",YEAR($CX23)),"") | DB23: 20 | DD23: =IFERROR(IF(OR(LEN(INDEX(Expenses!B$6:B$25,$DB23,1))=0,LEN(INDEX(Expenses!C$6:C$25,$DB23,1))=0),"Passive","Active"),"") -> Passive | DF23: =IFERROR(IF($DD23="Passive","",INDEX(Expenses!B$6:B$25,$DB23,1)),"") | DG23: =IFERROR(IF($DD23="Passive","",INDEX(Expenses!C$6:C$25,$DB23,1)),"") | DH23: =IFERROR(IF($DD23="Passive","",INDEX(Expenses!D$6:D$25,$DB23,1)),"") | DI23: =IFERROR(IF($DD23="Passive","",INDEX(Expenses!E$6:E$25,$DB23,1)),"") | DJ23: =IFERROR(IF($DD23="Passive","",INDEX(Expenses!F$6:F$25,$DB23,1)),"") | DK23: =IFERROR(IF($DD23="Passive","",INDEX(Expenses!G$6:G$25,$DB23,1)),"") | DL23: =IFERROR(IF($DD23="Passive","",INDEX(Expenses!H$6:H$25,$DB23,1)),"") | DM23: =IFERROR(IF($DD23="Passive","",INDEX(Expenses!I$6:I$25,$DB23,1)),"") | ... DS23: =IFERROR(IF($DD23="Passive","",INDEX(Expenses!O$6:O$25,$DB23,1)),"") | DW23: =$E16 -> Benjamin White | DX23: =IFERROR(IF($DU$6="ALL",SUMIFS($CN$4:$CN$23,$CE$4:$CE$23,"Active",$CW$4:$CW$23,$N$5,$CH$4:$CH$23,$DW23,$CY$4:$CY$23,DX$10), SUMIFS($CN$4:$CN$23,$CE$4:$CE$23,"Active",$CW$4:$CW$23,$N$5,$CH$4:$CH$23,$DW23,$CY$4:$CY$23,DX$10,$CZ$4:$CZ$23,$DU$6)),"") -> 0 | DY23: =IFERROR(IF($DU$6="ALL",SUMIFS($CN$4:$CN$23,$CE$4:$CE$23,"Active",$CW$4:$CW$23,$N$5,$CH$4:$CH$23,$DW23,$CY$4:$CY$23,DY$10), SUMIFS($CN$4:$CN$23,$CE$4:$CE$23,"Active",$CW$4:$CW$23,$N$5,$CH$4:$CH$23,$DW23,$CY$4:$CY$23,DY$10,$CZ$4:$CZ$23,$DU$6)),"") -> 0 | DZ23: =IFERROR(IF($DU$6="ALL",SUMIFS($CN$4:$CN$23,$CE$4:$CE$23,"Active",$CW$4:$CW$23,$N$5,$CH$4:$CH$23,$DW23,$CY$4:$CY$23,DZ$10), SUMIFS($CN$4:$CN$23,$CE$4:$CE$23,"Active",$CW$4:$CW$23,$N$5,$CH$4:$CH$23,$DW23,$CY$4:$CY$23,DZ$10,$CZ$4:$CZ$23,$DU$6)),"") -> 0 | EA23: =IFERROR(IF($DU$6="ALL",SUMIFS($CN$4:$CN$23,$CE$4:$CE$23,"Active",$CW$4:$CW$23,$N$5,$CH$4:$CH$23,$DW23,$CY$4:$CY$23,EA$10), SUMIFS($CN$4:$CN$23,$CE$4:$CE$23,"Active",$CW$4:$CW$23,$N$5,$CH$4:$CH$23,$DW23,$CY$4:$CY$23,EA$10,$CZ$4:$CZ$23,$DU$6)),"") -> 0 | EB23: =IFERROR(IF($DU$6="ALL",SUMIFS($CN$4:$CN$23,$CE$4:$CE$23,"Active",$CW$4:$CW$23,$N$5,$CH$4:$CH$23,$DW23,$CY$4:$CY$23,EB$10), SUMIFS($CN$4:$CN$23,$CE$4:$CE$23,"Active",$CW$4:$CW$23,$N$5,$CH$4:$CH$23,$DW23,$CY$4:$CY$23,EB$10,$CZ$4:$CZ$23,$DU$6)),"") -> 0 | EC23: =IFERROR(IF($DU$6="ALL",SUMIFS($CN$4:$CN$23,$CE$4:$CE$23,"Active",$CW$4:$CW$23,$N$5,$CH$4:$CH$23,$DW23,$CY$4:$CY$23,EC$10), SUMIFS($CN$4:$CN$23,$CE$4:$CE$23,"Active",$CW$4:$CW$23,$N$5,$CH$4:$CH$23,$DW23,$CY$4:$CY$23,EC$10,$CZ$4:$CZ$23,$DU$6)),"") -> 0 | ED23: =IFERROR(IF($DU$6="ALL",SUMIFS($CN$4:$CN$23,$CE$4:$CE$23,"Active",$CW$4:$CW$23,$N$5,$CH$4:$CH$23,$DW23,$CY$4:$CY$23,ED$10), SUMIFS($CN$4:$CN$23,$CE$4:$CE$23,"Active",$CW$4:$CW$23,$N$5,$CH$4:$CH$23,$DW23,$CY$4:$CY$23,ED$10,$CZ$4:$CZ$23,$DU$6)),"") -> 0 | EE23: =IFERROR(IF($DU$6="ALL",SUMIFS($CN$4:$CN$23,$CE$4:$CE$23,"Active",$CW$4:$CW$23,$N$5,$CH$4:$CH$23,$DW23,$CY$4:$CY$23,EE$10), SUMIFS($CN$4:$CN$23,$CE$4:$CE$23,"Active",$CW$4:$CW$23,$N$5,$CH$4:$CH$23,$DW23,$CY$4:$CY$23,EE$10,$CZ$4:$CZ$23,$DU$6)),"") -> 0 | ... EI23: =IFERROR(IF($DU$6="ALL",SUMIFS($CN$4:$CN$23,$CE$4:$CE$23,"Active",$CW$4:$CW$23,$N$5,$CH$4:$CH$23,$DW23,$CY$4:$CY$23,EI$10), SUMIFS($CN$4:$CN$23,$CE$4:$CE$23,"Active",$CW$4:$CW$23,$N$5,$CH$4:$CH$23,$DW23,$CY$4:$CY$23,EI$10,$CZ$4:$CZ$23,$DU$6)),"") -> 0 | EK23: =$N13 | EL23: =IF($DU$9="ALL",SUM($DX68:$EI68),INDEX($DX68:$EI68,1,MATCH($DU$9,$DX$59:$EI$59,0))) -> 0
B24: 20 | D24: =IFERROR(IF(LEN(INDEX(Menu!$C$9:$C$28,$B24,1))=0,"",INDEX(Menu!$C$9:$C$28,$B24,1)),"") | E24: =IFERROR(INDEX($D$5:$D$24, MATCH(0,INDEX((LEN($D$5:$D$24)=0)+COUNTIF($E$4:$E23,$D$5:$D$24),0),0)),"") | G24: =IFERROR(IF(LEN(INDEX(Menu!$F$9:$F$28,$B24,1))=0,"",INDEX(Menu!$F$9:$F$28,$B24,1)),"") | H24: =IFERROR(INDEX($G$5:$G$24,MATCH(0,INDEX((LEN($G$5:$G$24)=0)+COUNTIF($H$4:$H23,$G$5:$G$24),0),0)),"") | X24: 0.21 | DW24: =$E17 | DX24: =IFERROR(IF($DU$6="ALL",SUMIFS($CN$4:$CN$23,$CE$4:$CE$23,"Active",$CW$4:$CW$23,$N$5,$CH$4:$CH$23,$DW24,$CY$4:$CY$23,DX$10), SUMIFS($CN$4:$CN$23,$CE$4:$CE$23,"Active",$CW$4:$CW$23,$N$5,$CH$4:$CH$23,$DW24,$CY$4:$CY$23,DX$10,$CZ$4:$CZ$23,$DU$6)),"") -> 0 | DY24: =IFERROR(IF($DU$6="ALL",SUMIFS($CN$4:$CN$23,$CE$4:$CE$23,"Active",$CW$4:$CW$23,$N$5,$CH$4:$CH$23,$DW24,$CY$4:$CY$23,DY$10), SUMIFS($CN$4:$CN$23,$CE$4:$CE$23,"Active",$CW$4:$CW$23,$N$5,$CH$4:$CH$23,$DW24,$CY$4:$CY$23,DY$10,$CZ$4:$CZ$23,$DU$6)),"") -> 0 | DZ24: =IFERROR(IF($DU$6="ALL",SUMIFS($CN$4:$CN$23,$CE$4:$CE$23,"Active",$CW$4:$CW$23,$N$5,$CH$4:$CH$23,$DW24,$CY$4:$CY$23,DZ$10), SUMIFS($CN$4:$CN$23,$CE$4:$CE$23,"Active",$CW$4:$CW$23,$N$5,$CH$4:$CH$23,$DW24,$CY$4:$CY$23,DZ$10,$CZ$4:$CZ$23,$DU$6)),"") -> 0 | EA24: =IFERROR(IF($DU$6="ALL",SUMIFS($CN$4:$CN$23,$CE$4:$CE$23,"Active",$CW$4:$CW$23,$N$5,$CH$4:$CH$23,$DW24,$CY$4:$CY$23,EA$10), SUMIFS($CN$4:$CN$23,$CE$4:$CE$23,"Active",$CW$4:$CW$23,$N$5,$CH$4:$CH$23,$DW24,$CY$4:$CY$23,EA$10,$CZ$4:$CZ$23,$DU$6)),"") -> 0 | EB24: =IFERROR(IF($DU$6="ALL",SUMIFS($CN$4:$CN$23,$CE$4:$CE$23,"Active",$CW$4:$CW$23,$N$5,$CH$4:$CH$23,$DW24,$CY$4:$CY$23,EB$10), SUMIFS($CN$4:$CN$23,$CE$4:$CE$23,"Active",$CW$4:$CW$23,$N$5,$CH$4:$CH$23,$DW24,$CY$4:$CY$23,EB$10,$CZ$4:$CZ$23,$DU$6)),"") -> 0 | EC24: =IFERROR(IF($DU$6="ALL",SUMIFS($CN$4:$CN$23,$CE$4:$CE$23,"Active",$CW$4:$CW$23,$N$5,$CH$4:$CH$23,$DW24,$CY$4:$CY$23,EC$10), SUMIFS($CN$4:$CN$23,$CE$4:$CE$23,"Active",$CW$4:$CW$23,$N$5,$CH$4:$CH$23,$DW24,$CY$4:$CY$23,EC$10,$CZ$4:$CZ$23,$DU$6)),"") -> 0 | ED24: =IFERROR(IF($DU$6="ALL",SUMIFS($CN$4:$CN$23,$CE$4:$CE$23,"Active",$CW$4:$CW$23,$N$5,$CH$4:$CH$23,$DW24,$CY$4:$CY$23,ED$10), SUMIFS($CN$4:$CN$23,$CE$4:$CE$23,"Active",$CW$4:$CW$23,$N$5,$CH$4:$CH$23,$DW24,$CY$4:$CY$23,ED$10,$CZ$4:$CZ$23,$DU$6)),"") -> 0 | EE24: =IFERROR(IF($DU$6="ALL",SUMIFS($CN$4:$CN$23,$CE$4:$CE$23,"Active",$CW$4:$CW$23,$N$5,$CH$4:$CH$23,$DW24,$CY$4:$CY$23,EE$10), SUMIFS($CN$4:$CN$23,$CE$4:$CE$23,"Active",$CW$4:$CW$23,$N$5,$CH$4:$CH$23,$DW24,$CY$4:$CY$23,EE$10,$CZ$4:$CZ$23,$DU$6)),"") -> 0 | ... EI24: =IFERROR(IF($DU$6="ALL",SUMIFS($CN$4:$CN$23,$CE$4:$CE$23,"Active",$CW$4:$CW$23,$N$5,$CH$4:$CH$23,$DW24,$CY$4:$CY$23,EI$10), SUMIFS($CN$4:$CN$23,$CE$4:$CE$23,"Active",$CW$4:$CW$23,$N$5,$CH$4:$CH$23,$DW24,$CY$4:$CY$23,EI$10,$CZ$4:$CZ$23,$DU$6)),"") -> 0 | EK24: =$N14 | EL24: =IF($DU$9="ALL",SUM($DX69:$EI69),INDEX($DX69:$EI69,1,MATCH($DU$9,$DX$59:$EI$59,0))) -> 0
X25: 0.22 | DW25: =$E18 | DX25: =IFERROR(IF($DU$6="ALL",SUMIFS($CN$4:$CN$23,$CE$4:$CE$23,"Active",$CW$4:$CW$23,$N$5,$CH$4:$CH$23,$DW25,$CY$4:$CY$23,DX$10), SUMIFS($CN$4:$CN$23,$CE$4:$CE$23,"Active",$CW$4:$CW$23,$N$5,$CH$4:$CH$23,$DW25,$CY$4:$CY$23,DX$10,$CZ$4:$CZ$23,$DU$6)),"") -> 0 | DY25: =IFERROR(IF($DU$6="ALL",SUMIFS($CN$4:$CN$23,$CE$4:$CE$23,"Active",$CW$4:$CW$23,$N$5,$CH$4:$CH$23,$DW25,$CY$4:$CY$23,DY$10), SUMIFS($CN$4:$CN$23,$CE$4:$CE$23,"Active",$CW$4:$CW$23,$N$5,$CH$4:$CH$23,$DW25,$CY$4:$CY$23,DY$10,$CZ$4:$CZ$23,$DU$6)),"") -> 0 | DZ25: =IFERROR(IF($DU$6="ALL",SUMIFS($CN$4:$CN$23,$CE$4:$CE$23,"Active",$CW$4:$CW$23,$N$5,$CH$4:$CH$23,$DW25,$CY$4:$CY$23,DZ$10), SUMIFS($CN$4:$CN$23,$CE$4:$CE$23,"Active",$CW$4:$CW$23,$N$5,$CH$4:$CH$23,$DW25,$CY$4:$CY$23,DZ$10,$CZ$4:$CZ$23,$DU$6)),"") -> 0 | EA25: =IFERROR(IF($DU$6="ALL",SUMIFS($CN$4:$CN$23,$CE$4:$CE$23,"Active",$CW$4:$CW$23,$N$5,$CH$4:$CH$23,$DW25,$CY$4:$CY$23,EA$10), SUMIFS($CN$4:$CN$23,$CE$4:$CE$23,"Active",$CW$4:$CW$23,$N$5,$CH$4:$CH$23,$DW25,$CY$4:$CY$23,EA$10,$CZ$4:$CZ$23,$DU$6)),"") -> 0 | EB25: =IFERROR(IF($DU$6="ALL",SUMIFS($CN$4:$CN$23,$CE$4:$CE$23,"Active",$CW$4:$CW$23,$N$5,$CH$4:$CH$23,$DW25,$CY$4:$CY$23,EB$10), SUMIFS($CN$4:$CN$23,$CE$4:$CE$23,"Active",$CW$4:$CW$23,$N$5,$CH$4:$CH$23,$DW25,$CY$4:$CY$23,EB$10,$CZ$4:$CZ$23,$DU$6)),"") -> 0 | EC25: =IFERROR(IF($DU$6="ALL",SUMIFS($CN$4:$CN$23,$CE$4:$CE$23,"Active",$CW$4:$CW$23,$N$5,$CH$4:$CH$23,$DW25,$CY$4:$CY$23,EC$10), SUMIFS($CN$4:$CN$23,$CE$4:$CE$23,"Active",$CW$4:$CW$23,$N$5,$CH$4:$CH$23,$DW25,$CY$4:$CY$23,EC$10,$CZ$4:$CZ$23,$DU$6)),"") -> 0 | ED25: =IFERROR(IF($DU$6="ALL",SUMIFS($CN$4:$CN$23,$CE$4:$CE$23,"Active",$CW$4:$CW$23,$N$5,$CH$4:$CH$23,$DW25,$CY$4:$CY$23,ED$10), SUMIFS($CN$4:$CN$23,$CE$4:$CE$23,"Active",$CW$4:$CW$23,$N$5,$CH$4:$CH$23,$DW25,$CY$4:$CY$23,ED$10,$CZ$4:$CZ$23,$DU$6)),"") -> 0 | EE25: =IFERROR(IF($DU$6="ALL",SUMIFS($CN$4:$CN$23,$CE$4:$CE$23,"Active",$CW$4:$CW$23,$N$5,$CH$4:$CH$23,$DW25,$CY$4:$CY$23,EE$10), SUMIFS($CN$4:$CN$23,$CE$4:$CE$23,"Active",$CW$4:$CW$23,$N$5,$CH$4:$CH$23,$DW25,$CY$4:$CY$23,EE$10,$CZ$4:$CZ$23,$DU$6)),"") -> 0 | ... EI25: =IFERROR(IF($DU$6="ALL",SUMIFS($CN$4:$CN$23,$CE$4:$CE$23,"Active",$CW$4:$CW$23,$N$5,$CH$4:$CH$23,$DW25,$CY$4:$CY$23,EI$10), SUMIFS($CN$4:$CN$23,$CE$4:$CE$23,"Active",$CW$4:$CW$23,$N$5,$CH$4:$CH$23,$DW25,$CY$4:$CY$23,EI$10,$CZ$4:$CZ$23,$DU$6)),"") -> 0 | EO25: =MAX(COUNTA($EO$27:$EO$46)-COUNTBLANK($EO$27:$EO$46),1) -> 12 | EP25: =IF($EO$25<5,$EO$25,MIN($EO$25,5)) -> 5
X26: 0.23 | DW26: =$E19 | DX26: =IFERROR(IF($DU$6="ALL",SUMIFS($CN$4:$CN$23,$CE$4:$CE$23,"Active",$CW$4:$CW$23,$N$5,$CH$4:$CH$23,$DW26,$CY$4:$CY$23,DX$10), SUMIFS($CN$4:$CN$23,$CE$4:$CE$23,"Active",$CW$4:$CW$23,$N$5,$CH$4:$CH$23,$DW26,$CY$4:$CY$23,DX$10,$CZ$4:$CZ$23,$DU$6)),"") -> 0 | DY26: =IFERROR(IF($DU$6="ALL",SUMIFS($CN$4:$CN$23,$CE$4:$CE$23,"Active",$CW$4:$CW$23,$N$5,$CH$4:$CH$23,$DW26,$CY$4:$CY$23,DY$10), SUMIFS($CN$4:$CN$23,$CE$4:$CE$23,"Active",$CW$4:$CW$23,$N$5,$CH$4:$CH$23,$DW26,$CY$4:$CY$23,DY$10,$CZ$4:$CZ$23,$DU$6)),"") -> 0 | DZ26: =IFERROR(IF($DU$6="ALL",SUMIFS($CN$4:$CN$23,$CE$4:$CE$23,"Active",$CW$4:$CW$23,$N$5,$CH$4:$CH$23,$DW26,$CY$4:$CY$23,DZ$10), SUMIFS($CN$4:$CN$23,$CE$4:$CE$23,"Active",$CW$4:$CW$23,$N$5,$CH$4:$CH$23,$DW26,$CY$4:$CY$23,DZ$10,$CZ$4:$CZ$23,$DU$6)),"") -> 0 | EA26: =IFERROR(IF($DU$6="ALL",SUMIFS($CN$4:$CN$23,$CE$4:$CE$23,"Active",$CW$4:$CW$23,$N$5,$CH$4:$CH$23,$DW26,$CY$4:$CY$23,EA$10), SUMIFS($CN$4:$CN$23,$CE$4:$CE$23,"Active",$CW$4:$CW$23,$N$5,$CH$4:$CH$23,$DW26,$CY$4:$CY$23,EA$10,$CZ$4:$CZ$23,$DU$6)),"") -> 0 | EB26: =IFERROR(IF($DU$6="ALL",SUMIFS($CN$4:$CN$23,$CE$4:$CE$23,"Active",$CW$4:$CW$23,$N$5,$CH$4:$CH$23,$DW26,$CY$4:$CY$23,EB$10), SUMIFS($CN$4:$CN$23,$CE$4:$CE$23,"Active",$CW$4:$CW$23,$N$5,$CH$4:$CH$23,$DW26,$CY$4:$CY$23,EB$10,$CZ$4:$CZ$23,$DU$6)),"") -> 0 | EC26: =IFERROR(IF($DU$6="ALL",SUMIFS($CN$4:$CN$23,$CE$4:$CE$23,"Active",$CW$4:$CW$23,$N$5,$CH$4:$CH$23,$DW26,$CY$4:$CY$23,EC$10), SUMIFS($CN$4:$CN$23,$CE$4:$CE$23,"Active",$CW$4:$CW$23,$N$5,$CH$4:$CH$23,$DW26,$CY$4:$CY$23,EC$10,$CZ$4:$CZ$23,$DU$6)),"") -> 0 | ED26: =IFERROR(IF($DU$6="ALL",SUMIFS($CN$4:$CN$23,$CE$4:$CE$23,"Active",$CW$4:$CW$23,$N$5,$CH$4:$CH$23,$DW26,$CY$4:$CY$23,ED$10), SUMIFS($CN$4:$CN$23,$CE$4:$CE$23,"Active",$CW$4:$CW$23,$N$5,$CH$4:$CH$23,$DW26,$CY$4:$CY$23,ED$10,$CZ$4:$CZ$23,$DU$6)),"") -> 0 | EE26: =IFERROR(IF($DU$6="ALL",SUMIFS($CN$4:$CN$23,$CE$4:$CE$23,"Active",$CW$4:$CW$23,$N$5,$CH$4:$CH$23,$DW26,$CY$4:$CY$23,EE$10), SUMIFS($CN$4:$CN$23,$CE$4:$CE$23,"Active",$CW$4:$CW$23,$N$5,$CH$4:$CH$23,$DW26,$CY$4:$CY$23,EE$10,$CZ$4:$CZ$23,$DU$6)),"") -> 0 | ... EI26: =IFERROR(IF($DU$6="ALL",SUMIFS($CN$4:$CN$23,$CE$4:$CE$23,"Active",$CW$4:$CW$23,$N$5,$CH$4:$CH$23,$DW26,$CY$4:$CY$23,EI$10), SUMIFS($CN$4:$CN$23,$CE$4:$CE$23,"Active",$CW$4:$CW$23,$N$5,$CH$4:$CH$23,$DW26,$CY$4:$CY$23,EI$10,$CZ$4:$CZ$23,$DU$6)),"") -> 0 | EK26: BROKER LIST | EL26: TOTAL SALES | EM26: RANK | EN26: INDEX | EO26: BROKER LIST SORTED | EP26: TOTAL SALES SORTED
